Workbook
Name _List_Sector: #REF!
Name _Par_Gebäude_Abschreibungsdauer: #REF!
Name _Par_Gebäude_AußenwändeKorrekturfaktor: #REF!
Name _Par_Gebäude_Bilanzverfahren_Auswahl: #REF!
Name _Par_Gebäude_Bilanzverfahren_Liste: #REF!
Name _Par_Gebäude_Bilanzverfahren_Liste: #REF!
Name _Par_Gebäude_Bilanzverfahren_Liste: #REF!
Name _Par_Gebäude_Brennstoff_Liste_Referenz: #REF!
Name _Par_Gebäude_Brennstoff_Liste_Referenz: #REF!
Name _Par_Gebäude_Brennstoff_Liste_Referenz: #REF!
Name _Par_Gebäude_Brennstoff_Liste_Sanierung: #REF!
Name _Par_Gebäude_Brennstoff_Liste_Sanierung: #REF!
Name _Par_Gebäude_Brennstoff_Liste_Sanierung: #REF!
Name _Par_Gebäude_CO2Bepreisung: #REF!
Name _Par_Gebäude_CO2Preispfad: #REF!
Name _Par_Gebäude_Diskontsatz: #REF!
Name _Par_Gebäude_Emissionsbilanzierung: #REF!
Name _Par_Gebäude_Heizgrenztemperatur: #REF!
Name _Par_Gebäude_Heizlast: #REF!
Name _Par_Gebäude_Himmelsrichtungen: #REF!
Name _Par_Gebäude_Klimadatensatz_Auswahl: #REF!
Name _Par_Gebäude_Klimadatensatz_Liste: #REF!
Name _Par_Gebäude_Klimadatensatz_Liste: #REF!
Name _Par_Gebäude_Klimadatensatz_Liste: #REF!
Name _Par_Gebäude_OMDummy: #REF!
Name _Par_Gebäude_Sanierung_Fenster_Fenstergröße: #REF!
Name _Par_Gebäude_Sanierung_Fenster_Rahmenart: #REF!
Name _Par_Gebäude_Sanierung_Fenster_Rahmenart: #REF!
Name _Par_Gebäude_Sanierung_Fenster_Rahmenart: #REF!
Name _Par_Gebäude_Umweltkosten: #REF!
Name _Par_Gebude_Sanierung_Heiztechnologien_Liste: #REF!
Name _Par_Gebude_Sanierung_Heiztechnologien_Liste: #REF!
Name _Par_Gebude_Sanierung_Heiztechnologien_Liste: #REF!
Name _Par_Strom_Brennstoff_Liste: #REF!
Name _Par_Strom_Brennstoff_Liste: #REF!
Name _Par_Strom_Brennstoff_Liste: #REF!
Name _Par_Strom_CO2Preis: #REF!
Name _Par_Strom_Emissionsbilanzierung: #REF!
Name _Par_Strom_ETSGrenzwert: #REF!
Name _Par_Strom_Kapitalkosten: #REF!
Name _Par_Strom_Standort: #REF!
Name _Par_Strom_Startjahr: #REF!
Name _Par_Strom_Umweltkosten: #REF!
Name AbsCh1: #REF!
Name AbsCh11: #REF!
Name Action_Status: #REF!
Name ActionStatus: #REF!
Name AdaptationSectors: #REF!
Name AdaptationType: #REF!
Name AdaptChangeLevel: #REF!
Name AdaptIntensity: #REF!
Name AdaptIntensityRisks: #REF!
Name AdaptSectors: #REF!
Name AdaptSerioussness: #REF!
Name AdaptType: #REF!
Name Advanced_Refurbishment_InvestmentGemany2020_Floor: #REF!
Name Advanced_Refurbishment_InvestmentGemany2020_Roof: #REF!
Name Advanced_Refurbishment_InvestmentGemany2020_Wall: #REF!
Name Advanced_Refurbishment_InvestmentGemany2020_Window: #REF!
Name AnnualizedFactor_BiomassBoiler: #REF!

Sheet Cover
C9: Social Cost-Benefit Analysis Tool (Regio1st SCBA tool)
C11: REGIO1st Planning Framework
C12: Stage 5 - Performing a Cost-Benefit Analysis
C13: https://ieecp.org/projects/regio1st/
C15: Date of last update | F15: 45789
C16: Version number | F16: 1
C18: Prepared by | F18: IEECP - Institute for European Energy and Climate Policy
C19: Contact | F19: marco@ieecp.org
F21: Co-founded by the European Union under project n°101076088. Views and opinions expressed are however those of the
F22: author(s) only and do not necessarily reflect those of the European Union or CINEA. Neither the European Union nor the
F23: granting authority can be held responsible for them.

Sheet Instructions
C9: =Cover!C9 -> Social Cost-Benefit Analysis Tool (Regio1st SCBA tool)
C11: User instructions
C15: Guidance
C17: Objective
C19: The Social Cost-Benefit Analysis tool was developed to quantify the implementation of different types of policies promoting energy efficiency. The tool aims at understanding regional decision processes and at validating the framework to customize it for further replication in other EU regions. Additionally, the SCBA tool aims to help the regions structure their regional decision-making processes in a way that leads to informed decisions where the EE1st principle is considered.
C21: Description
C23: This tool (Social Cost-Benefit Analysis) is a structured tool designed to quantify social impacts that might not be considered when quantifying multiple impacts resulting from the implementation of different policies. The tool aids regions and their planners to select the most optimal policy option considering not only economic factors, but social ones too. It provides a simplified way for regions and planners to consider all the multiple impacts that might arise when implementing policies promoting energy efficiency. This tool allows the comparison between an original CBA, where only economic factors are considered, and a social CBA, where also other social factors are considered.
C24: Scenario Description
C25: Baseline Scenario | D25: The baseline scenario compares the installation of higher energy efficient gas boilers to the current one used by most of the population (which of course could be other fuels for heating, such as biomass individual boilers or district heating with various sources). Essentially, this scenario explores what investing in fossil fuels would result in.
C26: Scenario 1 - Deep renovation | D26: Scenario1 – Deep renovation analyses a situation in which the available regional budgets are devoted to the energy investments on the supply side for both space heating and cooling purposes and upgrading existing building envelopes including window frames, doors, walls, roof, and floor area of the buildings with more energy efficient ones.
C27: Scenario 1 - Medium renovation | D27: Scenario 1 – Medium renovation analyses a situation similar to the one previously described. However, in this case smaller retrofit investments are considered which result in a smaller general energy efficiency improvement of the building.
C28: Scenario 2 - Heat pump implementation | D28: Scenario 2 refers solely to heating and cooling system substitution and assumed that the available regional budgets for the development and expansion of the supply side energy investments would be used to install heat pumps in the residential buildings
C29: Scenario 3 - Deep renovation | D29: This scenario analyses a situation in which the available budget for the supply side energy investments would be employed to promote zero-energy buildings (ZEBs) by combining a set of different investments. Namely, thermally insulating the exterior masonry, improving the cavity wall and solid insulation on wall/roof insulation and floor, façade, replacing existing window frames with more energy efficient ones, installing heat pumps in residential buildings, and installations of the photovoltaic solar panels
C30: Scenario 3 - Medium renovation | D30: In this case smaller renovation investments are considered which result in a smaller general energy efficiency improvement of the building. Nonetheless, an implementation of heat pumps and photovoltaics is foreseen.
C32: Methodology
C34: In order to provide comparisons between a CBA and SCBA, planners need to:
C35: 1. Identify system boundaries, in this case being fuel prices, energy consumptions, efficiency of different fuel technologies
C36: 2. Establish different scenarios
C37: 3. Identify and quantify externalities
C38: 4. Compare the different indicators per scenario, being NPV, IRR, B/C
C40: How do I use this tool?
C42: As a general rule, all cells indicated in orange need to be filled in.
C43: The first step will be to fill in the sheets where the electiricity, gas prices, and other fuel prices are indicated | D43: The electricity and gas prices are taken from Eurostat. Nonetheless, in case the user wants to change these or found more udpates figures, these can be freely modified, as with any component of the tool.
C44: The second step will be to fill in all the orange cells in the Scenario 0 sheets | D44: This includes the budget, the energy consumption, the efficiencies of different fuel technologies, and the share of households that use a certain type of fuel
C45: Lastly, the user is required to fill in any other orange cells that might be seen in the other sheets | D45: Please note, the externality values were gathered from literature, nonetheless the user is free to change these as well if deemed needed.
C46: Finally, the user will be able to see all the different scenarios compared in the "Conclusions" Sheet
C49: Scientific base
C51: The CBA aims to examine the social profitability of the examined energy efficiency projects, justifying the potential utilization of specific financial schemes (such as subsidies) in relation with the results of the financial analysis. The conduction of the financial analysis and the social CBA leads to the calculation of two different indicators, namely the financial Net Present Value (NPV) (or the financial Internal Rate of Return (IRR)) and the social NPV (or the social IRR respectively). Another considered metric is the Benefit-to-Cost Ratio (B/C Ratio).
C59: Potential result of calculations | D59: Financial NPV | E59: Social NPV | F59: Conclusions | G59: Next steps
C60: 1st | D60: ≥ 0 | E60: ≥ 0 | F60: Economically and socially beneficial to invest/implement projects/interventions. | G60: Promoting these types of investments/interventions
C61: 2nd | D61: ≤ 0 | E61: ≥ 0 | F61: Economically is not beneficial. However, socially is important to invest/implement the project/intervention. | G61: Providing financial supports, e.g., subsidies, increasing municipality’s equity share in the investment
C62: 3rd | D62: ≥ 0 | E62: ≤ 0 | F62: Economically is beneficial to invest on a project and not socially beneficial. | G62: Penalty for the investors and imposing the incentives that distribute the economic benefits among different groups, such as tax.
C63: 4th | D63: ≤ 0 | E63: ≤ 0 | F63: Economically and socially is not beneficial. | G63: Stop the investments/interventions

Sheet Energy prices
C2: Fuel prices
C5: Price with tax and levies | D5: Net price
B6: Electricity (E/MWh) | C6: 240 | D6: 212
B7: Petroleum | C7: 110
B8: Natural gas | C8: 114 | D8: 94
B9: Solar thermal
B10: Biomass | C10: 17
B11: Ambient heat | C11: 0
B12: District heating
B13: Other

Sheet Sc0-CBA
C1: Baseline Scenario - Cost-Benefit Analysis
B6: Instructions: | C6: all cells indicated in orange need to be filled in.
B9: Available budget for Natural Gas network expansion | C9: 680000000 | D9: € | F9: Year | G9: Cost | H9: Benefit | I9: Fuel cost | J9: Fuel benefit | K9: Investment cost | L9: Remaining value | M9: Net cash flow
B10: Unitary investment cost | C10: 2000 | D10: € | F10: 0 | K10: =C9-C12*C13 -> 680000000 | M10: =(H10+J10+L10)-(G10+I10+K10) -> -680000000
B11: Unitary investment cost with subsidy | C11: =C10*(1-C47) -> 2000 | D11: € | F11: 1 | G11: =$C$29 -> 0 | H11: =$C$28 -> 0 | I11: =$C$33*$C$38*$C$13 -> 125870448 | J11: =$C$15*$C$26*$C$13*$H$33+$C$15*$C$27*$C$13*$H$34+$C$15*$C$25*$C$13*$H$35+$C$15*$C$32*$C$13*$H$36 -> 169266416 | M11: =(H11+J11+L11)-(G11+I11+K11) -> 43395968
B12: Avoided cost from natural gas boiler | C12: 0 | D12: € | F12: 2 | G12: =$C$29 -> 0 | H12: =$C$28 -> 0 | I12: =$C$33*$C$38*$C$13 -> 125870448 | J12: =$C$15*$C$26*$C$13*$H$33+$C$15*$C$27*$C$13*$H$34+$C$15*$C$25*$C$13*$H$35+$C$15*$C$32*$C$13*$H$36 -> 169266416 | M12: =(H12+J12+L12)-(G12+I12+K12) -> 43395968
B13: Number of influenced households | C13: =C9/C11 -> 340000 | D13: nr of households | F13: 3 | G13: =$C$29 -> 0 | H13: =$C$28 -> 0 | I13: =$C$33*C50*$C$13 -> 1.2662567e+08 | J13: =$C$15*C50*$C$13*$H$33+$C$15*C54*$C$13*$H$34+$C$15*$C$25*$C$13*$H$35+$C$15*$C$32*$C$13*$H$36 -> 1.6996429e+08 | M13: =(H13+J13+L13)-(G13+I13+K13) -> 43338623
B14: Unitary energy consumption for space cooling | C14: 104 | D14: kWh | F14: 4 | G14: =$C$29 -> 0 | H14: =$C$28 -> 0 | I14: =$C$33*C51*$C$13 -> 1.3104218e+08 | J14: =$C$15*C51*$C$13*$H$33+$C$15*C55*$C$13*$H$34+$C$15*$C$25*$C$13*$H$35+$C$15*$C$32*$C$13*$H$36 -> 1.7400499e+08 | M14: =(H14+J14+L14)-(G14+I14+K14) -> 42962812
B15: Unitary energy consumption for space heating | C15: 4070 | D15: kWh | F15: 5 | G15: =$C$29 -> 0 | H15: =$C$28 -> 0 | I15: =$C$33*C52*$C$13 -> 1.321463e+08 | J15: =$C$15*C52*$C$13*$H$33+$C$15*C56*$C$13*$H$34+$C$15*$C$25*$C$13*$H$35+$C$15*$C$32*$C$13*$H$36 -> 1.7494597e+08 | M15: =(H15+J15+L15)-(G15+I15+K15) -> 42799670
B16: Degree of efficiency of new natural gas boiler | C16: 0.95 | D16: % | F16: 6 | G16: =$C$29 -> 0 | H16: =$C$28 -> 0 | I16: =$C$33*$C$53*$C$13 -> 1.3325043e+08 | J16: =$C$15*$C$53*$C$13*$H$33+$C$15*$C$57*$C$13*$H$34+$C$15*$C$25*$C$13*$H$35+$C$15*$C$32*$C$13*$H$36 -> 1.7588696e+08 | M16: =(H16+J16+L16)-(G16+I16+K16) -> 42636527
B17: Degree of efficiency of existing natural gas boiler | C17: 0.85 | D17: % | F17: 7 | G17: =$C$29 -> 0 | H17: =$C$28 -> 0 | I17: =$C$33*$C$53*$C$13 -> 1.3325043e+08 | J17: =$C$15*$C$53*$C$13*$H$33+$C$15*$C$57*$C$13*$H$34+$C$15*$C$25*$C$13*$H$35+$C$15*$C$32*$C$13*$H$36 -> 1.7588696e+08 | M17: =(H17+J17+L17)-(G17+I17+K17) -> 42636527
B18: Unitary energy consumption after gas to gas changes | C18: =C15*C17/C16 -> 3641.5789 | D18: kWh | F18: 8 | G18: =$C$29 -> 0 | H18: =$C$28 -> 0 | I18: =$C$33*$C$53*$C$13 -> 1.3325043e+08 | J18: =$C$15*$C$53*$C$13*$H$33+$C$15*$C$57*$C$13*$H$34+$C$15*$C$25*$C$13*$H$35+$C$15*$C$32*$C$13*$H$36 -> 1.7588696e+08 | M18: =(H18+J18+L18)-(G18+I18+K18) -> 42636527
B19: Degree of efficiency of petroleum boiler | C19: 0.8 | D19: % | F19: 9 | G19: =$C$29 -> 0 | H19: =$C$28 -> 0 | I19: =$C$33*$C$53*$C$13 -> 1.3325043e+08 | J19: =$C$15*$C$53*$C$13*$H$33+$C$15*$C$57*$C$13*$H$34+$C$15*$C$25*$C$13*$H$35+$C$15*$C$32*$C$13*$H$36 -> 1.7588696e+08 | M19: =(H19+J19+L19)-(G19+I19+K19) -> 42636527
B20: Degree of efficiency of biomass boiler | C20: 0.3 | D20: % | F20: 10 | G20: =$C$29 -> 0 | H20: =$C$28 -> 0 | I20: =$C$33*$C$53*$C$13 -> 1.3325043e+08 | J20: =$C$15*$C$53*$C$13*$H$33+$C$15*$C$57*$C$13*$H$34+$C$15*$C$25*$C$13*$H$35+$C$15*$C$32*$C$13*$H$36 -> 1.7588696e+08 | M20: =(H20+J20+L20)-(G20+I20+K20) -> 42636527
B21: Degree of efficiency of electric boiler | C21: 1 | D21: % | F21: 11 | G21: =$C$29 -> 0 | H21: =$C$28 -> 0 | I21: =$C$33*$C$53*$C$13 -> 1.3325043e+08 | J21: =$C$15*$C$53*$C$13*$H$33+$C$15*$C$57*$C$13*$H$34+$C$15*$C$25*$C$13*$H$35+$C$15*$C$32*$C$13*$H$36 -> 1.7588696e+08 | M21: =(H21+J21+L21)-(G21+I21+K21) -> 42636527
B22: Unitary energy consumption after petroleum to gas changes | C22: =C15*C19/C16 -> 3427.3684 | D22: kWh | F22: 12 | G22: =$C$29 -> 0 | H22: =$C$28 -> 0 | I22: =$C$33*$C$53*$C$13 -> 1.3325043e+08 | J22: =$C$15*$C$53*$C$13*$H$33+$C$15*$C$57*$C$13*$H$34+$C$15*$C$25*$C$13*$H$35+$C$15*$C$32*$C$13*$H$36 -> 1.7588696e+08 | M22: =(H22+J22+L22)-(G22+I22+K22) -> 42636527
B23: Unitary energy consumption after biomass to gas changes | C23: =C15*C20/C16 -> 1285.2632 | D23: kWh | F23: 13 | G23: =$C$29 -> 0 | H23: =$C$28 -> 0 | I23: =$C$33*$C$53*$C$13 -> 1.3325043e+08 | J23: =$C$15*$C$53*$C$13*$H$33+$C$15*$C$57*$C$13*$H$34+$C$15*$C$25*$C$13*$H$35+$C$15*$C$32*$C$13*$H$36 -> 1.7588696e+08 | M23: =(H23+J23+L23)-(G23+I23+K23) -> 42636527
B24: Unitary energy consumption after electricity to gas changes | C24: =C15*C21/C16 -> 4284.2105 | D24: kWh | F24: 14 | G24: =$C$29 -> 0 | H24: =$C$28 -> 0 | I24: =$C$33*$C$53*$C$13 -> 1.3325043e+08 | J24: =$C$15*$C$53*$C$13*$H$33+$C$15*$C$57*$C$13*$H$34+$C$15*$C$25*$C$13*$H$35+$C$15*$C$32*$C$13*$H$36 -> 1.7588696e+08 | M24: =(H24+J24+L24)-(G24+I24+K24) -> 42636527
B25: Electricity price | C25: ='Energy prices'!$C$6/1000 -> 0.24 | D25: €/kWh | F25: 15 | G25: =$C$29 -> 0 | H25: =$C$28 -> 0 | I25: =$C$33*$C$53*$C$13 -> 1.3325043e+08 | J25: =$C$15*$C$53*$C$13*$H$33+$C$15*$C$57*$C$13*$H$34+$C$15*$C$25*$C$13*$H$35+$C$15*$C$32*$C$13*$H$36 -> 1.7588696e+08 | M25: =(H25+J25+L25)-(G25+I25+K25) -> 42636527
B26: Natural gas price | C26: ='Energy prices'!C8/1000 -> 0.114 | D26: €/kWh | F26: Total | G26: =NPV($C$31,G11:G25)+G10 -> 0 | H26: =NPV($C$31,H11:H25)+H10 -> 0 | I26: =NPV($C$31,I11:I25)+I10 -> 1.5676366e+09 | J26: =NPV($C$31,J11:J25)+J10 -> 2.079155e+09 | K26: =NPV($C$31,K11:K25)+K10 -> 680000000 | L26: =NPV($C$31,L11:L25)+L10 -> 0 | M26: =NPV($C$31,M11:M25)+M10 -> -1.684816e+08
B27: Petroleum price | C27: ='Energy prices'!C7/1000 -> 0.11 | D27: €/kWh
B28: Cost of operation and maintenance - Baseline scenario | C28: 0 | D28: €
B29: Cost of operation and maintenance - Alternative scenario | C29: 0 | D29: €
B30: Remaining value | C30: 0.1 | D30: % investment cost
B31: Discount rate | C31: 0.03 | D31: %
B32: Biomass price | C32: ='Energy prices'!C10/1000 -> 0.017 | D32: €/kWh | G32: Fuel share per households in the region
B33: Final average energy consumption after interventions | C33: =C18*H33+C22*H34+C24*H35+C23*H36 -> 3247.4316 | D33: kWh | G33: Natural gas | H33: 0.48
B34: % of energy savings in space cooling | C34: 0 | D34: % | G34: Petroleum derivatives | H34: 0.2
B35: % of energy savings in space heating | C35: =((C33-C15)/C15)*-1 -> 0.20210526 | D35: % | G35: Electricity | H35: 0.19
B36: Unitary energy savings in space cooling | C36: =C14*C34 -> 0 | D36: kWh | G36: Biomass | H36: 0
B37: Unitary energy savings in space heating | C37: =C15*C35 -> 822.56842 | D37: kWh | G37: Other | H37: 0.12
B38: Natural gas price | C38: ='Energy prices'!C8/1000 -> 0.114 | D38: €/kWh | G38: Total | H38: =SUM(H33:H37) -> 0.99
G40: Tot consumption | H40: =C15*100/67 -> 6074.6269
G41: Cooling (1% of total) | H41: =H40/100*2 -> 121.49254
B43: NPV | C43: =NPV(C31,M11:M25)+M10 -> -1.684816e+08
B44: IRR | C44: =IRR(M10:M25) -> -0.0070746154 | G44: Electricity price | H44: 0.24005
B45: B/C | C45: =(H26+J26+L26)/(G26+I26+K26) -> 0.92504055 | G45: Natural gas price | H45: 0.11395
G46: Petroleum price | H46: 0.11
B47: Subsidy | C47: 0 | D47: % | G47: Biomass price | H47: 0.017
B49: With ETS2 price increase | C49: 1 | D49: (Y=1, N=0)
B50: NG price ETS2 Year 3 | C50: =IF(C49=1,C38*(1+D50),C38) -> 0.114684 | D50: 0.006
B51: NG price ETS2 Year 4 | C51: =IF(C49=1,C50+D51,C38) -> 0.118684 | D51: 0.004
B52: NG price ETS2 Year 5 | C52: =IF(C49=1,C51+D52,C38) -> 0.119684 | D52: 0.001
B53: NG price ETS2 Year 6 | C53: =IF(C49=1,C52+D53,C38) -> 0.120684 | D53: 0.001
B54: Petroleum price ETS 2 Year 3 | C54: =IF(C49=1,C27*(1+D54),C27) -> 0.11088 | D54: 0.008
B55: Petroleum price ETS 2 Year 4 | C55: =IF($C$49=1,C54+D55,C27) -> 0.11588 | D55: 0.005
B56: Petroleum price ETS 2 Year 5 | C56: =IF($C$49=1,C55+D56,C27) -> 0.11688 | D56: 0.001
B57: Petroleum price ETS 2 Year 6 | C57: =IF($C$49=1,C56+D57,C27) -> 0.11788 | D57: 0.001

Sheet Sc0-SCBA
C1: Baseline Scenario - Social Cost-Benefit Analysis
B6: Instructions: | C6: all cells indicated in orange need to be filled in.
B9: Available budget for Natural Gas network expansion | C9: ='Sc0-CBA'!C9 -> 680000000 | D9: € | F9: Year | G9: Cost | H9: Benefit | I9: Fuel cost | J9: Fuel benefit | K9: External cost | L9: External benefit | M9: Investment cost | N9: Remaining value | O9: Net cash flow
B10: Unitary investment cost | C10: ='Sc0-CBA'!C10 -> 2000 | D10: € | F10: 0 | L10: =IF(C45=1,C70,0) -> 0 | M10: =(C9-C11*C12)/(1+C83) -> 5.6198347e+08 | O10: =(H10+J10+L10+N10)-(G10+I10+K10+M10) -> -5.6198347e+08
B11: Avoided cost from natural gas boilers | C11: 0 | D11: € | F11: 1 | G11: =$C$28 -> 0 | H11: =$C$28 -> 0 | I11: =$C$32*$C$33*$C$12 -> 1.0378791e+08 | J11: =$C$14*$C$25*$C$12*$H$33+$C$14*$C$26*$C$12*$H$34+$C$14*$C$24*$C$12*$H$35+$C$14*$C$31*$C$12*$H$36 -> 148620120 | K11: =$C$32*$C$55/1000*$C$12 -> 35552881 | L11: =$C$14*$C$63/1000*$C$12*$H$33+$C$14*$C$52/1000*$C$12*$H$34+$C$14*$C$62/1000*$C$12*$H$35+$C$14*$C$61/1000*$C$12*$H$36+(J11-I11)*$C$81*$C$80 -> 65893730 | O11: =(H11+J11+L11+N11)-(G11+I11+K11+M11) -> 75173056
B12: Number of affected households | C12: ='Sc0-CBA'!C13 -> 340000 | D12: number | F12: 2 | G12: =$C$28 -> 0 | H12: =$C$28 -> 0 | I12: =$C$32*$C$33*$C$12 -> 1.0378791e+08 | J12: =$C$14*$C$25*$C$12*$H$33+$C$14*$C$26*$C$12*$H$34+$C$14*$C$24*$C$12*$H$35+$C$14*$C$31*$C$12*$H$36 -> 148620120 | K12: =$C$32*$C$55/1000*$C$12 -> 35552881 | L12: =$C$14*$C$63/1000*$C$12*$H$33+$C$14*$C$52/1000*$C$12*$H$34+$C$14*$C$62/1000*$C$12*$H$35+$C$14*$C$61/1000*$C$12*$H$36+(J12-I12)*$C$81*$C$80 -> 65893730 | O12: =(H12+J12+L12+N12)-(G12+I12+K12+M12) -> 75173056
B13: Unitary energy consumption for space cooling | C13: ='Sc0-CBA'!C14 -> 104 | D13: kWh | F13: 3 | G13: =$C$28 -> 0 | H13: =$C$28 -> 0 | I13: =$C$32*$C$33*$C$12 -> 1.0378791e+08 | J13: =$C$14*$C$25*$C$12*$H$33+$C$14*$C$26*$C$12*$H$34+$C$14*$C$24*$C$12*$H$35+$C$14*$C$31*$C$12*$H$36 -> 148620120 | K13: =$C$32*$C$55/1000*$C$12 -> 35552881 | L13: =$C$14*$C$63/1000*$C$12*$H$33+$C$14*$C$52/1000*$C$12*$H$34+$C$14*$C$62/1000*$C$12*$H$35+$C$14*$C$61/1000*$C$12*$H$36+(J13-I13)*$C$81*$C$80 -> 65893730 | O13: =(H13+J13+L13+N13)-(G13+I13+K13+M13) -> 75173056
B14: Unitary energy consumption for space heating | C14: ='Sc0-CBA'!C15 -> 4070 | D14: kWh | F14: 4 | G14: =$C$28 -> 0 | H14: =$C$28 -> 0 | I14: =$C$32*$C$33*$C$12 -> 1.0378791e+08 | J14: =$C$14*$C$25*$C$12*$H$33+$C$14*$C$26*$C$12*$H$34+$C$14*$C$24*$C$12*$H$35+$C$14*$C$31*$C$12*$H$36 -> 148620120 | K14: =$C$32*$C$55/1000*$C$12 -> 35552881 | L14: =$C$14*$C$63/1000*$C$12*$H$33+$C$14*$C$52/1000*$C$12*$H$34+$C$14*$C$62/1000*$C$12*$H$35+$C$14*$C$61/1000*$C$12*$H$36+(J14-I14)*$C$81*$C$80 -> 65893730 | O14: =(H14+J14+L14+N14)-(G14+I14+K14+M14) -> 75173056
B15: Degree of efficiency of new natural gas boiler | C15: ='Sc0-CBA'!C16 -> 0.95 | D15: % | F15: 5 | G15: =$C$28 -> 0 | H15: =$C$28 -> 0 | I15: =$C$32*$C$33*$C$12 -> 1.0378791e+08 | J15: =$C$14*$C$25*$C$12*$H$33+$C$14*$C$26*$C$12*$H$34+$C$14*$C$24*$C$12*$H$35+$C$14*$C$31*$C$12*$H$36 -> 148620120 | K15: =$C$32*$C$55/1000*$C$12 -> 35552881 | L15: =$C$14*$C$63/1000*$C$12*$H$33+$C$14*$C$52/1000*$C$12*$H$34+$C$14*$C$62/1000*$C$12*$H$35+$C$14*$C$61/1000*$C$12*$H$36+(J15-I15)*$C$81*$C$80 -> 65893730 | O15: =(H15+J15+L15+N15)-(G15+I15+K15+M15) -> 75173056
B16: ='Sc0-CBA'!B17 -> Degree of efficiency of existing natural gas boiler | C16: ='Sc0-CBA'!C17 -> 0.85 | D16: % | F16: 6 | G16: =$C$28 -> 0 | H16: =$C$28 -> 0 | I16: =$C$32*$C$33*$C$12 -> 1.0378791e+08 | J16: =$C$14*$C$25*$C$12*$H$33+$C$14*$C$26*$C$12*$H$34+$C$14*$C$24*$C$12*$H$35+$C$14*$C$31*$C$12*$H$36 -> 148620120 | K16: =$C$32*$C$55/1000*$C$12 -> 35552881 | L16: =$C$14*$C$63/1000*$C$12*$H$33+$C$14*$C$52/1000*$C$12*$H$34+$C$14*$C$62/1000*$C$12*$H$35+$C$14*$C$61/1000*$C$12*$H$36+(J16-I16)*$C$81*$C$80 -> 65893730 | O16: =(H16+J16+L16+N16)-(G16+I16+K16+M16) -> 75173056
B17: Unitary energy consumption after gas to gas changes | C17: =C14*C16/C15 -> 3641.5789 | D17: kWh | F17: 7 | G17: =$C$28 -> 0 | H17: =$C$28 -> 0 | I17: =$C$32*$C$33*$C$12 -> 1.0378791e+08 | J17: =$C$14*$C$25*$C$12*$H$33+$C$14*$C$26*$C$12*$H$34+$C$14*$C$24*$C$12*$H$35+$C$14*$C$31*$C$12*$H$36 -> 148620120 | K17: =$C$32*$C$55/1000*$C$12 -> 35552881 | L17: =$C$14*$C$63/1000*$C$12*$H$33+$C$14*$C$52/1000*$C$12*$H$34+$C$14*$C$62/1000*$C$12*$H$35+$C$14*$C$61/1000*$C$12*$H$36+(J17-I17)*$C$81*$C$80 -> 65893730 | O17: =(H17+J17+L17+N17)-(G17+I17+K17+M17) -> 75173056
B18: ='Sc0-CBA'!B19 -> Degree of efficiency of petroleum boiler | C18: ='Sc0-CBA'!C19 -> 0.8 | D18: % | F18: 8 | G18: =$C$28 -> 0 | H18: =$C$28 -> 0 | I18: =$C$32*$C$33*$C$12 -> 1.0378791e+08 | J18: =$C$14*$C$25*$C$12*$H$33+$C$14*$C$26*$C$12*$H$34+$C$14*$C$24*$C$12*$H$35+$C$14*$C$31*$C$12*$H$36 -> 148620120 | K18: =$C$32*$C$55/1000*$C$12 -> 35552881 | L18: =$C$14*$C$63/1000*$C$12*$H$33+$C$14*$C$52/1000*$C$12*$H$34+$C$14*$C$62/1000*$C$12*$H$35+$C$14*$C$61/1000*$C$12*$H$36+(J18-I18)*$C$81*$C$80 -> 65893730 | O18: =(H18+J18+L18+N18)-(G18+I18+K18+M18) -> 75173056
B19: Degree of efficiency of biomass boiler | C19: ='Sc0-CBA'!C20 -> 0.3 | D19: % | F19: 9 | G19: =$C$28 -> 0 | H19: =$C$28 -> 0 | I19: =$C$32*$C$33*$C$12 -> 1.0378791e+08 | J19: =$C$14*$C$25*$C$12*$H$33+$C$14*$C$26*$C$12*$H$34+$C$14*$C$24*$C$12*$H$35+$C$14*$C$31*$C$12*$H$36 -> 148620120 | K19: =$C$32*$C$55/1000*$C$12 -> 35552881 | L19: =$C$14*$C$63/1000*$C$12*$H$33+$C$14*$C$52/1000*$C$12*$H$34+$C$14*$C$62/1000*$C$12*$H$35+$C$14*$C$61/1000*$C$12*$H$36+(J19-I19)*$C$81*$C$80 -> 65893730 | O19: =(H19+J19+L19+N19)-(G19+I19+K19+M19) -> 75173056
B20: ='Sc0-CBA'!B21 -> Degree of efficiency of electric boiler | C20: ='Sc0-CBA'!C21 -> 1 | D20: % | F20: 10 | G20: =$C$28 -> 0 | H20: =$C$28 -> 0 | I20: =$C$32*$C$33*$C$12 -> 1.0378791e+08 | J20: =$C$14*$C$25*$C$12*$H$33+$C$14*$C$26*$C$12*$H$34+$C$14*$C$24*$C$12*$H$35+$C$14*$C$31*$C$12*$H$36 -> 148620120 | K20: =$C$32*$C$55/1000*$C$12 -> 35552881 | L20: =$C$14*$C$63/1000*$C$12*$H$33+$C$14*$C$52/1000*$C$12*$H$34+$C$14*$C$62/1000*$C$12*$H$35+$C$14*$C$61/1000*$C$12*$H$36+(J20-I20)*$C$81*$C$80 -> 65893730 | O20: =(H20+J20+L20+N20)-(G20+I20+K20+M20) -> 75173056
B21: ='Sc0-CBA'!B22 -> Unitary energy consumption after petroleum to gas changes | C21: =C14*C18/C15 -> 3427.3684 | D21: kWh | F21: 11 | G21: =$C$28 -> 0 | H21: =$C$28 -> 0 | I21: =$C$32*$C$33*$C$12 -> 1.0378791e+08 | J21: =$C$14*$C$25*$C$12*$H$33+$C$14*$C$26*$C$12*$H$34+$C$14*$C$24*$C$12*$H$35+$C$14*$C$31*$C$12*$H$36 -> 148620120 | K21: =$C$32*$C$55/1000*$C$12 -> 35552881 | L21: =$C$14*$C$63/1000*$C$12*$H$33+$C$14*$C$52/1000*$C$12*$H$34+$C$14*$C$62/1000*$C$12*$H$35+$C$14*$C$61/1000*$C$12*$H$36+(J21-I21)*$C$81*$C$80 -> 65893730 | O21: =(H21+J21+L21+N21)-(G21+I21+K21+M21) -> 75173056
B22: Unitary energy consumption after biomass to gas changes | C22: =C14*C19/C15 -> 1285.2632 | D22: kWh | F22: 12 | G22: =$C$28 -> 0 | H22: =$C$28 -> 0 | I22: =$C$32*$C$33*$C$12 -> 1.0378791e+08 | J22: =$C$14*$C$25*$C$12*$H$33+$C$14*$C$26*$C$12*$H$34+$C$14*$C$24*$C$12*$H$35+$C$14*$C$31*$C$12*$H$36 -> 148620120 | K22: =$C$32*$C$55/1000*$C$12 -> 35552881 | L22: =$C$14*$C$63/1000*$C$12*$H$33+$C$14*$C$52/1000*$C$12*$H$34+$C$14*$C$62/1000*$C$12*$H$35+$C$14*$C$61/1000*$C$12*$H$36+(J22-I22)*$C$81*$C$80 -> 65893730 | O22: =(H22+J22+L22+N22)-(G22+I22+K22+M22) -> 75173056
B23: ='Sc0-CBA'!B24 -> Unitary energy consumption after electricity to gas changes | C23: ='Sc0-CBA'!C24 -> 4284.2105 | F23: 13 | G23: =$C$28 -> 0 | H23: =$C$28 -> 0 | I23: =$C$32*$C$33*$C$12 -> 1.0378791e+08 | J23: =$C$14*$C$25*$C$12*$H$33+$C$14*$C$26*$C$12*$H$34+$C$14*$C$24*$C$12*$H$35+$C$14*$C$31*$C$12*$H$36 -> 148620120 | K23: =$C$32*$C$55/1000*$C$12 -> 35552881 | L23: =$C$14*$C$63/1000*$C$12*$H$33+$C$14*$C$52/1000*$C$12*$H$34+$C$14*$C$62/1000*$C$12*$H$35+$C$14*$C$61/1000*$C$12*$H$36+(J23-I23)*$C$81*$C$80 -> 65893730 | O23: =(H23+J23+L23+N23)-(G23+I23+K23+M23) -> 75173056
B24: Electricity price | C24: ='Energy prices'!$D$6/1000 -> 0.212 | D24: €/kWh | F24: 14 | G24: =$C$28 -> 0 | H24: =$C$28 -> 0 | I24: =$C$32*$C$33*$C$12 -> 1.0378791e+08 | J24: =$C$14*$C$25*$C$12*$H$33+$C$14*$C$26*$C$12*$H$34+$C$14*$C$24*$C$12*$H$35+$C$14*$C$31*$C$12*$H$36 -> 148620120 | K24: =$C$32*$C$55/1000*$C$12 -> 35552881 | L24: =$C$14*$C$63/1000*$C$12*$H$33+$C$14*$C$52/1000*$C$12*$H$34+$C$14*$C$62/1000*$C$12*$H$35+$C$14*$C$61/1000*$C$12*$H$36+(J24-I24)*$C$81*$C$80 -> 65893730 | O24: =(H24+J24+L24+N24)-(G24+I24+K24+M24) -> 75173056
B25: ='Sc0-CBA'!B26 -> Natural gas price | C25: ='Energy prices'!D8/1000 -> 0.094 | D25: €/kWh | F25: 15 | G25: =$C$28 -> 0 | H25: =$C$28 -> 0 | I25: =$C$32*$C$33*$C$12 -> 1.0378791e+08 | J25: =$C$14*$C$25*$C$12*$H$33+$C$14*$C$26*$C$12*$H$34+$C$14*$C$24*$C$12*$H$35+$C$14*$C$31*$C$12*$H$36 -> 148620120 | K25: =$C$32*$C$55/1000*$C$12 -> 35552881 | L25: =$C$14*$C$63/1000*$C$12*$H$33+$C$14*$C$52/1000*$C$12*$H$34+$C$14*$C$62/1000*$C$12*$H$35+$C$14*$C$61/1000*$C$12*$H$36+(J25-I25)*$C$81*$C$80 -> 65893730 | O25: =(H25+J25+L25+N25)-(G25+I25+K25+M25) -> 75173056
B26: ='Sc0-CBA'!B27 -> Petroleum price | C26: ='Energy prices'!C7/1000 -> 0.11 | D26: €/kWh | F26: Total | G26: =NPV($C$30,G11:G25)+G10 -> 0 | H26: =NPV($C$30,H11:H25)+H10 -> 0 | I26: =NPV($C$30,I11:I25)+I10 -> 1.2390134e+09 | J26: =NPV($C$30,J11:J25)+J10 -> 1.7742173e+09 | K26: =NPV($C$30,K11:K25)+K10 -> 4.2442798e+08 | L26: =NPV($C$30,L11:L25)+L10 -> 7.8663507e+08 | M26: =NPV($C$30,M11:M25)+M10 -> 5.6198347e+08 | N26: =NPV($C$30,N11:N25)+N10 -> 0 | O26: =NPV($C$30,O11:O25)+O10 -> 3.3542759e+08
B27: Cost of operation and maintenance - Baseline scenario | C27: 0 | D27: €
B28: Cost of operation and maintenance - Alternative scenario | C28: 0 | D28: €
B29: Remaining value | C29: 0.1 | D29: % of capital cost
B30: Discount rate | C30: 0.03 | D30: %
B31: Biomass price | C31: ='Energy prices'!C10/1000 -> 0.017 | D31: €/kWh
B32: Final average energy consumption after interventions | C32: =C17*H33+C21*H34+C23*H35+C22*H36 -> 3247.4316 | D32: kWh | G32: ='Sc0-CBA'!G32 -> Fuel share per households in the region
B33: Natural gas price | C33: ='Energy prices'!D8/1000 -> 0.094 | D33: €/kWh | G33: ='Sc0-CBA'!G33 -> Natural gas | H33: ='Sc0-CBA'!H33 -> 0.48
B34: % of energy savings in space cooling | C34: 0 | D34: % | G34: ='Sc0-CBA'!G34 -> Petroleum derivatives | H34: ='Sc0-CBA'!H34 -> 0.2
B35: % of energy savings in space heating | C35: =((C32-C14)/C14)*-1 -> 0.20210526 | D35: % | G35: Electricity | H35: ='Sc0-CBA'!H35 -> 0.19
B36: Energy savings in space cooling | C36: =C13*C34 -> 0 | D36: kWh | G36: Biomass | H36: ='Sc0-CBA'!H36 -> 0
B37: Energy savings in space heating | C37: =C14*C35 -> 822.56842 | D37: kWh | G37: Other | H37: ='Sc0-CBA'!H37 -> 0.12
G38: Total | H38: =SUM(H33:H37) -> 0.99
B41: NPV | C41: =NPV(C30,O11:O25)+O10 -> 3.3542759e+08
B42: IRR | C42: =IRR(O10:O25) -> 0.10304067
B43: B/C | C43: =(H26+L26+J26+N26)/(G26+I26+K26+M26) -> 1.1507252
B45: Building value integration | C45: 2 | D45: 1: yes, 2: no
B46: Employment method | C46: 2 | D46: 1: net, 2: gross
B47: Type of multiple benefits | C47: 1 | D47: 1-5 or 0
B49: Enviromental externalities
B50: Data | C50: external cost
C51: €/MWh
B52: Oil boiler-existing | C52: =externalities!D25 -> 51
B53: Oil boiler-new | C53: =externalities!D27 -> 43.4
B54: NG boiler-existing | C54: =externalities!D22 -> 36
B55: NG boiler-new | C55: =externalities!D24 -> 32.2
B56: HP-existing | C56: =externalities!D17 -> 36
B57: HP-new | C57: =externalities!D16 -> 21.8
B58: Electricity-current | C58: =externalities!D19 -> 48.5
B59: PV-new | C59: =externalities!D35 -> 24
B60: Solar-new | C60: =externalities!D31 -> 9.6
B61: Biomass | C61: =externalities!D34 -> 174
B62: Electric boiler | C62: =externalities!D18 -> 47
B63: District heating (lignite) | C63: =externalities!D36 -> 58
B65: Increase of building value
B66: Capitalization rate | C66: 0.03
B67: Total cost savings | C67: =C68+C69 -> 44832207 | D67: €
B68: Energy savings | C68: =J11-I11 -> 44832207 | D68: €
B69: O&M savings | C69: =H11-G11 -> 0 | D69: €
B70: Building value increase-total | C70: =IF(externalities!$C$12=1,C67/C66,0) -> 1.4944069e+09 | D70: €
B72: multiple benefits
B73: multiple benefits | C73: external cost
B74: Insulation + Windows + HVAC + Lighting | C74: 5
B75: Insulation + Windows | C75: 4
B76: Windows and/or HVAC and/or Lighting | C76: 3
B77: Insulation and/or HVAC and/or Lighting | C77: 2
B78: HVAC and/or Lighting | C78: 1
B80: Multiple benefits-Alternative | C80: =(IF(C47=1,0.2,IF(C47=2,0.4,IF(C47=3,0.6,IF(C47=4,0.8,IF(C47=5,1,0)))))) -> 0.2 | D80: multiplier-type
B81: Multiple benefits-Alternative | C81: 0.1 | D81: value
B83: VAT Rate | C83: 0.21

Sheet Sc1 Deep-CBA
C1: Scenario 1 - Deep Renovation Cost-Benefit Analysis
B6: Instructions: | C6: all cells indicated in orange need to be filled in.
B9: Available budget for Natural Gas network expansion | C9: ='Sc0-CBA'!C9 -> 680000000 | D9: € | F9: Year | G9: Cost | H9: Benefit | I9: Fuel cost | J9: Fuel benefit | K9: Investment cost | L9: Remaining value | M9: Net cash flow
B10: Unitary investment cost | C10: 17000 | D10: € | F10: 0 | K10: =C9-C12*C13 -> 680000000 | M10: =(H10+J10+L10)-(G10+I10+K10) -> -680000000
B11: Unitary investment cost with subsidy | C11: =C10*(1-C41) -> 17000 | D11: € | F11: 1 | G11: =$C$25 -> 0 | H11: =$C$24 -> 0 | I11: 0 | J11: =$C$18*$C$20*$C$13+($C$19*$C$21*$C$13*$C$34+$C$19*$C$22*$C$13*$C$35+$C$19*$C$20*$C$13*$C$36+$C$19*$C$23*$C$13*$C$37) -> 14429346 | M11: =(H11+J11+L11)-(G11+I11+K11) -> 14429346
B12: Avoided cost from natural gas boiler | C12: 0 | D12: € | F12: 2 | G12: =$C$25 -> 0 | H12: =$C$24 -> 0 | I12: 0 | J12: =$C$18*$C$20*$C$13+($C$19*$C$21*$C$13*$C$34+$C$19*$C$22*$C$13*$C$35+$C$19*$C$20*$C$13*$C$36+$C$19*$C$23*$C$13*$C$37) -> 14429346 | M12: =(H12+J12+L12)-(G12+I12+K12) -> 14429346
B13: Number of influenced households | C13: =C9/C11 -> 40000 | D13: number of households | F13: 3 | G13: =$C$25 -> 0 | H13: =$C$24 -> 0 | I13: 0 | J13: =$C$18*$C$20*$C$13+($C$19*C44*$C$13*$C$34+$C$19*C48*$C$13*$C$35+$C$19*$C$20*$C$13*$C$36+$C$19*$C$23*$C$13*$C$37) -> 14485998 | M13: =(H13+J13+L13)-(G13+I13+K13) -> 14485998
B14: Unitary energy consumption for space cooling | C14: ='Sc0-CBA'!C14 -> 104 | D14: kWh | F14: 4 | G14: =$C$25 -> 0 | H14: =$C$24 -> 0 | I14: 0 | J14: =$C$18*$C$20*$C$13+($C$19*C45*$C$13*$C$34+$C$19*C49*$C$13*$C$35+$C$19*$C$20*$C$13*$C$36+$C$19*$C$23*$C$13*$C$37) -> 14814007 | M14: =(H14+J14+L14)-(G14+I14+K14) -> 14814007
B15: Unitary energy consumption for space heating | C15: ='Sc0-CBA'!C15 -> 4070 | D15: kWh | F15: 5 | G15: =$C$25 -> 0 | H15: =$C$24 -> 0 | I15: 0 | J15: =$C$18*$C$20*$C$13+($C$19*C46*$C$13*$C$34+$C$19*C50*$C$13*$C$35+$C$19*$C$20*$C$13*$C$36+$C$19*$C$23*$C$13*$C$37) -> 14890393 | M15: =(H15+J15+L15)-(G15+I15+K15) -> 14890393
B16: % of energy savings in space cooling | C16: 0.69 | D16: % | F16: 6 | G16: =$C$25 -> 0 | H16: =$C$24 -> 0 | I16: 0 | J16: =$C$18*$C$20*$C$13+($C$19*$C$47*$C$13*$C$34+$C$19*$C$51*$C$13*$C$35+$C$19*$C$20*$C$13*$C$36+$C$19*$C$23*$C$13*$C$37) -> 14966778 | M16: =(H16+J16+L16)-(G16+I16+K16) -> 14966778
B17: % of energy savings in space heating | C17: 0.69 | D17: % | F17: 7 | G17: =$C$25 -> 0 | H17: =$C$24 -> 0 | I17: 0 | J17: =$C$18*$C$20*$C$13+($C$19*$C$47*$C$13*$C$34+$C$19*$C$51*$C$13*$C$35+$C$19*$C$20*$C$13*$C$36+$C$19*$C$23*$C$13*$C$37) -> 14966778 | M17: =(H17+J17+L17)-(G17+I17+K17) -> 14966778
B18: Energy savings in space cooling | C18: =C14*C16 -> 71.76 | D18: kWh | F18: 8 | G18: =$C$25 -> 0 | H18: =$C$24 -> 0 | I18: 0 | J18: =$C$18*$C$20*$C$13+($C$19*$C$47*$C$13*$C$34+$C$19*$C$51*$C$13*$C$35+$C$19*$C$20*$C$13*$C$36+$C$19*$C$23*$C$13*$C$37) -> 14966778 | M18: =(H18+J18+L18)-(G18+I18+K18) -> 14966778
B19: Energy savings in space heating | C19: =C15*C17 -> 2808.3 | D19: kWh | F19: 9 | G19: =$C$25 -> 0 | H19: =$C$24 -> 0 | I19: 0 | J19: =$C$18*$C$20*$C$13+($C$19*$C$47*$C$13*$C$34+$C$19*$C$51*$C$13*$C$35+$C$19*$C$20*$C$13*$C$36+$C$19*$C$23*$C$13*$C$37) -> 14966778 | M19: =(H19+J19+L19)-(G19+I19+K19) -> 14966778
B20: Electricity price | C20: ='Energy prices'!$C$6/1000 -> 0.24 | D20: €/kWh | F20: 10 | G20: =$C$25 -> 0 | H20: =$C$24 -> 0 | I20: 0 | J20: =$C$18*$C$20*$C$13+($C$19*$C$47*$C$13*$C$34+$C$19*$C$51*$C$13*$C$35+$C$19*$C$20*$C$13*$C$36+$C$19*$C$23*$C$13*$C$37) -> 14966778 | M20: =(H20+J20+L20)-(G20+I20+K20) -> 14966778
B21: ='Sc0-CBA'!B26 -> Natural gas price | C21: ='Sc0-CBA'!C26 -> 0.114 | D21: €/kWh | F21: 11 | G21: =$C$25 -> 0 | H21: =$C$24 -> 0 | I21: 0 | J21: =$C$18*$C$20*$C$13+($C$19*$C$47*$C$13*$C$34+$C$19*$C$51*$C$13*$C$35+$C$19*$C$20*$C$13*$C$36+$C$19*$C$23*$C$13*$C$37) -> 14966778 | M21: =(H21+J21+L21)-(G21+I21+K21) -> 14966778
B22: ='Sc0-CBA'!B27 -> Petroleum price | C22: ='Energy prices'!C7/1000 -> 0.11 | D22: €/kWh | F22: 12 | G22: =$C$25 -> 0 | H22: =$C$24 -> 0 | I22: 0 | J22: =$C$18*$C$20*$C$13+($C$19*$C$47*$C$13*$C$34+$C$19*$C$51*$C$13*$C$35+$C$19*$C$20*$C$13*$C$36+$C$19*$C$23*$C$13*$C$37) -> 14966778 | M22: =(H22+J22+L22)-(G22+I22+K22) -> 14966778
B23: Biomass price | C23: ='Energy prices'!C10/1000 -> 0.017 | D23: €/kWh | F23: 13 | G23: =$C$25 -> 0 | H23: =$C$24 -> 0 | I23: 0 | J23: =$C$18*$C$20*$C$13+($C$19*$C$47*$C$13*$C$34+$C$19*$C$51*$C$13*$C$35+$C$19*$C$20*$C$13*$C$36+$C$19*$C$23*$C$13*$C$37) -> 14966778 | M23: =(H23+J23+L23)-(G23+I23+K23) -> 14966778
B24: Cost of operation and maintenance - Baseline scenario | C24: 0 | D24: € | F24: 14 | G24: =$C$25 -> 0 | H24: =$C$24 -> 0 | I24: 0 | J24: =$C$18*$C$20*$C$13+($C$19*$C$47*$C$13*$C$34+$C$19*$C$51*$C$13*$C$35+$C$19*$C$20*$C$13*$C$36+$C$19*$C$23*$C$13*$C$37) -> 14966778 | M24: =(H24+J24+L24)-(G24+I24+K24) -> 14966778
B25: Cost of operation and maintenance - Alternative scenario | C25: 0 | D25: € | F25: 15 | G25: =$C$25 -> 0 | H25: =$C$24 -> 0 | I25: 0 | J25: =$C$18*$C$20*$C$13+($C$19*$C$47*$C$13*$C$34+$C$19*$C$51*$C$13*$C$35+$C$19*$C$20*$C$13*$C$36+$C$19*$C$23*$C$13*$C$37) -> 14966778 | M25: =(H25+J25+L25)-(G25+I25+K25) -> 14966778
B26: Remaining value | C26: 0.1 | D26: % of investment cost | F26: 16 | G26: =$C$25 -> 0 | H26: =$C$24 -> 0 | I26: 0 | J26: =$C$18*$C$20*$C$13+($C$19*$C$47*$C$13*$C$34+$C$19*$C$51*$C$13*$C$35+$C$19*$C$20*$C$13*$C$36+$C$19*$C$23*$C$13*$C$37) -> 14966778 | M26: =(H26+J26+L26)-(G26+I26+K26) -> 14966778
B27: Discount rate | C27: 0.03 | D27: % | F27: 17 | G27: =$C$25 -> 0 | H27: =$C$24 -> 0 | I27: 0 | J27: =$C$18*$C$20*$C$13+($C$19*$C$47*$C$13*$C$34+$C$19*$C$51*$C$13*$C$35+$C$19*$C$20*$C$13*$C$36+$C$19*$C$23*$C$13*$C$37) -> 14966778 | M27: =(H27+J27+L27)-(G27+I27+K27) -> 14966778
F28: 18 | G28: =$C$25 -> 0 | H28: =$C$24 -> 0 | I28: 0 | J28: =$C$18*$C$20*$C$13+($C$19*$C$47*$C$13*$C$34+$C$19*$C$51*$C$13*$C$35+$C$19*$C$20*$C$13*$C$36+$C$19*$C$23*$C$13*$C$37) -> 14966778 | M28: =(H28+J28+L28)-(G28+I28+K28) -> 14966778
B29: NPV | C29: =NPV(C27,M11:M35)+M10 -> -4.2105125e+08 | F29: 19 | G29: =$C$25 -> 0 | H29: =$C$24 -> 0 | I29: 0 | J29: =$C$18*$C$20*$C$13+($C$19*$C$47*$C$13*$C$34+$C$19*$C$51*$C$13*$C$35+$C$19*$C$20*$C$13*$C$36+$C$19*$C$23*$C$13*$C$37) -> 14966778 | M29: =(H29+J29+L29)-(G29+I29+K29) -> 14966778
B30: IRR | C30: =IRR(M10:M35) -> -0.04168825 | F30: 20 | G30: =$C$25 -> 0 | H30: =$C$24 -> 0 | I30: 0 | J30: =$C$18*$C$20*$C$13+($C$19*$C$47*$C$13*$C$34+$C$19*$C$51*$C$13*$C$35+$C$19*$C$20*$C$13*$C$36+$C$19*$C$23*$C$13*$C$37) -> 14966778 | M30: =(H30+J30+L30)-(G30+I30+K30) -> 14966778
B31: B/C | C31: =(H36+J36+L36)/(G36+I36+K36) -> 0.38080699 | F31: 21 | G31: =$C$25 -> 0 | H31: =$C$24 -> 0 | I31: 0 | J31: =$C$18*$C$20*$C$13+($C$19*$C$47*$C$13*$C$34+$C$19*$C$51*$C$13*$C$35+$C$19*$C$20*$C$13*$C$36+$C$19*$C$23*$C$13*$C$37) -> 14966778 | M31: =(H31+J31+L31)-(G31+I31+K31) -> 14966778
F32: 22 | G32: =$C$25 -> 0 | H32: =$C$24 -> 0 | I32: 0 | J32: =$C$18*$C$20*$C$13+($C$19*$C$47*$C$13*$C$34+$C$19*$C$51*$C$13*$C$35+$C$19*$C$20*$C$13*$C$36+$C$19*$C$23*$C$13*$C$37) -> 14966778 | M32: =(H32+J32+L32)-(G32+I32+K32) -> 14966778
B33: ='Sc0-CBA'!G32 -> Fuel share per households in the region | F33: 23 | G33: =$C$25 -> 0 | H33: =$C$24 -> 0 | I33: 0 | J33: =$C$18*$C$20*$C$13+($C$19*$C$47*$C$13*$C$34+$C$19*$C$51*$C$13*$C$35+$C$19*$C$20*$C$13*$C$36+$C$19*$C$23*$C$13*$C$37) -> 14966778 | M33: =(H33+J33+L33)-(G33+I33+K33) -> 14966778
B34: ='Sc0-CBA'!G33 -> Natural gas | C34: ='Sc0-CBA'!H33 -> 0.48 | F34: 24 | G34: =$C$25 -> 0 | H34: =$C$24 -> 0 | I34: 0 | J34: =$C$18*$C$20*$C$13+($C$19*$C$47*$C$13*$C$34+$C$19*$C$51*$C$13*$C$35+$C$19*$C$20*$C$13*$C$36+$C$19*$C$23*$C$13*$C$37) -> 14966778 | M34: =(H34+J34+L34)-(G34+I34+K34) -> 14966778
B35: ='Sc0-CBA'!G34 -> Petroleum derivatives | C35: ='Sc0-CBA'!H34 -> 0.2 | F35: 25 | G35: =$C$25 -> 0 | H35: =$C$24 -> 0 | I35: 0 | J35: =$C$18*$C$20*$C$13+($C$19*$C$47*$C$13*$C$34+$C$19*$C$51*$C$13*$C$35+$C$19*$C$20*$C$13*$C$36+$C$19*$C$23*$C$13*$C$37) -> 14966778 | M35: =(H35+J35+L35)-(G35+I35+K35) -> 14966778
B36: Electricity | C36: ='Sc0-CBA'!H35 -> 0.19 | F36: Total | G36: =NPV($C$27,G11:G35)+G10 -> 0 | H36: =NPV($C$27,H11:H35)+H10 -> 0 | I36: =NPV($C$27,I11:I35)+I10 -> 0 | J36: =NPV($C$27,J11:J35)+J10 -> 2.5894875e+08 | K36: =NPV($C$27,K11:K35)+K10 -> 680000000 | L36: =NPV($C$27,L11:L35)+L10 -> 0 | M36: =NPV($C$27,M11:M35)+M10 -> -4.2105125e+08
B37: Biomass | C37: ='Sc0-CBA'!H36 -> 0
B38: Other | C38: ='Sc0-CBA'!H37 -> 0.12
B39: Total | C39: =SUM(C34:C38) -> 0.99
B41: Subsidy | C41: 0 | D41: %
B43: With ETS2 price increase | C43: 1 | D43: (Y=1, N=0)
B44: NG price ETS2 Year 3 | C44: =IF(C43=1,C21*(1+D44),C21) -> 0.114684 | D44: 0.006
B45: NG price ETS2 Year 4 | C45: =IF(C43=1,C44+D45,C21) -> 0.118684 | D45: 0.004
B46: NG price ETS2 Year 5 | C46: =IF(C43=1,C45+D46,C21) -> 0.119684 | D46: 0.001
B47: NG price ETS2 Year 6 | C47: =IF(C43=1,C46+D47,C21) -> 0.120684 | D47: 0.001
B48: ='Sc0-CBA'!B54 -> Petroleum price ETS 2 Year 3 | C48: =IF(C43=1,C22*(1+D48),C22) -> 0.11088 | D48: 0.008
B49: ='Sc0-CBA'!B55 -> Petroleum price ETS 2 Year 4 | C49: =IF($C$43=1,C48+D49,C22) -> 0.11588 | D49: 0.005
B50: ='Sc0-CBA'!B56 -> Petroleum price ETS 2 Year 5 | C50: =IF($C$43=1,C49+D50,C22) -> 0.11688 | D50: 0.001
B51: ='Sc0-CBA'!B57 -> Petroleum price ETS 2 Year 6 | C51: =IF($C$43=1,C50+D51,C22) -> 0.11788 | D51: 0.001

Sheet Sc1 Medium-CBA
C1: Scenario 1 - Medium Renovation Cost-Benefit Analysis
B6: Instructions: | C6: all cells indicated in orange need to be filled in.
B9: Available budget for Natural Gas network expansion | C9: ='Sc0-CBA'!C9 -> 680000000 | D9: € | F9: Year | G9: Cost | H9: Benefit | I9: Fuel cost | J9: Fuel benefit | K9: Investment cost | L9: Remaining value | M9: Net cash flow
B10: Unitary investment cost | C10: 13000 | D10: € | F10: 0 | K10: =C9-C12*C13 -> 680000000 | M10: =(H10+J10+L10)-(G10+I10+K10) -> -680000000
B11: Unitary investment cost with subsidy | C11: =C10*(1-C41) -> 13000 | D11: € | F11: 1 | G11: =$C$25 -> 0 | H11: =$C$24 -> 0 | I11: 0 | J11: =$C$18*$C$20*$C$13+($C$19*$C$21*$C$13*$C$34+$C$19*$C$22*$C$13*$C$35+$C$19*$C$20*$C$13*$C$36+$C$19*$C$23*$C$13*$C$37) -> 15314089 | M11: =(H11+J11+L11)-(G11+I11+K11) -> 15314089
B12: Avoided cost from natural gas boiler | C12: 0 | D12: € | F12: 2 | G12: =$C$25 -> 0 | H12: =$C$24 -> 0 | I12: 0 | J12: =$C$18*$C$20*$C$13+($C$19*$C$21*$C$13*$C$34+$C$19*$C$22*$C$13*$C$35+$C$19*$C$20*$C$13*$C$36+$C$19*$C$23*$C$13*$C$37) -> 15314089 | M12: =(H12+J12+L12)-(G12+I12+K12) -> 15314089
B13: Number of influenced households | C13: =C9/C11 -> 52307.692 | D13: number of households | F13: 3 | G13: =$C$25 -> 0 | H13: =$C$24 -> 0 | I13: 0 | J13: =$C$18*$C$20*$C$13+($C$19*C44*$C$13*$C$34+$C$19*C48*$C$13*$C$35+$C$19*$C$20*$C$13*$C$36+$C$19*$C$23*$C$13*$C$37) -> 15374214 | M13: =(H13+J13+L13)-(G13+I13+K13) -> 15374214
B14: Unitary energy consumption for space cooling | C14: ='Sc0-CBA'!C14 -> 104 | D14: kWh | F14: 4 | G14: =$C$25 -> 0 | H14: =$C$24 -> 0 | I14: 0 | J14: =$C$18*$C$20*$C$13+($C$19*C45*$C$13*$C$34+$C$19*C49*$C$13*$C$35+$C$19*$C$20*$C$13*$C$36+$C$19*$C$23*$C$13*$C$37) -> 15722335 | M14: =(H14+J14+L14)-(G14+I14+K14) -> 15722335
B15: Unitary energy consumption for space heating | C15: ='Sc0-CBA'!C15 -> 4070 | D15: kWh | F15: 5 | G15: =$C$25 -> 0 | H15: =$C$24 -> 0 | I15: 0 | J15: =$C$18*$C$20*$C$13+($C$19*C46*$C$13*$C$34+$C$19*C50*$C$13*$C$35+$C$19*$C$20*$C$13*$C$36+$C$19*$C$23*$C$13*$C$37) -> 15803405 | M15: =(H15+J15+L15)-(G15+I15+K15) -> 15803405
B16: % of energy savings in space cooling | C16: 0.56 | D16: % | F16: 6 | G16: =$C$25 -> 0 | H16: =$C$24 -> 0 | I16: 0 | J16: =$C$18*$C$20*$C$13+($C$19*$C$47*$C$13*$C$34+$C$19*$C$51*$C$13*$C$35+$C$19*$C$20*$C$13*$C$36+$C$19*$C$23*$C$13*$C$37) -> 15884474 | M16: =(H16+J16+L16)-(G16+I16+K16) -> 15884474
B17: % of energy savings in space heating | C17: 0.56 | D17: % | F17: 7 | G17: =$C$25 -> 0 | H17: =$C$24 -> 0 | I17: 0 | J17: =$C$18*$C$20*$C$13+($C$19*$C$47*$C$13*$C$34+$C$19*$C$51*$C$13*$C$35+$C$19*$C$20*$C$13*$C$36+$C$19*$C$23*$C$13*$C$37) -> 15884474 | M17: =(H17+J17+L17)-(G17+I17+K17) -> 15884474
B18: Energy savings in space cooling | C18: =C14*C16 -> 58.24 | D18: kWh | F18: 8 | G18: =$C$25 -> 0 | H18: =$C$24 -> 0 | I18: 0 | J18: =$C$18*$C$20*$C$13+($C$19*$C$47*$C$13*$C$34+$C$19*$C$51*$C$13*$C$35+$C$19*$C$20*$C$13*$C$36+$C$19*$C$23*$C$13*$C$37) -> 15884474 | M18: =(H18+J18+L18)-(G18+I18+K18) -> 15884474
B19: Energy savings in space heating | C19: =C15*C17 -> 2279.2 | D19: kWh | F19: 9 | G19: =$C$25 -> 0 | H19: =$C$24 -> 0 | I19: 0 | J19: =$C$18*$C$20*$C$13+($C$19*$C$47*$C$13*$C$34+$C$19*$C$51*$C$13*$C$35+$C$19*$C$20*$C$13*$C$36+$C$19*$C$23*$C$13*$C$37) -> 15884474 | M19: =(H19+J19+L19)-(G19+I19+K19) -> 15884474
B20: Electricity price | C20: ='Energy prices'!$C$6/1000 -> 0.24 | D20: €/kWh | F20: 10 | G20: =$C$25 -> 0 | H20: =$C$24 -> 0 | I20: 0 | J20: =$C$18*$C$20*$C$13+($C$19*$C$47*$C$13*$C$34+$C$19*$C$51*$C$13*$C$35+$C$19*$C$20*$C$13*$C$36+$C$19*$C$23*$C$13*$C$37) -> 15884474 | M20: =(H20+J20+L20)-(G20+I20+K20) -> 15884474
B21: ='Sc0-CBA'!B26 -> Natural gas price | C21: ='Sc0-CBA'!C26 -> 0.114 | D21: €/kWh | F21: 11 | G21: =$C$25 -> 0 | H21: =$C$24 -> 0 | I21: 0 | J21: =$C$18*$C$20*$C$13+($C$19*$C$47*$C$13*$C$34+$C$19*$C$51*$C$13*$C$35+$C$19*$C$20*$C$13*$C$36+$C$19*$C$23*$C$13*$C$37) -> 15884474 | M21: =(H21+J21+L21)-(G21+I21+K21) -> 15884474
B22: ='Sc0-CBA'!B27 -> Petroleum price | C22: ='Energy prices'!C7/1000 -> 0.11 | D22: €/kWh | F22: 12 | G22: =$C$25 -> 0 | H22: =$C$24 -> 0 | I22: 0 | J22: =$C$18*$C$20*$C$13+($C$19*$C$47*$C$13*$C$34+$C$19*$C$51*$C$13*$C$35+$C$19*$C$20*$C$13*$C$36+$C$19*$C$23*$C$13*$C$37) -> 15884474 | M22: =(H22+J22+L22)-(G22+I22+K22) -> 15884474
B23: Biomass price | C23: ='Energy prices'!C10/1000 -> 0.017 | D23: €/kWh | F23: 13 | G23: =$C$25 -> 0 | H23: =$C$24 -> 0 | I23: 0 | J23: =$C$18*$C$20*$C$13+($C$19*$C$47*$C$13*$C$34+$C$19*$C$51*$C$13*$C$35+$C$19*$C$20*$C$13*$C$36+$C$19*$C$23*$C$13*$C$37) -> 15884474 | M23: =(H23+J23+L23)-(G23+I23+K23) -> 15884474
B24: Cost of operation and maintenance - Baseline scenario | C24: 0 | D24: € | F24: 14 | G24: =$C$25 -> 0 | H24: =$C$24 -> 0 | I24: 0 | J24: =$C$18*$C$20*$C$13+($C$19*$C$47*$C$13*$C$34+$C$19*$C$51*$C$13*$C$35+$C$19*$C$20*$C$13*$C$36+$C$19*$C$23*$C$13*$C$37) -> 15884474 | M24: =(H24+J24+L24)-(G24+I24+K24) -> 15884474
B25: Cost of operation and maintenance - Alternative scenario | C25: 0 | D25: € | F25: 15 | G25: =$C$25 -> 0 | H25: =$C$24 -> 0 | I25: 0 | J25: =$C$18*$C$20*$C$13+($C$19*$C$47*$C$13*$C$34+$C$19*$C$51*$C$13*$C$35+$C$19*$C$20*$C$13*$C$36+$C$19*$C$23*$C$13*$C$37) -> 15884474 | M25: =(H25+J25+L25)-(G25+I25+K25) -> 15884474
B26: Remaining value | C26: 0.1 | D26: % of investment cost | F26: 16 | G26: =$C$25 -> 0 | H26: =$C$24 -> 0 | I26: 0 | J26: =$C$18*$C$20*$C$13+($C$19*$C$47*$C$13*$C$34+$C$19*$C$51*$C$13*$C$35+$C$19*$C$20*$C$13*$C$36+$C$19*$C$23*$C$13*$C$37) -> 15884474 | M26: =(H26+J26+L26)-(G26+I26+K26) -> 15884474
B27: Discount rate | C27: 0.03 | D27: % | F27: 17 | G27: =$C$25 -> 0 | H27: =$C$24 -> 0 | I27: 0 | J27: =$C$18*$C$20*$C$13+($C$19*$C$47*$C$13*$C$34+$C$19*$C$51*$C$13*$C$35+$C$19*$C$20*$C$13*$C$36+$C$19*$C$23*$C$13*$C$37) -> 15884474 | M27: =(H27+J27+L27)-(G27+I27+K27) -> 15884474
F28: 18 | G28: =$C$25 -> 0 | H28: =$C$24 -> 0 | I28: 0 | J28: =$C$18*$C$20*$C$13+($C$19*$C$47*$C$13*$C$34+$C$19*$C$51*$C$13*$C$35+$C$19*$C$20*$C$13*$C$36+$C$19*$C$23*$C$13*$C$37) -> 15884474 | M28: =(H28+J28+L28)-(G28+I28+K28) -> 15884474
B29: NPV | C29: =NPV(C27,M11:M35)+M10 -> -4.0517367e+08 | F29: 19 | G29: =$C$25 -> 0 | H29: =$C$24 -> 0 | I29: 0 | J29: =$C$18*$C$20*$C$13+($C$19*$C$47*$C$13*$C$34+$C$19*$C$51*$C$13*$C$35+$C$19*$C$20*$C$13*$C$36+$C$19*$C$23*$C$13*$C$37) -> 15884474 | M29: =(H29+J29+L29)-(G29+I29+K29) -> 15884474
B30: IRR | C30: =IRR(M10:M35) -> -0.037907653 | F30: 20 | G30: =$C$25 -> 0 | H30: =$C$24 -> 0 | I30: 0 | J30: =$C$18*$C$20*$C$13+($C$19*$C$47*$C$13*$C$34+$C$19*$C$51*$C$13*$C$35+$C$19*$C$20*$C$13*$C$36+$C$19*$C$23*$C$13*$C$37) -> 15884474 | M30: =(H30+J30+L30)-(G30+I30+K30) -> 15884474
B31: B/C | C31: =(H36+J36+L36)/(G36+I36+K36) -> 0.40415636 | F31: 21 | G31: =$C$25 -> 0 | H31: =$C$24 -> 0 | I31: 0 | J31: =$C$18*$C$20*$C$13+($C$19*$C$47*$C$13*$C$34+$C$19*$C$51*$C$13*$C$35+$C$19*$C$20*$C$13*$C$36+$C$19*$C$23*$C$13*$C$37) -> 15884474 | M31: =(H31+J31+L31)-(G31+I31+K31) -> 15884474
F32: 22 | G32: =$C$25 -> 0 | H32: =$C$24 -> 0 | I32: 0 | J32: =$C$18*$C$20*$C$13+($C$19*$C$47*$C$13*$C$34+$C$19*$C$51*$C$13*$C$35+$C$19*$C$20*$C$13*$C$36+$C$19*$C$23*$C$13*$C$37) -> 15884474 | M32: =(H32+J32+L32)-(G32+I32+K32) -> 15884474
B33: ='Sc0-CBA'!G32 -> Fuel share per households in the region | F33: 23 | G33: =$C$25 -> 0 | H33: =$C$24 -> 0 | I33: 0 | J33: =$C$18*$C$20*$C$13+($C$19*$C$47*$C$13*$C$34+$C$19*$C$51*$C$13*$C$35+$C$19*$C$20*$C$13*$C$36+$C$19*$C$23*$C$13*$C$37) -> 15884474 | M33: =(H33+J33+L33)-(G33+I33+K33) -> 15884474
B34: ='Sc0-CBA'!G33 -> Natural gas | C34: ='Sc0-CBA'!H33 -> 0.48 | F34: 24 | G34: =$C$25 -> 0 | H34: =$C$24 -> 0 | I34: 0 | J34: =$C$18*$C$20*$C$13+($C$19*$C$47*$C$13*$C$34+$C$19*$C$51*$C$13*$C$35+$C$19*$C$20*$C$13*$C$36+$C$19*$C$23*$C$13*$C$37) -> 15884474 | M34: =(H34+J34+L34)-(G34+I34+K34) -> 15884474
B35: ='Sc0-CBA'!G34 -> Petroleum derivatives | C35: ='Sc0-CBA'!H34 -> 0.2 | F35: 25 | G35: =$C$25 -> 0 | H35: =$C$24 -> 0 | I35: 0 | J35: =$C$18*$C$20*$C$13+($C$19*$C$47*$C$13*$C$34+$C$19*$C$51*$C$13*$C$35+$C$19*$C$20*$C$13*$C$36+$C$19*$C$23*$C$13*$C$37) -> 15884474 | M35: =(H35+J35+L35)-(G35+I35+K35) -> 15884474
B36: Electricity | C36: ='Sc0-CBA'!H35 -> 0.19 | F36: Total | G36: =NPV($C$27,G11:G35)+G10 -> 0 | H36: =NPV($C$27,H11:H35)+H10 -> 0 | I36: =NPV($C$27,I11:I35)+I10 -> 0 | J36: =NPV($C$27,J11:J35)+J10 -> 2.7482633e+08 | K36: =NPV($C$27,K11:K35)+K10 -> 680000000 | L36: =NPV($C$27,L11:L35)+L10 -> 0 | M36: =NPV($C$27,M11:M35)+M10 -> -4.0517367e+08
B37: Biomass | C37: ='Sc0-CBA'!H36 -> 0
B38: Other | C38: ='Sc0-CBA'!H37 -> 0.12
B39: Total | C39: =SUM(C34:C38) -> 0.99
B41: Subsidy | C41: 0 | D41: %
B43: With ETS2 price increase | C43: 1 | D43: (Y=1, N=0)
B44: NG price ETS2 Year 3 | C44: =IF(C43=1,C21*(1+D44),C21) -> 0.114684 | D44: 0.006
B45: NG price ETS2 Year 4 | C45: =IF(C43=1,C44+D45,C21) -> 0.118684 | D45: 0.004
B46: NG price ETS2 Year 5 | C46: =IF(C43=1,C45+D46,C21) -> 0.119684 | D46: 0.001
B47: NG price ETS2 Year 6 | C47: =IF(C43=1,C46+D47,C21) -> 0.120684 | D47: 0.001
B48: ='Sc0-CBA'!B54 -> Petroleum price ETS 2 Year 3 | C48: =IF(C43=1,C22*(1+D48),C22) -> 0.11088 | D48: 0.008
B49: ='Sc0-CBA'!B55 -> Petroleum price ETS 2 Year 4 | C49: =IF($C$43=1,C48+D49,C22) -> 0.11588 | D49: 0.005
B50: ='Sc0-CBA'!B56 -> Petroleum price ETS 2 Year 5 | C50: =IF($C$43=1,C49+D50,C22) -> 0.11688 | D50: 0.001
B51: ='Sc0-CBA'!B57 -> Petroleum price ETS 2 Year 6 | C51: =IF($C$43=1,C50+D51,C22) -> 0.11788 | D51: 0.001

Sheet Sc1 Deep-SCBA
C1: Scenario 1 - Deep Renovation Social Cost-Benefit Analysis
B6: Instructions: | C6: all cells indicated in orange need to be filled in.
B9: Available budget for Natural Gas network expansion | C9: ='Sc1 Deep-CBA'!C9 -> 680000000 | D9: € | F9: Year | G9: Cost | H9: Benefit | I9: Fuel cost | J9: Fuel benefit | K9: External cost | L9: External benefit | M9: Investment cost | N9: Remaining value | O9: Net cash flow
B10: Unitary investment cost with subsidy | C10: ='Sc1 Deep-CBA'!C10 -> 17000 | D10: € | F10: 0 | L10: =IF(C40=1,C66,0) -> 4.2243272e+08 | M10: =(C9-C11*C12)/(1+C79) -> 5.6198347e+08 | O10: =(H10+J10+L10+N10)-(G10+I10+K10+M10) -> -1.3955075e+08
B11: Avoided cost from new fossil fuel boiler | C11: 0 | D11: € | F11: 1 | G11: =$C$24 -> 0 | H11: =$C$23 -> 0 | I11: 0 | J11: =$C$17*$C$19*$C$12+($C$18*$C$20*$C$12*$C$33+$C$18*$C$21*$C$12*$C$34+$C$18*$C$19*$C$12*$C$35+$C$18*$C$22*$C$12*$C$36) -> 12672982 | K11: =$C$13*(1-$C$15)*$C$12*$C$54/1000+($C$14*(1-$C$16)*$C$59/1000*$C$12*$C$33+$C$14*(1-$C$16)*$C$48/1000*$C$12*$C$34+$C$14*(1-$C$16)*$C$58/1000*$C$12*$C$35+$C$14*(1-$C$16)*$C$57/1000*$C$12*$C$36) -> 2433027.6 | L11: =$C$17*$C$54/1000*$C$12+($C$18*$C$59/1000*$C$12*$C$33+$C$18*$C$48/1000*$C$12*$C$34+$C$18*$C$58/1000*$C$12*$C$35+$C$18*$C$57/1000*$C$12*$C$36)+(J11-I11)*$C$76*$C$77 -> 5415448.4 | O11: =(H11+J11+L11+N11)-(G11+I11+K11+M11) -> 15655402
B12: Number of affected households | C12: =C9/C10 -> 40000 | D12: number of households | F12: 2 | G12: =$C$24 -> 0 | H12: =$C$23 -> 0 | I12: 0 | J12: =$C$17*$C$19*$C$12+($C$18*$C$20*$C$12*$C$33+$C$18*$C$21*$C$12*$C$34+$C$18*$C$19*$C$12*$C$35+$C$18*$C$22*$C$12*$C$36) -> 12672982 | K12: =$C$13*(1-$C$15)*$C$12*$C$54/1000+($C$14*(1-$C$16)*$C$59/1000*$C$12*$C$33+$C$14*(1-$C$16)*$C$48/1000*$C$12*$C$34+$C$14*(1-$C$16)*$C$58/1000*$C$12*$C$35+$C$14*(1-$C$16)*$C$57/1000*$C$12*$C$36) -> 2433027.6 | L12: =$C$17*$C$54/1000*$C$12+($C$18*$C$59/1000*$C$12*$C$33+$C$18*$C$48/1000*$C$12*$C$34+$C$18*$C$58/1000*$C$12*$C$35+$C$18*$C$57/1000*$C$12*$C$36)+(J12-I12)*$C$76*$C$77 -> 5415448.4 | O12: =(H12+J12+L12+N12)-(G12+I12+K12+M12) -> 15655402
B13: Unitary energy consumption for space cooling | C13: ='Sc0-CBA'!C14 -> 104 | D13: kWh | F13: 3 | G13: =$C$24 -> 0 | H13: =$C$23 -> 0 | I13: 0 | J13: =$C$17*$C$19*$C$12+($C$18*$C$20*$C$12*$C$33+$C$18*$C$21*$C$12*$C$34+$C$18*$C$19*$C$12*$C$35+$C$18*$C$22*$C$12*$C$36) -> 12672982 | K13: =$C$13*(1-$C$15)*$C$12*$C$54/1000+($C$14*(1-$C$16)*$C$59/1000*$C$12*$C$33+$C$14*(1-$C$16)*$C$48/1000*$C$12*$C$34+$C$14*(1-$C$16)*$C$58/1000*$C$12*$C$35+$C$14*(1-$C$16)*$C$57/1000*$C$12*$C$36) -> 2433027.6 | L13: =$C$17*$C$54/1000*$C$12+($C$18*$C$59/1000*$C$12*$C$33+$C$18*$C$48/1000*$C$12*$C$34+$C$18*$C$58/1000*$C$12*$C$35+$C$18*$C$57/1000*$C$12*$C$36)+(J13-I13)*$C$76*$C$77 -> 5415448.4 | O13: =(H13+J13+L13+N13)-(G13+I13+K13+M13) -> 15655402
B14: Unitary energy consumption for space heating | C14: ='Sc0-CBA'!C15 -> 4070 | D14: kWh | F14: 4 | G14: =$C$24 -> 0 | H14: =$C$23 -> 0 | I14: 0 | J14: =$C$17*$C$19*$C$12+($C$18*$C$20*$C$12*$C$33+$C$18*$C$21*$C$12*$C$34+$C$18*$C$19*$C$12*$C$35+$C$18*$C$22*$C$12*$C$36) -> 12672982 | K14: =$C$13*(1-$C$15)*$C$12*$C$54/1000+($C$14*(1-$C$16)*$C$59/1000*$C$12*$C$33+$C$14*(1-$C$16)*$C$48/1000*$C$12*$C$34+$C$14*(1-$C$16)*$C$58/1000*$C$12*$C$35+$C$14*(1-$C$16)*$C$57/1000*$C$12*$C$36) -> 2433027.6 | L14: =$C$17*$C$54/1000*$C$12+($C$18*$C$59/1000*$C$12*$C$33+$C$18*$C$48/1000*$C$12*$C$34+$C$18*$C$58/1000*$C$12*$C$35+$C$18*$C$57/1000*$C$12*$C$36)+(J14-I14)*$C$76*$C$77 -> 5415448.4 | O14: =(H14+J14+L14+N14)-(G14+I14+K14+M14) -> 15655402
B15: % of energy savings in space cooling | C15: ='Sc1 Deep-CBA'!C16 -> 0.69 | D15: % | F15: 5 | G15: =$C$24 -> 0 | H15: =$C$23 -> 0 | I15: 0 | J15: =$C$17*$C$19*$C$12+($C$18*$C$20*$C$12*$C$33+$C$18*$C$21*$C$12*$C$34+$C$18*$C$19*$C$12*$C$35+$C$18*$C$22*$C$12*$C$36) -> 12672982 | K15: =$C$13*(1-$C$15)*$C$12*$C$54/1000+($C$14*(1-$C$16)*$C$59/1000*$C$12*$C$33+$C$14*(1-$C$16)*$C$48/1000*$C$12*$C$34+$C$14*(1-$C$16)*$C$58/1000*$C$12*$C$35+$C$14*(1-$C$16)*$C$57/1000*$C$12*$C$36) -> 2433027.6 | L15: =$C$17*$C$54/1000*$C$12+($C$18*$C$59/1000*$C$12*$C$33+$C$18*$C$48/1000*$C$12*$C$34+$C$18*$C$58/1000*$C$12*$C$35+$C$18*$C$57/1000*$C$12*$C$36)+(J15-I15)*$C$76*$C$77 -> 5415448.4 | O15: =(H15+J15+L15+N15)-(G15+I15+K15+M15) -> 15655402
B16: % of energy savings in space heating | C16: ='Sc1 Deep-CBA'!C17 -> 0.69 | D16: % | F16: 6 | G16: =$C$24 -> 0 | H16: =$C$23 -> 0 | I16: 0 | J16: =$C$17*$C$19*$C$12+($C$18*$C$20*$C$12*$C$33+$C$18*$C$21*$C$12*$C$34+$C$18*$C$19*$C$12*$C$35+$C$18*$C$22*$C$12*$C$36) -> 12672982 | K16: =$C$13*(1-$C$15)*$C$12*$C$54/1000+($C$14*(1-$C$16)*$C$59/1000*$C$12*$C$33+$C$14*(1-$C$16)*$C$48/1000*$C$12*$C$34+$C$14*(1-$C$16)*$C$58/1000*$C$12*$C$35+$C$14*(1-$C$16)*$C$57/1000*$C$12*$C$36) -> 2433027.6 | L16: =$C$17*$C$54/1000*$C$12+($C$18*$C$59/1000*$C$12*$C$33+$C$18*$C$48/1000*$C$12*$C$34+$C$18*$C$58/1000*$C$12*$C$35+$C$18*$C$57/1000*$C$12*$C$36)+(J16-I16)*$C$76*$C$77 -> 5415448.4 | O16: =(H16+J16+L16+N16)-(G16+I16+K16+M16) -> 15655402
B17: Energy savings in space cooling | C17: =C13*C15 -> 71.76 | D17: kWh | F17: 7 | G17: =$C$24 -> 0 | H17: =$C$23 -> 0 | I17: 0 | J17: =$C$17*$C$19*$C$12+($C$18*$C$20*$C$12*$C$33+$C$18*$C$21*$C$12*$C$34+$C$18*$C$19*$C$12*$C$35+$C$18*$C$22*$C$12*$C$36) -> 12672982 | K17: =$C$13*(1-$C$15)*$C$12*$C$54/1000+($C$14*(1-$C$16)*$C$59/1000*$C$12*$C$33+$C$14*(1-$C$16)*$C$48/1000*$C$12*$C$34+$C$14*(1-$C$16)*$C$58/1000*$C$12*$C$35+$C$14*(1-$C$16)*$C$57/1000*$C$12*$C$36) -> 2433027.6 | L17: =$C$17*$C$54/1000*$C$12+($C$18*$C$59/1000*$C$12*$C$33+$C$18*$C$48/1000*$C$12*$C$34+$C$18*$C$58/1000*$C$12*$C$35+$C$18*$C$57/1000*$C$12*$C$36)+(J17-I17)*$C$76*$C$77 -> 5415448.4 | O17: =(H17+J17+L17+N17)-(G17+I17+K17+M17) -> 15655402
B18: Energy savings in space heating | C18: =C14*C16 -> 2808.3 | D18: kWh | F18: 8 | G18: =$C$24 -> 0 | H18: =$C$23 -> 0 | I18: 0 | J18: =$C$17*$C$19*$C$12+($C$18*$C$20*$C$12*$C$33+$C$18*$C$21*$C$12*$C$34+$C$18*$C$19*$C$12*$C$35+$C$18*$C$22*$C$12*$C$36) -> 12672982 | K18: =$C$13*(1-$C$15)*$C$12*$C$54/1000+($C$14*(1-$C$16)*$C$59/1000*$C$12*$C$33+$C$14*(1-$C$16)*$C$48/1000*$C$12*$C$34+$C$14*(1-$C$16)*$C$58/1000*$C$12*$C$35+$C$14*(1-$C$16)*$C$57/1000*$C$12*$C$36) -> 2433027.6 | L18: =$C$17*$C$54/1000*$C$12+($C$18*$C$59/1000*$C$12*$C$33+$C$18*$C$48/1000*$C$12*$C$34+$C$18*$C$58/1000*$C$12*$C$35+$C$18*$C$57/1000*$C$12*$C$36)+(J18-I18)*$C$76*$C$77 -> 5415448.4 | O18: =(H18+J18+L18+N18)-(G18+I18+K18+M18) -> 15655402
B19: Electricity price | C19: ='Energy prices'!$D$6/1000 -> 0.212 | D19: €/kWh | F19: 9 | G19: =$C$24 -> 0 | H19: =$C$23 -> 0 | I19: 0 | J19: =$C$17*$C$19*$C$12+($C$18*$C$20*$C$12*$C$33+$C$18*$C$21*$C$12*$C$34+$C$18*$C$19*$C$12*$C$35+$C$18*$C$22*$C$12*$C$36) -> 12672982 | K19: =$C$13*(1-$C$15)*$C$12*$C$54/1000+($C$14*(1-$C$16)*$C$59/1000*$C$12*$C$33+$C$14*(1-$C$16)*$C$48/1000*$C$12*$C$34+$C$14*(1-$C$16)*$C$58/1000*$C$12*$C$35+$C$14*(1-$C$16)*$C$57/1000*$C$12*$C$36) -> 2433027.6 | L19: =$C$17*$C$54/1000*$C$12+($C$18*$C$59/1000*$C$12*$C$33+$C$18*$C$48/1000*$C$12*$C$34+$C$18*$C$58/1000*$C$12*$C$35+$C$18*$C$57/1000*$C$12*$C$36)+(J19-I19)*$C$76*$C$77 -> 5415448.4 | O19: =(H19+J19+L19+N19)-(G19+I19+K19+M19) -> 15655402
B20: ='Sc0-CBA'!B26 -> Natural gas price | C20: ='Sc0-SCBA'!C25 -> 0.094 | D20: €/kWh | F20: 10 | G20: =$C$24 -> 0 | H20: =$C$23 -> 0 | I20: 0 | J20: =$C$17*$C$19*$C$12+($C$18*$C$20*$C$12*$C$33+$C$18*$C$21*$C$12*$C$34+$C$18*$C$19*$C$12*$C$35+$C$18*$C$22*$C$12*$C$36) -> 12672982 | K20: =$C$13*(1-$C$15)*$C$12*$C$54/1000+($C$14*(1-$C$16)*$C$59/1000*$C$12*$C$33+$C$14*(1-$C$16)*$C$48/1000*$C$12*$C$34+$C$14*(1-$C$16)*$C$58/1000*$C$12*$C$35+$C$14*(1-$C$16)*$C$57/1000*$C$12*$C$36) -> 2433027.6 | L20: =$C$17*$C$54/1000*$C$12+($C$18*$C$59/1000*$C$12*$C$33+$C$18*$C$48/1000*$C$12*$C$34+$C$18*$C$58/1000*$C$12*$C$35+$C$18*$C$57/1000*$C$12*$C$36)+(J20-I20)*$C$76*$C$77 -> 5415448.4 | O20: =(H20+J20+L20+N20)-(G20+I20+K20+M20) -> 15655402
B21: ='Sc0-CBA'!B27 -> Petroleum price | C21: ='Energy prices'!C7/1000 -> 0.11 | D21: €/kWh | F21: 11 | G21: =$C$24 -> 0 | H21: =$C$23 -> 0 | I21: 0 | J21: =$C$17*$C$19*$C$12+($C$18*$C$20*$C$12*$C$33+$C$18*$C$21*$C$12*$C$34+$C$18*$C$19*$C$12*$C$35+$C$18*$C$22*$C$12*$C$36) -> 12672982 | K21: =$C$13*(1-$C$15)*$C$12*$C$54/1000+($C$14*(1-$C$16)*$C$59/1000*$C$12*$C$33+$C$14*(1-$C$16)*$C$48/1000*$C$12*$C$34+$C$14*(1-$C$16)*$C$58/1000*$C$12*$C$35+$C$14*(1-$C$16)*$C$57/1000*$C$12*$C$36) -> 2433027.6 | L21: =$C$17*$C$54/1000*$C$12+($C$18*$C$59/1000*$C$12*$C$33+$C$18*$C$48/1000*$C$12*$C$34+$C$18*$C$58/1000*$C$12*$C$35+$C$18*$C$57/1000*$C$12*$C$36)+(J21-I21)*$C$76*$C$77 -> 5415448.4 | O21: =(H21+J21+L21+N21)-(G21+I21+K21+M21) -> 15655402
B22: Biomass price | C22: ='Energy prices'!C10/1000 -> 0.017 | D22: €/kWh | F22: 12 | G22: =$C$24 -> 0 | H22: =$C$23 -> 0 | I22: 0 | J22: =$C$17*$C$19*$C$12+($C$18*$C$20*$C$12*$C$33+$C$18*$C$21*$C$12*$C$34+$C$18*$C$19*$C$12*$C$35+$C$18*$C$22*$C$12*$C$36) -> 12672982 | K22: =$C$13*(1-$C$15)*$C$12*$C$54/1000+($C$14*(1-$C$16)*$C$59/1000*$C$12*$C$33+$C$14*(1-$C$16)*$C$48/1000*$C$12*$C$34+$C$14*(1-$C$16)*$C$58/1000*$C$12*$C$35+$C$14*(1-$C$16)*$C$57/1000*$C$12*$C$36) -> 2433027.6 | L22: =$C$17*$C$54/1000*$C$12+($C$18*$C$59/1000*$C$12*$C$33+$C$18*$C$48/1000*$C$12*$C$34+$C$18*$C$58/1000*$C$12*$C$35+$C$18*$C$57/1000*$C$12*$C$36)+(J22-I22)*$C$76*$C$77 -> 5415448.4 | O22: =(H22+J22+L22+N22)-(G22+I22+K22+M22) -> 15655402
B23: Cost of operation and maintenance - Baseline scenario | C23: 0 | D23: € | F23: 13 | G23: =$C$24 -> 0 | H23: =$C$23 -> 0 | I23: 0 | J23: =$C$17*$C$19*$C$12+($C$18*$C$20*$C$12*$C$33+$C$18*$C$21*$C$12*$C$34+$C$18*$C$19*$C$12*$C$35+$C$18*$C$22*$C$12*$C$36) -> 12672982 | K23: =$C$13*(1-$C$15)*$C$12*$C$54/1000+($C$14*(1-$C$16)*$C$59/1000*$C$12*$C$33+$C$14*(1-$C$16)*$C$48/1000*$C$12*$C$34+$C$14*(1-$C$16)*$C$58/1000*$C$12*$C$35+$C$14*(1-$C$16)*$C$57/1000*$C$12*$C$36) -> 2433027.6 | L23: =$C$17*$C$54/1000*$C$12+($C$18*$C$59/1000*$C$12*$C$33+$C$18*$C$48/1000*$C$12*$C$34+$C$18*$C$58/1000*$C$12*$C$35+$C$18*$C$57/1000*$C$12*$C$36)+(J23-I23)*$C$76*$C$77 -> 5415448.4 | O23: =(H23+J23+L23+N23)-(G23+I23+K23+M23) -> 15655402
B24: Cost of operation and maintenance - Alternative scenario | C24: 0 | D24: € | F24: 14 | G24: =$C$24 -> 0 | H24: =$C$23 -> 0 | I24: 0 | J24: =$C$17*$C$19*$C$12+($C$18*$C$20*$C$12*$C$33+$C$18*$C$21*$C$12*$C$34+$C$18*$C$19*$C$12*$C$35+$C$18*$C$22*$C$12*$C$36) -> 12672982 | K24: =$C$13*(1-$C$15)*$C$12*$C$54/1000+($C$14*(1-$C$16)*$C$59/1000*$C$12*$C$33+$C$14*(1-$C$16)*$C$48/1000*$C$12*$C$34+$C$14*(1-$C$16)*$C$58/1000*$C$12*$C$35+$C$14*(1-$C$16)*$C$57/1000*$C$12*$C$36) -> 2433027.6 | L24: =$C$17*$C$54/1000*$C$12+($C$18*$C$59/1000*$C$12*$C$33+$C$18*$C$48/1000*$C$12*$C$34+$C$18*$C$58/1000*$C$12*$C$35+$C$18*$C$57/1000*$C$12*$C$36)+(J24-I24)*$C$76*$C$77 -> 5415448.4 | O24: =(H24+J24+L24+N24)-(G24+I24+K24+M24) -> 15655402
B25: Remaining value | C25: 0.1 | D25: % of investment cost | F25: 15 | G25: =$C$24 -> 0 | H25: =$C$23 -> 0 | I25: 0 | J25: =$C$17*$C$19*$C$12+($C$18*$C$20*$C$12*$C$33+$C$18*$C$21*$C$12*$C$34+$C$18*$C$19*$C$12*$C$35+$C$18*$C$22*$C$12*$C$36) -> 12672982 | K25: =$C$13*(1-$C$15)*$C$12*$C$54/1000+($C$14*(1-$C$16)*$C$59/1000*$C$12*$C$33+$C$14*(1-$C$16)*$C$48/1000*$C$12*$C$34+$C$14*(1-$C$16)*$C$58/1000*$C$12*$C$35+$C$14*(1-$C$16)*$C$57/1000*$C$12*$C$36) -> 2433027.6 | L25: =$C$17*$C$54/1000*$C$12+($C$18*$C$59/1000*$C$12*$C$33+$C$18*$C$48/1000*$C$12*$C$34+$C$18*$C$58/1000*$C$12*$C$35+$C$18*$C$57/1000*$C$12*$C$36)+(J25-I25)*$C$76*$C$77 -> 5415448.4 | O25: =(H25+J25+L25+N25)-(G25+I25+K25+M25) -> 15655402
B26: Discount rate | C26: 0.03 | D26: % | F26: 16 | G26: =$C$24 -> 0 | H26: =$C$23 -> 0 | I26: 0 | J26: =$C$17*$C$19*$C$12+($C$18*$C$20*$C$12*$C$33+$C$18*$C$21*$C$12*$C$34+$C$18*$C$19*$C$12*$C$35+$C$18*$C$22*$C$12*$C$36) -> 12672982 | K26: =$C$13*(1-$C$15)*$C$12*$C$54/1000+($C$14*(1-$C$16)*$C$59/1000*$C$12*$C$33+$C$14*(1-$C$16)*$C$48/1000*$C$12*$C$34+$C$14*(1-$C$16)*$C$58/1000*$C$12*$C$35+$C$14*(1-$C$16)*$C$57/1000*$C$12*$C$36) -> 2433027.6 | L26: =$C$17*$C$54/1000*$C$12+($C$18*$C$59/1000*$C$12*$C$33+$C$18*$C$48/1000*$C$12*$C$34+$C$18*$C$58/1000*$C$12*$C$35+$C$18*$C$57/1000*$C$12*$C$36)+(J26-I26)*$C$76*$C$77 -> 5415448.4 | O26: =(H26+J26+L26+N26)-(G26+I26+K26+M26) -> 15655402
F27: 17 | G27: =$C$24 -> 0 | H27: =$C$23 -> 0 | I27: 0 | J27: =$C$17*$C$19*$C$12+($C$18*$C$20*$C$12*$C$33+$C$18*$C$21*$C$12*$C$34+$C$18*$C$19*$C$12*$C$35+$C$18*$C$22*$C$12*$C$36) -> 12672982 | K27: =$C$13*(1-$C$15)*$C$12*$C$54/1000+($C$14*(1-$C$16)*$C$59/1000*$C$12*$C$33+$C$14*(1-$C$16)*$C$48/1000*$C$12*$C$34+$C$14*(1-$C$16)*$C$58/1000*$C$12*$C$35+$C$14*(1-$C$16)*$C$57/1000*$C$12*$C$36) -> 2433027.6 | L27: =$C$17*$C$54/1000*$C$12+($C$18*$C$59/1000*$C$12*$C$33+$C$18*$C$48/1000*$C$12*$C$34+$C$18*$C$58/1000*$C$12*$C$35+$C$18*$C$57/1000*$C$12*$C$36)+(J27-I27)*$C$76*$C$77 -> 5415448.4 | O27: =(H27+J27+L27+N27)-(G27+I27+K27+M27) -> 15655402
B28: NPV | C28: =NPV(C26,O11:O35)+O10 -> 1.3305908e+08 | F28: 18 | G28: =$C$24 -> 0 | H28: =$C$23 -> 0 | I28: 0 | J28: =$C$17*$C$19*$C$12+($C$18*$C$20*$C$12*$C$33+$C$18*$C$21*$C$12*$C$34+$C$18*$C$19*$C$12*$C$35+$C$18*$C$22*$C$12*$C$36) -> 12672982 | K28: =$C$13*(1-$C$15)*$C$12*$C$54/1000+($C$14*(1-$C$16)*$C$59/1000*$C$12*$C$33+$C$14*(1-$C$16)*$C$48/1000*$C$12*$C$34+$C$14*(1-$C$16)*$C$58/1000*$C$12*$C$35+$C$14*(1-$C$16)*$C$57/1000*$C$12*$C$36) -> 2433027.6 | L28: =$C$17*$C$54/1000*$C$12+($C$18*$C$59/1000*$C$12*$C$33+$C$18*$C$48/1000*$C$12*$C$34+$C$18*$C$58/1000*$C$12*$C$35+$C$18*$C$57/1000*$C$12*$C$36)+(J28-I28)*$C$76*$C$77 -> 5415448.4 | O28: =(H28+J28+L28+N28)-(G28+I28+K28+M28) -> 15655402
B29: IRR | C29: =IRR(O10:O35) -> 0.10237324 | F29: 19 | G29: =$C$24 -> 0 | H29: =$C$23 -> 0 | I29: 0 | J29: =$C$17*$C$19*$C$12+($C$18*$C$20*$C$12*$C$33+$C$18*$C$21*$C$12*$C$34+$C$18*$C$19*$C$12*$C$35+$C$18*$C$22*$C$12*$C$36) -> 12672982 | K29: =$C$13*(1-$C$15)*$C$12*$C$54/1000+($C$14*(1-$C$16)*$C$59/1000*$C$12*$C$33+$C$14*(1-$C$16)*$C$48/1000*$C$12*$C$34+$C$14*(1-$C$16)*$C$58/1000*$C$12*$C$35+$C$14*(1-$C$16)*$C$57/1000*$C$12*$C$36) -> 2433027.6 | L29: =$C$17*$C$54/1000*$C$12+($C$18*$C$59/1000*$C$12*$C$33+$C$18*$C$48/1000*$C$12*$C$34+$C$18*$C$58/1000*$C$12*$C$35+$C$18*$C$57/1000*$C$12*$C$36)+(J29-I29)*$C$76*$C$77 -> 5415448.4 | O29: =(H29+J29+L29+N29)-(G29+I29+K29+M29) -> 15655402
B30: B/C | C30: =(H36+J36+L36)/(G36+I36+K36) -> 17.40541 | F30: 20 | G30: =$C$24 -> 0 | H30: =$C$23 -> 0 | I30: 0 | J30: =$C$17*$C$19*$C$12+($C$18*$C$20*$C$12*$C$33+$C$18*$C$21*$C$12*$C$34+$C$18*$C$19*$C$12*$C$35+$C$18*$C$22*$C$12*$C$36) -> 12672982 | K30: =$C$13*(1-$C$15)*$C$12*$C$54/1000+($C$14*(1-$C$16)*$C$59/1000*$C$12*$C$33+$C$14*(1-$C$16)*$C$48/1000*$C$12*$C$34+$C$14*(1-$C$16)*$C$58/1000*$C$12*$C$35+$C$14*(1-$C$16)*$C$57/1000*$C$12*$C$36) -> 2433027.6 | L30: =$C$17*$C$54/1000*$C$12+($C$18*$C$59/1000*$C$12*$C$33+$C$18*$C$48/1000*$C$12*$C$34+$C$18*$C$58/1000*$C$12*$C$35+$C$18*$C$57/1000*$C$12*$C$36)+(J30-I30)*$C$76*$C$77 -> 5415448.4 | O30: =(H30+J30+L30+N30)-(G30+I30+K30+M30) -> 15655402
F31: 21 | G31: =$C$24 -> 0 | H31: =$C$23 -> 0 | I31: 0 | J31: =$C$17*$C$19*$C$12+($C$18*$C$20*$C$12*$C$33+$C$18*$C$21*$C$12*$C$34+$C$18*$C$19*$C$12*$C$35+$C$18*$C$22*$C$12*$C$36) -> 12672982 | K31: =$C$13*(1-$C$15)*$C$12*$C$54/1000+($C$14*(1-$C$16)*$C$59/1000*$C$12*$C$33+$C$14*(1-$C$16)*$C$48/1000*$C$12*$C$34+$C$14*(1-$C$16)*$C$58/1000*$C$12*$C$35+$C$14*(1-$C$16)*$C$57/1000*$C$12*$C$36) -> 2433027.6 | L31: =$C$17*$C$54/1000*$C$12+($C$18*$C$59/1000*$C$12*$C$33+$C$18*$C$48/1000*$C$12*$C$34+$C$18*$C$58/1000*$C$12*$C$35+$C$18*$C$57/1000*$C$12*$C$36)+(J31-I31)*$C$76*$C$77 -> 5415448.4 | O31: =(H31+J31+L31+N31)-(G31+I31+K31+M31) -> 15655402
B32: ='Sc0-CBA'!G32 -> Fuel share per households in the region | F32: 22 | G32: =$C$24 -> 0 | H32: =$C$23 -> 0 | I32: 0 | J32: =$C$17*$C$19*$C$12+($C$18*$C$20*$C$12*$C$33+$C$18*$C$21*$C$12*$C$34+$C$18*$C$19*$C$12*$C$35+$C$18*$C$22*$C$12*$C$36) -> 12672982 | K32: =$C$13*(1-$C$15)*$C$12*$C$54/1000+($C$14*(1-$C$16)*$C$59/1000*$C$12*$C$33+$C$14*(1-$C$16)*$C$48/1000*$C$12*$C$34+$C$14*(1-$C$16)*$C$58/1000*$C$12*$C$35+$C$14*(1-$C$16)*$C$57/1000*$C$12*$C$36) -> 2433027.6 | L32: =$C$17*$C$54/1000*$C$12+($C$18*$C$59/1000*$C$12*$C$33+$C$18*$C$48/1000*$C$12*$C$34+$C$18*$C$58/1000*$C$12*$C$35+$C$18*$C$57/1000*$C$12*$C$36)+(J32-I32)*$C$76*$C$77 -> 5415448.4 | O32: =(H32+J32+L32+N32)-(G32+I32+K32+M32) -> 15655402
B33: ='Sc0-CBA'!G33 -> Natural gas | C33: ='Sc0-CBA'!H33 -> 0.48 | F33: 23 | G33: =$C$24 -> 0 | H33: =$C$23 -> 0 | I33: 0 | J33: =$C$17*$C$19*$C$12+($C$18*$C$20*$C$12*$C$33+$C$18*$C$21*$C$12*$C$34+$C$18*$C$19*$C$12*$C$35+$C$18*$C$22*$C$12*$C$36) -> 12672982 | K33: =$C$13*(1-$C$15)*$C$12*$C$54/1000+($C$14*(1-$C$16)*$C$59/1000*$C$12*$C$33+$C$14*(1-$C$16)*$C$48/1000*$C$12*$C$34+$C$14*(1-$C$16)*$C$58/1000*$C$12*$C$35+$C$14*(1-$C$16)*$C$57/1000*$C$12*$C$36) -> 2433027.6 | L33: =$C$17*$C$54/1000*$C$12+($C$18*$C$59/1000*$C$12*$C$33+$C$18*$C$48/1000*$C$12*$C$34+$C$18*$C$58/1000*$C$12*$C$35+$C$18*$C$57/1000*$C$12*$C$36)+(J33-I33)*$C$76*$C$77 -> 5415448.4 | O33: =(H33+J33+L33+N33)-(G33+I33+K33+M33) -> 15655402
B34: ='Sc0-CBA'!G34 -> Petroleum derivatives | C34: ='Sc0-CBA'!H34 -> 0.2 | F34: 24 | G34: =$C$24 -> 0 | H34: =$C$23 -> 0 | I34: 0 | J34: =$C$17*$C$19*$C$12+($C$18*$C$20*$C$12*$C$33+$C$18*$C$21*$C$12*$C$34+$C$18*$C$19*$C$12*$C$35+$C$18*$C$22*$C$12*$C$36) -> 12672982 | K34: =$C$13*(1-$C$15)*$C$12*$C$54/1000+($C$14*(1-$C$16)*$C$59/1000*$C$12*$C$33+$C$14*(1-$C$16)*$C$48/1000*$C$12*$C$34+$C$14*(1-$C$16)*$C$58/1000*$C$12*$C$35+$C$14*(1-$C$16)*$C$57/1000*$C$12*$C$36) -> 2433027.6 | L34: =$C$17*$C$54/1000*$C$12+($C$18*$C$59/1000*$C$12*$C$33+$C$18*$C$48/1000*$C$12*$C$34+$C$18*$C$58/1000*$C$12*$C$35+$C$18*$C$57/1000*$C$12*$C$36)+(J34-I34)*$C$76*$C$77 -> 5415448.4 | O34: =(H34+J34+L34+N34)-(G34+I34+K34+M34) -> 15655402
B35: Electricity | C35: ='Sc0-CBA'!H35 -> 0.19 | F35: 25 | G35: =$C$24 -> 0 | H35: =$C$23 -> 0 | I35: 0 | J35: =$C$17*$C$19*$C$12+($C$18*$C$20*$C$12*$C$33+$C$18*$C$21*$C$12*$C$34+$C$18*$C$19*$C$12*$C$35+$C$18*$C$22*$C$12*$C$36) -> 12672982 | K35: =$C$13*(1-$C$15)*$C$12*$C$54/1000+($C$14*(1-$C$16)*$C$59/1000*$C$12*$C$33+$C$14*(1-$C$16)*$C$48/1000*$C$12*$C$34+$C$14*(1-$C$16)*$C$58/1000*$C$12*$C$35+$C$14*(1-$C$16)*$C$57/1000*$C$12*$C$36) -> 2433027.6 | L35: =$C$17*$C$54/1000*$C$12+($C$18*$C$59/1000*$C$12*$C$33+$C$18*$C$48/1000*$C$12*$C$34+$C$18*$C$58/1000*$C$12*$C$35+$C$18*$C$57/1000*$C$12*$C$36)+(J35-I35)*$C$76*$C$77 -> 5415448.4 | O35: =(H35+J35+L35+N35)-(G35+I35+K35+M35) -> 15655402
B36: Biomass | C36: ='Sc0-CBA'!H36 -> 0 | F36: Total | G36: =NPV($C$26,G11:G35)+G10 -> 0 | H36: =NPV($C$26,H11:H35)+H10 -> 0 | I36: =NPV($C$26,I11:I35)+I10 -> 0 | J36: =NPV($C$26,J11:J35)+J10 -> 2.206765e+08 | K36: =NPV($C$26,K11:K35)+K10 -> 42366668 | L36: =NPV($C$26,L11:L35)+L10 -> 5.1673272e+08 | M36: =NPV($C$26,M11:M35)+M10 -> 5.6198347e+08 | N36: =NPV($C$26,N11:N35)+N10 -> 0 | O36: =NPV($C$26,O11:O35)+O10 -> 1.3305908e+08
B37: Other | C37: ='Sc0-CBA'!H37 -> 0.12
B38: Total | C38: =SUM(C33:C37) -> 0.99
B40: Building value integration | C40: 1 | D40: 1: yes, 2: no
B41: Employment method | C41: 2 | D41: 1: net, 2: gross
B42: Type of multiple benefits | C42: 0 | D42: 1-5 or 0
B45: Enviromental externalities
B46: Data | C46: external cost
C47: €/MWh
B48: Oil boiler-existing | C48: =externalities!D25 -> 51
B49: Oil boiler-new | C49: =externalities!D27 -> 43.4
B50: NG boiler-existing | C50: =externalities!D22 -> 36
B51: NG boiler-new | C51: =externalities!D24 -> 32.2
B52: HP-existing | C52: =externalities!D17 -> 36
B53: HP-new | C53: =externalities!D16 -> 21.8
B54: Electricity-current | C54: =externalities!D19 -> 48.5
B55: PV-new | C55: =externalities!D35 -> 24
B56: Solar-new | C56: =externalities!D31 -> 9.6
B57: Biomass | C57: =externalities!D34 -> 174
B58: Electric boiler | C58: =externalities!D18 -> 47
B59: ='Sc0-SCBA'!B63 -> District heating (lignite) | C59: ='Sc0-SCBA'!C63 -> 58
B61: Increase of building value
B62: Capitalization rate | C62: 0.03
B63: Total cost savings | C63: =C64+C65 -> 12672982 | D63: €
B64: Energy savings | C64: =J11-I11 -> 12672982 | D64: €
B65: O&M savings | C65: =H11-G11 -> 0 | D65: €
B66: Building value increase-total | C66: =IF(externalities!$C$12=1,C63/C62,0) -> 4.2243272e+08 | D66: €
B68: multiple benefits
B69: multiple benefits | C69: external cost
B70: Insulation + Windows + HVAC + Lighting | C70: 5
B71: Insulation + Windows | C71: 4
B72: Windows and/or HVAC and/or Lighting | C72: 3
B73: Insulation and/or HVAC and/or Lighting | C73: 2
B74: HVAC and/or Lighting | C74: 1
B76: Multiple benefits-Alternative | C76: =(IF(C42=1,0.2,IF(C42=2,0.4,IF(C42=3,0.6,IF(C42=4,0.8,IF(C42=5,1,0)))))) -> 0 | D76: multiplier-type
B77: Multiple benefits-Alternative | C77: 0.1 | D77: value
B79: VAT Rate | C79: ='Sc0-SCBA'!C83 -> 0.21

Sheet Sc1 Medium-SCBA
C1: Scenario 1 - Medium Renovation Social Cost-Benefit Analysis
B6: Instructions: | C6: all cells indicated in orange need to be filled in.
B9: Available budget for Natural Gas network expansion | C9: ='Sc1 Medium-CBA'!C9 -> 680000000 | D9: € | F9: Year | G9: Cost | H9: Benefit | I9: Fuel cost | J9: Fuel benefit | K9: External cost | L9: External benefit | M9: Investment cost | N9: Remaining value | O9: Net cash flow
B10: Unitary investment cost with subsidy | C10: ='Sc1 Medium-CBA'!C10 -> 13000 | D10: € | F10: 0 | L10: =IF(C40=1,C66,0) -> 4.4833439e+08 | M10: =(C9-C11*C12)/(1+C79) -> 5.6198347e+08 | O10: =(H10+J10+L10+N10)-(G10+I10+K10+M10) -> -1.1364908e+08
B11: Avoided cost from new fossil fuel boiler | C11: 0 | D11: € | F11: 1 | G11: =$C$24 -> 0 | H11: =$C$23 -> 0 | I11: 0 | J11: =$C$17*$C$19*$C$12+($C$18*$C$20*$C$12*$C$33+$C$18*$C$21*$C$12*$C$34+$C$18*$C$19*$C$12*$C$35+$C$18*$C$22*$C$12*$C$36) -> 13450032 | K11: =$C$13*(1-$C$15)*$C$12*$C$54/1000+($C$14*(1-$C$16)*$C$59/1000*$C$12*$C$33+$C$14*(1-$C$16)*$C$48/1000*$C$12*$C$34+$C$14*(1-$C$16)*$C$58/1000*$C$12*$C$35+$C$14*(1-$C$16)*$C$57/1000*$C$12*$C$36) -> 4515892.3 | L11: =$C$17*$C$54/1000*$C$12+($C$18*$C$59/1000*$C$12*$C$33+$C$18*$C$48/1000*$C$12*$C$34+$C$18*$C$58/1000*$C$12*$C$35+$C$18*$C$57/1000*$C$12*$C$36)+(J11-I11)*$C$76*$C$77 -> 5747499.3 | O11: =(H11+J11+L11+N11)-(G11+I11+K11+M11) -> 14681639
B12: Number of affected households | C12: =C9/C10 -> 52307.692 | D12: number of households | F12: 2 | G12: =$C$24 -> 0 | H12: =$C$23 -> 0 | I12: 0 | J12: =$C$17*$C$19*$C$12+($C$18*$C$20*$C$12*$C$33+$C$18*$C$21*$C$12*$C$34+$C$18*$C$19*$C$12*$C$35+$C$18*$C$22*$C$12*$C$36) -> 13450032 | K12: =$C$13*(1-$C$15)*$C$12*$C$54/1000+($C$14*(1-$C$16)*$C$59/1000*$C$12*$C$33+$C$14*(1-$C$16)*$C$48/1000*$C$12*$C$34+$C$14*(1-$C$16)*$C$58/1000*$C$12*$C$35+$C$14*(1-$C$16)*$C$57/1000*$C$12*$C$36) -> 4515892.3 | L12: =$C$17*$C$54/1000*$C$12+($C$18*$C$59/1000*$C$12*$C$33+$C$18*$C$48/1000*$C$12*$C$34+$C$18*$C$58/1000*$C$12*$C$35+$C$18*$C$57/1000*$C$12*$C$36)+(J12-I12)*$C$76*$C$77 -> 5747499.3 | O12: =(H12+J12+L12+N12)-(G12+I12+K12+M12) -> 14681639
B13: Unitary energy consumption for space cooling | C13: ='Sc0-CBA'!C14 -> 104 | D13: kWh | F13: 3 | G13: =$C$24 -> 0 | H13: =$C$23 -> 0 | I13: 0 | J13: =$C$17*$C$19*$C$12+($C$18*$C$20*$C$12*$C$33+$C$18*$C$21*$C$12*$C$34+$C$18*$C$19*$C$12*$C$35+$C$18*$C$22*$C$12*$C$36) -> 13450032 | K13: =$C$13*(1-$C$15)*$C$12*$C$54/1000+($C$14*(1-$C$16)*$C$59/1000*$C$12*$C$33+$C$14*(1-$C$16)*$C$48/1000*$C$12*$C$34+$C$14*(1-$C$16)*$C$58/1000*$C$12*$C$35+$C$14*(1-$C$16)*$C$57/1000*$C$12*$C$36) -> 4515892.3 | L13: =$C$17*$C$54/1000*$C$12+($C$18*$C$59/1000*$C$12*$C$33+$C$18*$C$48/1000*$C$12*$C$34+$C$18*$C$58/1000*$C$12*$C$35+$C$18*$C$57/1000*$C$12*$C$36)+(J13-I13)*$C$76*$C$77 -> 5747499.3 | O13: =(H13+J13+L13+N13)-(G13+I13+K13+M13) -> 14681639
B14: Unitary energy consumption for space heating | C14: ='Sc0-CBA'!C15 -> 4070 | D14: kWh | F14: 4 | G14: =$C$24 -> 0 | H14: =$C$23 -> 0 | I14: 0 | J14: =$C$17*$C$19*$C$12+($C$18*$C$20*$C$12*$C$33+$C$18*$C$21*$C$12*$C$34+$C$18*$C$19*$C$12*$C$35+$C$18*$C$22*$C$12*$C$36) -> 13450032 | K14: =$C$13*(1-$C$15)*$C$12*$C$54/1000+($C$14*(1-$C$16)*$C$59/1000*$C$12*$C$33+$C$14*(1-$C$16)*$C$48/1000*$C$12*$C$34+$C$14*(1-$C$16)*$C$58/1000*$C$12*$C$35+$C$14*(1-$C$16)*$C$57/1000*$C$12*$C$36) -> 4515892.3 | L14: =$C$17*$C$54/1000*$C$12+($C$18*$C$59/1000*$C$12*$C$33+$C$18*$C$48/1000*$C$12*$C$34+$C$18*$C$58/1000*$C$12*$C$35+$C$18*$C$57/1000*$C$12*$C$36)+(J14-I14)*$C$76*$C$77 -> 5747499.3 | O14: =(H14+J14+L14+N14)-(G14+I14+K14+M14) -> 14681639
B15: % of energy savings in space cooling | C15: ='Sc1 Medium-CBA'!C16 -> 0.56 | D15: % | F15: 5 | G15: =$C$24 -> 0 | H15: =$C$23 -> 0 | I15: 0 | J15: =$C$17*$C$19*$C$12+($C$18*$C$20*$C$12*$C$33+$C$18*$C$21*$C$12*$C$34+$C$18*$C$19*$C$12*$C$35+$C$18*$C$22*$C$12*$C$36) -> 13450032 | K15: =$C$13*(1-$C$15)*$C$12*$C$54/1000+($C$14*(1-$C$16)*$C$59/1000*$C$12*$C$33+$C$14*(1-$C$16)*$C$48/1000*$C$12*$C$34+$C$14*(1-$C$16)*$C$58/1000*$C$12*$C$35+$C$14*(1-$C$16)*$C$57/1000*$C$12*$C$36) -> 4515892.3 | L15: =$C$17*$C$54/1000*$C$12+($C$18*$C$59/1000*$C$12*$C$33+$C$18*$C$48/1000*$C$12*$C$34+$C$18*$C$58/1000*$C$12*$C$35+$C$18*$C$57/1000*$C$12*$C$36)+(J15-I15)*$C$76*$C$77 -> 5747499.3 | O15: =(H15+J15+L15+N15)-(G15+I15+K15+M15) -> 14681639
B16: % of energy savings in space heating | C16: ='Sc1 Medium-CBA'!C17 -> 0.56 | D16: % | F16: 6 | G16: =$C$24 -> 0 | H16: =$C$23 -> 0 | I16: 0 | J16: =$C$17*$C$19*$C$12+($C$18*$C$20*$C$12*$C$33+$C$18*$C$21*$C$12*$C$34+$C$18*$C$19*$C$12*$C$35+$C$18*$C$22*$C$12*$C$36) -> 13450032 | K16: =$C$13*(1-$C$15)*$C$12*$C$54/1000+($C$14*(1-$C$16)*$C$59/1000*$C$12*$C$33+$C$14*(1-$C$16)*$C$48/1000*$C$12*$C$34+$C$14*(1-$C$16)*$C$58/1000*$C$12*$C$35+$C$14*(1-$C$16)*$C$57/1000*$C$12*$C$36) -> 4515892.3 | L16: =$C$17*$C$54/1000*$C$12+($C$18*$C$59/1000*$C$12*$C$33+$C$18*$C$48/1000*$C$12*$C$34+$C$18*$C$58/1000*$C$12*$C$35+$C$18*$C$57/1000*$C$12*$C$36)+(J16-I16)*$C$76*$C$77 -> 5747499.3 | O16: =(H16+J16+L16+N16)-(G16+I16+K16+M16) -> 14681639
B17: Energy savings in space cooling | C17: =C13*C15 -> 58.24 | D17: kWh | F17: 7 | G17: =$C$24 -> 0 | H17: =$C$23 -> 0 | I17: 0 | J17: =$C$17*$C$19*$C$12+($C$18*$C$20*$C$12*$C$33+$C$18*$C$21*$C$12*$C$34+$C$18*$C$19*$C$12*$C$35+$C$18*$C$22*$C$12*$C$36) -> 13450032 | K17: =$C$13*(1-$C$15)*$C$12*$C$54/1000+($C$14*(1-$C$16)*$C$59/1000*$C$12*$C$33+$C$14*(1-$C$16)*$C$48/1000*$C$12*$C$34+$C$14*(1-$C$16)*$C$58/1000*$C$12*$C$35+$C$14*(1-$C$16)*$C$57/1000*$C$12*$C$36) -> 4515892.3 | L17: =$C$17*$C$54/1000*$C$12+($C$18*$C$59/1000*$C$12*$C$33+$C$18*$C$48/1000*$C$12*$C$34+$C$18*$C$58/1000*$C$12*$C$35+$C$18*$C$57/1000*$C$12*$C$36)+(J17-I17)*$C$76*$C$77 -> 5747499.3 | O17: =(H17+J17+L17+N17)-(G17+I17+K17+M17) -> 14681639
B18: Energy savings in space heating | C18: =C14*C16 -> 2279.2 | D18: kWh | F18: 8 | G18: =$C$24 -> 0 | H18: =$C$23 -> 0 | I18: 0 | J18: =$C$17*$C$19*$C$12+($C$18*$C$20*$C$12*$C$33+$C$18*$C$21*$C$12*$C$34+$C$18*$C$19*$C$12*$C$35+$C$18*$C$22*$C$12*$C$36) -> 13450032 | K18: =$C$13*(1-$C$15)*$C$12*$C$54/1000+($C$14*(1-$C$16)*$C$59/1000*$C$12*$C$33+$C$14*(1-$C$16)*$C$48/1000*$C$12*$C$34+$C$14*(1-$C$16)*$C$58/1000*$C$12*$C$35+$C$14*(1-$C$16)*$C$57/1000*$C$12*$C$36) -> 4515892.3 | L18: =$C$17*$C$54/1000*$C$12+($C$18*$C$59/1000*$C$12*$C$33+$C$18*$C$48/1000*$C$12*$C$34+$C$18*$C$58/1000*$C$12*$C$35+$C$18*$C$57/1000*$C$12*$C$36)+(J18-I18)*$C$76*$C$77 -> 5747499.3 | O18: =(H18+J18+L18+N18)-(G18+I18+K18+M18) -> 14681639
B19: Electricity price | C19: ='Energy prices'!$D$6/1000 -> 0.212 | D19: €/kWh | F19: 9 | G19: =$C$24 -> 0 | H19: =$C$23 -> 0 | I19: 0 | J19: =$C$17*$C$19*$C$12+($C$18*$C$20*$C$12*$C$33+$C$18*$C$21*$C$12*$C$34+$C$18*$C$19*$C$12*$C$35+$C$18*$C$22*$C$12*$C$36) -> 13450032 | K19: =$C$13*(1-$C$15)*$C$12*$C$54/1000+($C$14*(1-$C$16)*$C$59/1000*$C$12*$C$33+$C$14*(1-$C$16)*$C$48/1000*$C$12*$C$34+$C$14*(1-$C$16)*$C$58/1000*$C$12*$C$35+$C$14*(1-$C$16)*$C$57/1000*$C$12*$C$36) -> 4515892.3 | L19: =$C$17*$C$54/1000*$C$12+($C$18*$C$59/1000*$C$12*$C$33+$C$18*$C$48/1000*$C$12*$C$34+$C$18*$C$58/1000*$C$12*$C$35+$C$18*$C$57/1000*$C$12*$C$36)+(J19-I19)*$C$76*$C$77 -> 5747499.3 | O19: =(H19+J19+L19+N19)-(G19+I19+K19+M19) -> 14681639
B20: ='Sc0-SCBA'!B25 -> Natural gas price | C20: ='Sc0-SCBA'!C25 -> 0.094 | D20: €/kWh | F20: 10 | G20: =$C$24 -> 0 | H20: =$C$23 -> 0 | I20: 0 | J20: =$C$17*$C$19*$C$12+($C$18*$C$20*$C$12*$C$33+$C$18*$C$21*$C$12*$C$34+$C$18*$C$19*$C$12*$C$35+$C$18*$C$22*$C$12*$C$36) -> 13450032 | K20: =$C$13*(1-$C$15)*$C$12*$C$54/1000+($C$14*(1-$C$16)*$C$59/1000*$C$12*$C$33+$C$14*(1-$C$16)*$C$48/1000*$C$12*$C$34+$C$14*(1-$C$16)*$C$58/1000*$C$12*$C$35+$C$14*(1-$C$16)*$C$57/1000*$C$12*$C$36) -> 4515892.3 | L20: =$C$17*$C$54/1000*$C$12+($C$18*$C$59/1000*$C$12*$C$33+$C$18*$C$48/1000*$C$12*$C$34+$C$18*$C$58/1000*$C$12*$C$35+$C$18*$C$57/1000*$C$12*$C$36)+(J20-I20)*$C$76*$C$77 -> 5747499.3 | O20: =(H20+J20+L20+N20)-(G20+I20+K20+M20) -> 14681639
B21: ='Sc0-CBA'!B27 -> Petroleum price | C21: ='Energy prices'!C7/1000 -> 0.11 | D21: €/kWh | F21: 11 | G21: =$C$24 -> 0 | H21: =$C$23 -> 0 | I21: 0 | J21: =$C$17*$C$19*$C$12+($C$18*$C$20*$C$12*$C$33+$C$18*$C$21*$C$12*$C$34+$C$18*$C$19*$C$12*$C$35+$C$18*$C$22*$C$12*$C$36) -> 13450032 | K21: =$C$13*(1-$C$15)*$C$12*$C$54/1000+($C$14*(1-$C$16)*$C$59/1000*$C$12*$C$33+$C$14*(1-$C$16)*$C$48/1000*$C$12*$C$34+$C$14*(1-$C$16)*$C$58/1000*$C$12*$C$35+$C$14*(1-$C$16)*$C$57/1000*$C$12*$C$36) -> 4515892.3 | L21: =$C$17*$C$54/1000*$C$12+($C$18*$C$59/1000*$C$12*$C$33+$C$18*$C$48/1000*$C$12*$C$34+$C$18*$C$58/1000*$C$12*$C$35+$C$18*$C$57/1000*$C$12*$C$36)+(J21-I21)*$C$76*$C$77 -> 5747499.3 | O21: =(H21+J21+L21+N21)-(G21+I21+K21+M21) -> 14681639
B22: Biomass price | C22: ='Energy prices'!C10/1000 -> 0.017 | D22: €/kWh | F22: 12 | G22: =$C$24 -> 0 | H22: =$C$23 -> 0 | I22: 0 | J22: =$C$17*$C$19*$C$12+($C$18*$C$20*$C$12*$C$33+$C$18*$C$21*$C$12*$C$34+$C$18*$C$19*$C$12*$C$35+$C$18*$C$22*$C$12*$C$36) -> 13450032 | K22: =$C$13*(1-$C$15)*$C$12*$C$54/1000+($C$14*(1-$C$16)*$C$59/1000*$C$12*$C$33+$C$14*(1-$C$16)*$C$48/1000*$C$12*$C$34+$C$14*(1-$C$16)*$C$58/1000*$C$12*$C$35+$C$14*(1-$C$16)*$C$57/1000*$C$12*$C$36) -> 4515892.3 | L22: =$C$17*$C$54/1000*$C$12+($C$18*$C$59/1000*$C$12*$C$33+$C$18*$C$48/1000*$C$12*$C$34+$C$18*$C$58/1000*$C$12*$C$35+$C$18*$C$57/1000*$C$12*$C$36)+(J22-I22)*$C$76*$C$77 -> 5747499.3 | O22: =(H22+J22+L22+N22)-(G22+I22+K22+M22) -> 14681639
B23: Cost of operation and maintenance - Baseline scenario | C23: 0 | D23: € | F23: 13 | G23: =$C$24 -> 0 | H23: =$C$23 -> 0 | I23: 0 | J23: =$C$17*$C$19*$C$12+($C$18*$C$20*$C$12*$C$33+$C$18*$C$21*$C$12*$C$34+$C$18*$C$19*$C$12*$C$35+$C$18*$C$22*$C$12*$C$36) -> 13450032 | K23: =$C$13*(1-$C$15)*$C$12*$C$54/1000+($C$14*(1-$C$16)*$C$59/1000*$C$12*$C$33+$C$14*(1-$C$16)*$C$48/1000*$C$12*$C$34+$C$14*(1-$C$16)*$C$58/1000*$C$12*$C$35+$C$14*(1-$C$16)*$C$57/1000*$C$12*$C$36) -> 4515892.3 | L23: =$C$17*$C$54/1000*$C$12+($C$18*$C$59/1000*$C$12*$C$33+$C$18*$C$48/1000*$C$12*$C$34+$C$18*$C$58/1000*$C$12*$C$35+$C$18*$C$57/1000*$C$12*$C$36)+(J23-I23)*$C$76*$C$77 -> 5747499.3 | O23: =(H23+J23+L23+N23)-(G23+I23+K23+M23) -> 14681639
B24: Cost of operation and maintenance - Alternative scenario | C24: 0 | D24: € | F24: 14 | G24: =$C$24 -> 0 | H24: =$C$23 -> 0 | I24: 0 | J24: =$C$17*$C$19*$C$12+($C$18*$C$20*$C$12*$C$33+$C$18*$C$21*$C$12*$C$34+$C$18*$C$19*$C$12*$C$35+$C$18*$C$22*$C$12*$C$36) -> 13450032 | K24: =$C$13*(1-$C$15)*$C$12*$C$54/1000+($C$14*(1-$C$16)*$C$59/1000*$C$12*$C$33+$C$14*(1-$C$16)*$C$48/1000*$C$12*$C$34+$C$14*(1-$C$16)*$C$58/1000*$C$12*$C$35+$C$14*(1-$C$16)*$C$57/1000*$C$12*$C$36) -> 4515892.3 | L24: =$C$17*$C$54/1000*$C$12+($C$18*$C$59/1000*$C$12*$C$33+$C$18*$C$48/1000*$C$12*$C$34+$C$18*$C$58/1000*$C$12*$C$35+$C$18*$C$57/1000*$C$12*$C$36)+(J24-I24)*$C$76*$C$77 -> 5747499.3 | O24: =(H24+J24+L24+N24)-(G24+I24+K24+M24) -> 14681639
B25: Remaining value | C25: 0.1 | D25: % of investment cost | F25: 15 | G25: =$C$24 -> 0 | H25: =$C$23 -> 0 | I25: 0 | J25: =$C$17*$C$19*$C$12+($C$18*$C$20*$C$12*$C$33+$C$18*$C$21*$C$12*$C$34+$C$18*$C$19*$C$12*$C$35+$C$18*$C$22*$C$12*$C$36) -> 13450032 | K25: =$C$13*(1-$C$15)*$C$12*$C$54/1000+($C$14*(1-$C$16)*$C$59/1000*$C$12*$C$33+$C$14*(1-$C$16)*$C$48/1000*$C$12*$C$34+$C$14*(1-$C$16)*$C$58/1000*$C$12*$C$35+$C$14*(1-$C$16)*$C$57/1000*$C$12*$C$36) -> 4515892.3 | L25: =$C$17*$C$54/1000*$C$12+($C$18*$C$59/1000*$C$12*$C$33+$C$18*$C$48/1000*$C$12*$C$34+$C$18*$C$58/1000*$C$12*$C$35+$C$18*$C$57/1000*$C$12*$C$36)+(J25-I25)*$C$76*$C$77 -> 5747499.3 | O25: =(H25+J25+L25+N25)-(G25+I25+K25+M25) -> 14681639
B26: Discount rate | C26: 0.03 | D26: % | F26: 16 | G26: =$C$24 -> 0 | H26: =$C$23 -> 0 | I26: 0 | J26: =$C$17*$C$19*$C$12+($C$18*$C$20*$C$12*$C$33+$C$18*$C$21*$C$12*$C$34+$C$18*$C$19*$C$12*$C$35+$C$18*$C$22*$C$12*$C$36) -> 13450032 | K26: =$C$13*(1-$C$15)*$C$12*$C$54/1000+($C$14*(1-$C$16)*$C$59/1000*$C$12*$C$33+$C$14*(1-$C$16)*$C$48/1000*$C$12*$C$34+$C$14*(1-$C$16)*$C$58/1000*$C$12*$C$35+$C$14*(1-$C$16)*$C$57/1000*$C$12*$C$36) -> 4515892.3 | L26: =$C$17*$C$54/1000*$C$12+($C$18*$C$59/1000*$C$12*$C$33+$C$18*$C$48/1000*$C$12*$C$34+$C$18*$C$58/1000*$C$12*$C$35+$C$18*$C$57/1000*$C$12*$C$36)+(J26-I26)*$C$76*$C$77 -> 5747499.3 | O26: =(H26+J26+L26+N26)-(G26+I26+K26+M26) -> 14681639
F27: 17 | G27: =$C$24 -> 0 | H27: =$C$23 -> 0 | I27: 0 | J27: =$C$17*$C$19*$C$12+($C$18*$C$20*$C$12*$C$33+$C$18*$C$21*$C$12*$C$34+$C$18*$C$19*$C$12*$C$35+$C$18*$C$22*$C$12*$C$36) -> 13450032 | K27: =$C$13*(1-$C$15)*$C$12*$C$54/1000+($C$14*(1-$C$16)*$C$59/1000*$C$12*$C$33+$C$14*(1-$C$16)*$C$48/1000*$C$12*$C$34+$C$14*(1-$C$16)*$C$58/1000*$C$12*$C$35+$C$14*(1-$C$16)*$C$57/1000*$C$12*$C$36) -> 4515892.3 | L27: =$C$17*$C$54/1000*$C$12+($C$18*$C$59/1000*$C$12*$C$33+$C$18*$C$48/1000*$C$12*$C$34+$C$18*$C$58/1000*$C$12*$C$35+$C$18*$C$57/1000*$C$12*$C$36)+(J27-I27)*$C$76*$C$77 -> 5747499.3 | O27: =(H27+J27+L27+N27)-(G27+I27+K27+M27) -> 14681639
B28: NPV | C28: =NPV(C26,O11:O35)+O10 -> 1.4200446e+08 | F28: 18 | G28: =$C$24 -> 0 | H28: =$C$23 -> 0 | I28: 0 | J28: =$C$17*$C$19*$C$12+($C$18*$C$20*$C$12*$C$33+$C$18*$C$21*$C$12*$C$34+$C$18*$C$19*$C$12*$C$35+$C$18*$C$22*$C$12*$C$36) -> 13450032 | K28: =$C$13*(1-$C$15)*$C$12*$C$54/1000+($C$14*(1-$C$16)*$C$59/1000*$C$12*$C$33+$C$14*(1-$C$16)*$C$48/1000*$C$12*$C$34+$C$14*(1-$C$16)*$C$58/1000*$C$12*$C$35+$C$14*(1-$C$16)*$C$57/1000*$C$12*$C$36) -> 4515892.3 | L28: =$C$17*$C$54/1000*$C$12+($C$18*$C$59/1000*$C$12*$C$33+$C$18*$C$48/1000*$C$12*$C$34+$C$18*$C$58/1000*$C$12*$C$35+$C$18*$C$57/1000*$C$12*$C$36)+(J28-I28)*$C$76*$C$77 -> 5747499.3 | O28: =(H28+J28+L28+N28)-(G28+I28+K28+M28) -> 14681639
B29: IRR | C29: =IRR(O10:O35) -> 0.12190026 | F29: 19 | G29: =$C$24 -> 0 | H29: =$C$23 -> 0 | I29: 0 | J29: =$C$17*$C$19*$C$12+($C$18*$C$20*$C$12*$C$33+$C$18*$C$21*$C$12*$C$34+$C$18*$C$19*$C$12*$C$35+$C$18*$C$22*$C$12*$C$36) -> 13450032 | K29: =$C$13*(1-$C$15)*$C$12*$C$54/1000+($C$14*(1-$C$16)*$C$59/1000*$C$12*$C$33+$C$14*(1-$C$16)*$C$48/1000*$C$12*$C$34+$C$14*(1-$C$16)*$C$58/1000*$C$12*$C$35+$C$14*(1-$C$16)*$C$57/1000*$C$12*$C$36) -> 4515892.3 | L29: =$C$17*$C$54/1000*$C$12+($C$18*$C$59/1000*$C$12*$C$33+$C$18*$C$48/1000*$C$12*$C$34+$C$18*$C$58/1000*$C$12*$C$35+$C$18*$C$57/1000*$C$12*$C$36)+(J29-I29)*$C$76*$C$77 -> 5747499.3 | O29: =(H29+J29+L29+N29)-(G29+I29+K29+M29) -> 14681639
B30: B/C | C30: =(H36+J36+L36)/(G36+I36+K36) -> 9.9525005 | F30: 20 | G30: =$C$24 -> 0 | H30: =$C$23 -> 0 | I30: 0 | J30: =$C$17*$C$19*$C$12+($C$18*$C$20*$C$12*$C$33+$C$18*$C$21*$C$12*$C$34+$C$18*$C$19*$C$12*$C$35+$C$18*$C$22*$C$12*$C$36) -> 13450032 | K30: =$C$13*(1-$C$15)*$C$12*$C$54/1000+($C$14*(1-$C$16)*$C$59/1000*$C$12*$C$33+$C$14*(1-$C$16)*$C$48/1000*$C$12*$C$34+$C$14*(1-$C$16)*$C$58/1000*$C$12*$C$35+$C$14*(1-$C$16)*$C$57/1000*$C$12*$C$36) -> 4515892.3 | L30: =$C$17*$C$54/1000*$C$12+($C$18*$C$59/1000*$C$12*$C$33+$C$18*$C$48/1000*$C$12*$C$34+$C$18*$C$58/1000*$C$12*$C$35+$C$18*$C$57/1000*$C$12*$C$36)+(J30-I30)*$C$76*$C$77 -> 5747499.3 | O30: =(H30+J30+L30+N30)-(G30+I30+K30+M30) -> 14681639
F31: 21 | G31: =$C$24 -> 0 | H31: =$C$23 -> 0 | I31: 0 | J31: =$C$17*$C$19*$C$12+($C$18*$C$20*$C$12*$C$33+$C$18*$C$21*$C$12*$C$34+$C$18*$C$19*$C$12*$C$35+$C$18*$C$22*$C$12*$C$36) -> 13450032 | K31: =$C$13*(1-$C$15)*$C$12*$C$54/1000+($C$14*(1-$C$16)*$C$59/1000*$C$12*$C$33+$C$14*(1-$C$16)*$C$48/1000*$C$12*$C$34+$C$14*(1-$C$16)*$C$58/1000*$C$12*$C$35+$C$14*(1-$C$16)*$C$57/1000*$C$12*$C$36) -> 4515892.3 | L31: =$C$17*$C$54/1000*$C$12+($C$18*$C$59/1000*$C$12*$C$33+$C$18*$C$48/1000*$C$12*$C$34+$C$18*$C$58/1000*$C$12*$C$35+$C$18*$C$57/1000*$C$12*$C$36)+(J31-I31)*$C$76*$C$77 -> 5747499.3 | O31: =(H31+J31+L31+N31)-(G31+I31+K31+M31) -> 14681639
B32: ='Sc0-CBA'!G32 -> Fuel share per households in the region | F32: 22 | G32: =$C$24 -> 0 | H32: =$C$23 -> 0 | I32: 0 | J32: =$C$17*$C$19*$C$12+($C$18*$C$20*$C$12*$C$33+$C$18*$C$21*$C$12*$C$34+$C$18*$C$19*$C$12*$C$35+$C$18*$C$22*$C$12*$C$36) -> 13450032 | K32: =$C$13*(1-$C$15)*$C$12*$C$54/1000+($C$14*(1-$C$16)*$C$59/1000*$C$12*$C$33+$C$14*(1-$C$16)*$C$48/1000*$C$12*$C$34+$C$14*(1-$C$16)*$C$58/1000*$C$12*$C$35+$C$14*(1-$C$16)*$C$57/1000*$C$12*$C$36) -> 4515892.3 | L32: =$C$17*$C$54/1000*$C$12+($C$18*$C$59/1000*$C$12*$C$33+$C$18*$C$48/1000*$C$12*$C$34+$C$18*$C$58/1000*$C$12*$C$35+$C$18*$C$57/1000*$C$12*$C$36)+(J32-I32)*$C$76*$C$77 -> 5747499.3 | O32: =(H32+J32+L32+N32)-(G32+I32+K32+M32) -> 14681639
B33: ='Sc0-CBA'!G33 -> Natural gas | C33: ='Sc0-CBA'!H33 -> 0.48 | F33: 23 | G33: =$C$24 -> 0 | H33: =$C$23 -> 0 | I33: 0 | J33: =$C$17*$C$19*$C$12+($C$18*$C$20*$C$12*$C$33+$C$18*$C$21*$C$12*$C$34+$C$18*$C$19*$C$12*$C$35+$C$18*$C$22*$C$12*$C$36) -> 13450032 | K33: =$C$13*(1-$C$15)*$C$12*$C$54/1000+($C$14*(1-$C$16)*$C$59/1000*$C$12*$C$33+$C$14*(1-$C$16)*$C$48/1000*$C$12*$C$34+$C$14*(1-$C$16)*$C$58/1000*$C$12*$C$35+$C$14*(1-$C$16)*$C$57/1000*$C$12*$C$36) -> 4515892.3 | L33: =$C$17*$C$54/1000*$C$12+($C$18*$C$59/1000*$C$12*$C$33+$C$18*$C$48/1000*$C$12*$C$34+$C$18*$C$58/1000*$C$12*$C$35+$C$18*$C$57/1000*$C$12*$C$36)+(J33-I33)*$C$76*$C$77 -> 5747499.3 | O33: =(H33+J33+L33+N33)-(G33+I33+K33+M33) -> 14681639
B34: ='Sc0-CBA'!G34 -> Petroleum derivatives | C34: ='Sc0-CBA'!H34 -> 0.2 | F34: 24 | G34: =$C$24 -> 0 | H34: =$C$23 -> 0 | I34: 0 | J34: =$C$17*$C$19*$C$12+($C$18*$C$20*$C$12*$C$33+$C$18*$C$21*$C$12*$C$34+$C$18*$C$19*$C$12*$C$35+$C$18*$C$22*$C$12*$C$36) -> 13450032 | K34: =$C$13*(1-$C$15)*$C$12*$C$54/1000+($C$14*(1-$C$16)*$C$59/1000*$C$12*$C$33+$C$14*(1-$C$16)*$C$48/1000*$C$12*$C$34+$C$14*(1-$C$16)*$C$58/1000*$C$12*$C$35+$C$14*(1-$C$16)*$C$57/1000*$C$12*$C$36) -> 4515892.3 | L34: =$C$17*$C$54/1000*$C$12+($C$18*$C$59/1000*$C$12*$C$33+$C$18*$C$48/1000*$C$12*$C$34+$C$18*$C$58/1000*$C$12*$C$35+$C$18*$C$57/1000*$C$12*$C$36)+(J34-I34)*$C$76*$C$77 -> 5747499.3 | O34: =(H34+J34+L34+N34)-(G34+I34+K34+M34) -> 14681639
B35: Electricity | C35: ='Sc0-CBA'!H35 -> 0.19 | F35: 25 | G35: =$C$24 -> 0 | H35: =$C$23 -> 0 | I35: 0 | J35: =$C$17*$C$19*$C$12+($C$18*$C$20*$C$12*$C$33+$C$18*$C$21*$C$12*$C$34+$C$18*$C$19*$C$12*$C$35+$C$18*$C$22*$C$12*$C$36) -> 13450032 | K35: =$C$13*(1-$C$15)*$C$12*$C$54/1000+($C$14*(1-$C$16)*$C$59/1000*$C$12*$C$33+$C$14*(1-$C$16)*$C$48/1000*$C$12*$C$34+$C$14*(1-$C$16)*$C$58/1000*$C$12*$C$35+$C$14*(1-$C$16)*$C$57/1000*$C$12*$C$36) -> 4515892.3 | L35: =$C$17*$C$54/1000*$C$12+($C$18*$C$59/1000*$C$12*$C$33+$C$18*$C$48/1000*$C$12*$C$34+$C$18*$C$58/1000*$C$12*$C$35+$C$18*$C$57/1000*$C$12*$C$36)+(J35-I35)*$C$76*$C$77 -> 5747499.3 | O35: =(H35+J35+L35+N35)-(G35+I35+K35+M35) -> 14681639
B36: Biomass | C36: ='Sc0-CBA'!H36 -> 0 | F36: Total | G36: =NPV($C$26,G11:G35)+G10 -> 0 | H36: =NPV($C$26,H11:H35)+H10 -> 0 | I36: =NPV($C$26,I11:I35)+I10 -> 0 | J36: =NPV($C$26,J11:J35)+J10 -> 2.3420739e+08 | K36: =NPV($C$26,K11:K35)+K10 -> 78635900 | L36: =NPV($C$26,L11:L35)+L10 -> 5.4841645e+08 | M36: =NPV($C$26,M11:M35)+M10 -> 5.6198347e+08 | N36: =NPV($C$26,N11:N35)+N10 -> 0 | O36: =NPV($C$26,O11:O35)+O10 -> 1.4200446e+08
B37: Other | C37: ='Sc0-CBA'!H37 -> 0.12
B38: Total | C38: =SUM(C33:C37) -> 0.99
B40: Building value integration | C40: 1 | D40: 1: yes, 2: no
B41: Employment method | C41: 2 | D41: 1: net, 2: gross
B42: Type of multiple benefits | C42: 0 | D42: 1-5 or 0
B45: Enviromental externalities
B46: Data | C46: external cost
C47: €/MWh
B48: Oil boiler-existing | C48: =externalities!D25 -> 51
B49: Oil boiler-new | C49: =externalities!D27 -> 43.4
B50: NG boiler-existing | C50: =externalities!D22 -> 36
B51: NG boiler-new | C51: =externalities!D24 -> 32.2
B52: HP-existing | C52: =externalities!D17 -> 36
B53: HP-new | C53: =externalities!D16 -> 21.8
B54: Electricity-current | C54: =externalities!D19 -> 48.5
B55: PV-new | C55: =externalities!D35 -> 24
B56: Solar-new | C56: =externalities!D31 -> 9.6
B57: Biomass | C57: =externalities!D34 -> 174
B58: Electric boiler | C58: =externalities!D18 -> 47
B59: ='Sc0-SCBA'!B63 -> District heating (lignite) | C59: ='Sc0-SCBA'!C63 -> 58
B61: Increase of building value
B62: Capitalization rate | C62: 0.03
B63: Total cost savings | C63: =C64+C65 -> 13450032 | D63: €
B64: Energy savings | C64: =J11-I11 -> 13450032 | D64: €
B65: O&M savings | C65: =H11-G11 -> 0 | D65: €
B66: Building value increase-total | C66: =IF(externalities!$C$12=1,C63/C62,0) -> 4.4833439e+08 | D66: €
B68: multiple benefits
B69: multiple benefits | C69: external cost
B70: Insulation + Windows + HVAC + Lighting | C70: 5
B71: Insulation + Windows | C71: 4
B72: Windows and/or HVAC and/or Lighting | C72: 3
B73: Insulation and/or HVAC and/or Lighting | C73: 2
B74: HVAC and/or Lighting | C74: 1
B76: Multiple benefits-Alternative | C76: =(IF(C42=1,0.2,IF(C42=2,0.4,IF(C42=3,0.6,IF(C42=4,0.8,IF(C42=5,1,0)))))) -> 0 | D76: multiplier-type
B77: Multiple benefits-Alternative | C77: 0.1 | D77: value
B79: VAT Rate | C79: ='Sc0-SCBA'!C83 -> 0.21

Sheet Sc2-CBA
C1: Scenario 2 - Heat pump implementation - Cost-Benefit Analysis
B6: Instructions: | C6: all cells indicated in orange need to be filled in.
B9: Available budget for Natural Gas network expansion | C9: ='Sc0-CBA'!C9 -> 680000000 | D9: € | F9: Year | G9: Cost | H9: Benefit | I9: Fuel cost | J9: Fuel benefit | K9: Investment cost | L9: Remaining value | M9: Net cash flow
B10: Unitary investment cost | C10: 10000 | D10: € | F10: 0 | K10: =C9-C12*C13 -> 544000000 | M10: =(H10+J10+L10)-(G10+I10+K10) -> -544000000
B11: Unitary investment cost with subsidy | C11: =C10*(1-C42) -> 10000 | D11: € | F11: 1 | G11: =$C$33 -> 0 | H11: =$C$32 -> 0 | I11: =$C$15*$C$17/$C$21*$C$28*$C$13*$I$37+$C$15*$C$16/$C$21*$C$28*$C$13*$I$38+$C$15*$C$20/$C$21*$C$28*$C$13*$I$39+$C$15*$C$18/$C$21*$C$28*$C$13*$I$40 -> 16782726 | J11: =$C$15*$C$29*$C$13*$I$37+$C$15*$C$30*$C$13*$I$38+$C$15*$C$28*$C$13*$I$39+$C$15*$C$31*$C$13*$I$40 -> 33853283 | M11: =(H11+J11+L11)-(G11+I11+K11) -> 17070557
B12: Avoided cost from natural gas boiler | C12: ='Sc0-CBA'!C11 -> 2000 | D12: € | F12: 2 | G12: =$C$33 -> 0 | H12: =$C$32 -> 0 | I12: =$C$15*$C$17/$C$21*$C$28*$C$13*$I$37+$C$15*$C$16/$C$21*$C$28*$C$13*$I$38+$C$15*$C$20/$C$21*$C$28*$C$13*$I$39+$C$15*$C$18/$C$21*$C$28*$C$13*$I$40 -> 16782726 | J12: =$C$15*$C$29*$C$13*$I$37+$C$15*$C$30*$C$13*$I$38+$C$15*$C$28*$C$13*$I$39+$C$15*$C$31*$C$13*$I$40 -> 33853283 | M12: =(H12+J12+L12)-(G12+I12+K12) -> 17070557
B13: Number of affected households | C13: =C9/C11 -> 68000 | D13: number of households | F13: 3 | G13: =$C$33 -> 0 | H13: =$C$32 -> 0 | I13: =$C$15*$C$17/$C$21*$C$28*$C$13*$I$37+$C$15*$C$16/$C$21*$C$28*$C$13*$I$38+$C$15*$C$20/$C$21*$C$28*$C$13*$I$39+$C$15*$C$18/$C$21*$C$28*$C$13*$I$40 -> 16782726 | J13: =$C$15*C44*$C$13*$I$37+$C$15*C48*$C$13*$I$38+$C$15*$C$28*$C$13*$I$39+$C$15*$C$31*$C$13*$I$40 -> 33992859 | M13: =(H13+J13+L13)-(G13+I13+K13) -> 17210132
B14: Unitary energy consumption for space cooling | C14: ='Sc0-CBA'!C14 -> 104 | D14: kWh | F14: 4 | G14: =$C$33 -> 0 | H14: =$C$32 -> 0 | I14: =$C$15*$C$17/$C$21*$C$28*$C$13*$I$37+$C$15*$C$16/$C$21*$C$28*$C$13*$I$38+$C$15*$C$20/$C$21*$C$28*$C$13*$I$39+$C$15*$C$18/$C$21*$C$28*$C$13*$I$40 -> 16782726 | J14: =$C$15*C45*$C$13*$I$37+$C$15*C49*$C$13*$I$38+$C$15*$C$28*$C$13*$I$39+$C$15*$C$31*$C$13*$I$40 -> 34800998 | M14: =(H14+J14+L14)-(G14+I14+K14) -> 18018272
B15: Unitary energy consumption for space heating | C15: ='Sc0-CBA'!C15 -> 4070 | D15: kWh | F15: 5 | G15: =$C$33 -> 0 | H15: =$C$32 -> 0 | I15: =$C$15*$C$17/$C$21*$C$28*$C$13*$I$37+$C$15*$C$16/$C$21*$C$28*$C$13*$I$38+$C$15*$C$20/$C$21*$C$28*$C$13*$I$39+$C$15*$C$18/$C$21*$C$28*$C$13*$I$40 -> 16782726 | J15: =$C$15*C46*$C$13*$I$37+$C$15*C50*$C$13*$I$38+$C$15*$C$28*$C$13*$I$39+$C$15*$C$31*$C$13*$I$40 -> 34989195 | M15: =(H15+J15+L15)-(G15+I15+K15) -> 18206468
B16: ='Sc0-CBA'!B19 -> Degree of efficiency of petroleum boiler | C16: ='Sc0-CBA'!C19 -> 0.8 | D16: % | F16: 6 | G16: =$C$33 -> 0 | H16: =$C$32 -> 0 | I16: =$C$15*$C$17/$C$21*$C$28*$C$13*$I$37+$C$15*$C$16/$C$21*$C$28*$C$13*$I$38+$C$15*$C$20/$C$21*$C$28*$C$13*$I$39+$C$15*$C$18/$C$21*$C$28*$C$13*$I$40 -> 16782726 | J16: =$C$15*$C$47*$C$13*$I$37+$C$15*$C$51*$C$13*$I$38+$C$15*$C$28*$C$13*$I$39+$C$15*$C$31*$C$13*$I$40 -> 35177392 | M16: =(H16+J16+L16)-(G16+I16+K16) -> 18394665
B17: ='Sc0-CBA'!B17 -> Degree of efficiency of existing natural gas boiler | C17: ='Sc0-CBA'!C17 -> 0.85 | D17: % | F17: 7 | G17: =$C$33 -> 0 | H17: =$C$32 -> 0 | I17: =$C$15*$C$17/$C$21*$C$28*$C$13*$I$37+$C$15*$C$16/$C$21*$C$28*$C$13*$I$38+$C$15*$C$20/$C$21*$C$28*$C$13*$I$39+$C$15*$C$18/$C$21*$C$28*$C$13*$I$40 -> 16782726 | J17: =$C$15*$C$47*$C$13*$I$37+$C$15*$C$51*$C$13*$I$38+$C$15*$C$28*$C$13*$I$39+$C$15*$C$31*$C$13*$I$40 -> 35177392 | M17: =(H17+J17+L17)-(G17+I17+K17) -> 18394665
B18: Degree of efficiency of biomass boiler | C18: ='Sc0-CBA'!C20 -> 0.3 | D18: % | F18: 8 | G18: =$C$33 -> 0 | H18: =$C$32 -> 0 | I18: =$C$15*$C$17/$C$21*$C$28*$C$13*$I$37+$C$15*$C$16/$C$21*$C$28*$C$13*$I$38+$C$15*$C$20/$C$21*$C$28*$C$13*$I$39+$C$15*$C$18/$C$21*$C$28*$C$13*$I$40 -> 16782726 | J18: =$C$15*$C$47*$C$13*$I$37+$C$15*$C$51*$C$13*$I$38+$C$15*$C$28*$C$13*$I$39+$C$15*$C$31*$C$13*$I$40 -> 35177392 | M18: =(H18+J18+L18)-(G18+I18+K18) -> 18394665
B19: Degree of efficiency of new natural gas boiler | C19: ='Sc0-CBA'!C16 -> 0.95 | D19: % | F19: 9 | G19: =$C$33 -> 0 | H19: =$C$32 -> 0 | I19: =$C$15*$C$17/$C$21*$C$28*$C$13*$I$37+$C$15*$C$16/$C$21*$C$28*$C$13*$I$38+$C$15*$C$20/$C$21*$C$28*$C$13*$I$39+$C$15*$C$18/$C$21*$C$28*$C$13*$I$40 -> 16782726 | J19: =$C$15*$C$47*$C$13*$I$37+$C$15*$C$51*$C$13*$I$38+$C$15*$C$28*$C$13*$I$39+$C$15*$C$31*$C$13*$I$40 -> 35177392 | M19: =(H19+J19+L19)-(G19+I19+K19) -> 18394665
B20: ='Sc0-CBA'!B21 -> Degree of efficiency of electric boiler | C20: ='Sc0-CBA'!C21 -> 1 | D20: % | F20: 10 | G20: =$C$33 -> 0 | H20: =$C$32 -> 0 | I20: =$C$15*$C$17/$C$21*$C$28*$C$13*$I$37+$C$15*$C$16/$C$21*$C$28*$C$13*$I$38+$C$15*$C$20/$C$21*$C$28*$C$13*$I$39+$C$15*$C$18/$C$21*$C$28*$C$13*$I$40 -> 16782726 | J20: =$C$15*$C$47*$C$13*$I$37+$C$15*$C$51*$C$13*$I$38+$C$15*$C$28*$C$13*$I$39+$C$15*$C$31*$C$13*$I$40 -> 35177392 | M20: =(H20+J20+L20)-(G20+I20+K20) -> 18394665
B21: Degree of efficiency of heat pump | C21: 3 | F21: 11 | G21: =$C$33 -> 0 | H21: =$C$32 -> 0 | I21: =$C$15*$C$17/$C$21*$C$28*$C$13*$I$37+$C$15*$C$16/$C$21*$C$28*$C$13*$I$38+$C$15*$C$20/$C$21*$C$28*$C$13*$I$39+$C$15*$C$18/$C$21*$C$28*$C$13*$I$40 -> 16782726 | J21: =$C$15*$C$47*$C$13*$I$37+$C$15*$C$51*$C$13*$I$38+$C$15*$C$28*$C$13*$I$39+$C$15*$C$31*$C$13*$I$40 -> 35177392 | M21: =(H21+J21+L21)-(G21+I21+K21) -> 18394665
B22: Average efficiency after interventions | C22: =($C$17/$C$21)*I37+($C$16/$C$21)*I38+($C$20/$C$21)*I39+($C$18/$C$21)*I40 -> 0.25266667 | D22: % | F22: 12 | G22: =$C$33 -> 0 | H22: =$C$32 -> 0 | I22: =$C$15*$C$17/$C$21*$C$28*$C$13*$I$37+$C$15*$C$16/$C$21*$C$28*$C$13*$I$38+$C$15*$C$20/$C$21*$C$28*$C$13*$I$39+$C$15*$C$18/$C$21*$C$28*$C$13*$I$40 -> 16782726 | J22: =$C$15*$C$47*$C$13*$I$37+$C$15*$C$51*$C$13*$I$38+$C$15*$C$28*$C$13*$I$39+$C$15*$C$31*$C$13*$I$40 -> 35177392 | L22: =C9*C34 -> 0 | M22: =(H22+J22+L22)-(G22+I22+K22) -> 18394665
B23: Unitary energy consumption for space heating after interventions | C23: =C15*C22 -> 1028.3533 | D23: kWh | F23: Total | G23: =NPV($C$35,G11:G22)+G10 -> 0 | H23: =NPV($C$35,H11:H22)+H10 -> 0 | I23: =NPV($C$35,I11:I22)+I10 -> 1.6705533e+08 | J23: =NPV($C$35,J11:J22)+J10 -> 3.4604148e+08 | K23: =NPV($C$35,K11:K22)+K10 -> 544000000 | L23: =NPV($C$35,L11:L22)+L10 -> 0 | M23: =NPV($C$35,M11:M22)+M10 -> -3.6501385e+08
B24: % of energy savings in space cooling | C24: 0 | D24: %
B25: % of energy savings in space heating | C25: =1-C22 -> 0.74733333 | D25: %
B26: Energy savings in space cooling | C26: 0 | D26: kWh
B27: Energy savings in space heating | C27: =C15-C23 -> 3041.6467 | D27: kWh
B28: Electricity price | C28: ='Energy prices'!$C$6/1000 -> 0.24 | D28: €/kWh
B29: ='Sc0-CBA'!B26 -> Natural gas price | C29: ='Sc0-CBA'!C26 -> 0.114 | D29: €/kWh
B30: ='Sc0-CBA'!B27 -> Petroleum price | C30: ='Energy prices'!C7/1000 -> 0.11 | D30: €/kWh
B31: Biomass price | C31: ='Energy prices'!C10/1000 -> 0.017 | D31: €/kWh
B32: Cost of operation and maintenance - Baseline scenario | C32: 0 | D32: €
B33: Cost of operation and maintenance - Alternative scenario | C33: 0 | D33: €
B34: Remaining value | C34: 0 | D34: % of investment costs
B35: Discount rate | C35: 0.03 | D35: %
H36: ='Sc0-CBA'!G32 -> Fuel share per households in the region
B37: NPV | C37: =NPV(C35,M11:M22)+M10 -> -3.6501385e+08 | H37: ='Sc0-CBA'!G33 -> Natural gas | I37: ='Sc0-CBA'!H33 -> 0.48
B38: IRR | C38: =IRR(M10:M22) -> -0.11849036 | H38: ='Sc0-CBA'!G34 -> Petroleum derivatives | I38: ='Sc0-CBA'!H34 -> 0.2
B39: B/C | C39: =(H23+J23+L23)/(G23+I23+K23) -> 0.48665901 | H39: Electricity | I39: ='Sc0-CBA'!H35 -> 0.19
H40: Biomass | I40: ='Sc0-CBA'!H36 -> 0
H41: Other | I41: ='Sc0-CBA'!H37 -> 0.12
B42: Subsidy | C42: 0 | D42: % | H42: Total | I42: =SUM(I37:I41) -> 0.99
B43: With ETS2 price increase | C43: 1 | D43: (Y=1, N=0)
B44: NG price ETS2 Year 3 | C44: =IF(C43=1,C29*(1+D44),C29) -> 0.114684 | D44: 0.006
B45: NG price ETS2 Year 4 | C45: =IF(C43=1,(C44+D45),C29) -> 0.118684 | D45: 0.004
B46: NG price ETS2 Year 5 | C46: =IF(C43=1,(C45+D46),C29) -> 0.119684 | D46: 0.001
B47: NG price ETS2 Year 6 | C47: =IF(C43=1,(C46+D47),C29) -> 0.120684 | D47: 0.001
B48: ='Sc0-CBA'!B54 -> Petroleum price ETS 2 Year 3 | C48: =IF(C43=1,C30*(1+D48),C30) -> 0.11088 | D48: 0.008
B49: ='Sc0-CBA'!B55 -> Petroleum price ETS 2 Year 4 | C49: =IF($C$43=1,C48+D49,$C$30) -> 0.11588 | D49: 0.005
B50: ='Sc0-CBA'!B56 -> Petroleum price ETS 2 Year 5 | C50: =IF($C$43=1,C49+D50,$C$30) -> 0.11688 | D50: 0.001
B51: ='Sc0-CBA'!B57 -> Petroleum price ETS 2 Year 6 | C51: =IF($C$43=1,C50+D51,$C$30) -> 0.11788 | D51: 0.001

Sheet Sc2-SCBA
C1: Scenario 2 - Heat pump implpementation - Social Cost-Benefit Analysis
B6: Instructions: | C6: all cells indicated in orange need to be filled in.
B9: Available budget for Natural Gas network expansion | C9: ='Sc2-CBA'!C9 -> 680000000 | D9: € | F9: Year | G9: Cost | H9: Benefit | I9: Fuel cost | J9: Fuel benefit | K9: External cost | L9: External benefit | M9: Investment cost | N9: Remaining value | O9: Net cash flow
B10: Unitary investment cost | C10: ='Sc2-CBA'!C10 -> 10000 | D10: € | F10: 0 | L10: =IF(C40=1,C66,0) -> 0 | M10: =(C9-C11*C12)/(1+C79) -> 4.4958678e+08 | O10: =(H10+J10+L10+N10)-(G10+I10+K10+M10) -> -4.4958678e+08
B11: Avoided cost from natural gas boiler | C11: ='Sc0-CBA'!C11 -> 2000 | D11: € | F11: 1 | G11: =$C$30 -> 0 | H11: =$C$29 -> 0 | I11: =$C$14*$C$16/$C$20*$C$25*$C$12*$I$35+$C$14*$C$15/$C$20*$C$25*$C$12*$I$36+$C$14*$C$19/$C$20*$C$25*$C$12*$I$37+$C$14*$C$17/$C$20*$C$25*$C$12*$I$38 -> 14824742 | J11: =$C$14*$C$26*$C$12*$I$35+$C$14*$C$27*$C$12*$I$36+$C$14*$C$25*$C$12*$I$37+$C$14*$C$28*$C$12*$I$38 -> 29724024 | K11: =$C$14*$C$16/$C$20*$C$59/1000*$C$12*$I$35+$C$14*$C$15/$C$20*$C$48/1000*$C$12*$I$36+$C$14*$C$19/$C$20*$C$58/1000*$C$12*$I$37+$C$14*$C$17/$C$20*$C$57/1000*$C$12*$I$38 -> 3759692.3 | L11: =$C$14*$C$59/1000*$C$12*$I$35+$C$14*$C$48/1000*$C$12*$I$36+$C$14*$C$58/1000*$C$12*$I$37+$C$14*$C$57/1000*$C$12*$I$38+(J11-I11)*$C$76*$C$77 -> 13297403 | O11: =(H11+J11+L11+N11)-(G11+I11+K11+M11) -> 24436993
B12: Number of affected households | C12: =C9/C10 -> 68000 | D12: number of households | F12: 2 | G12: =$C$30 -> 0 | H12: =$C$29 -> 0 | I12: =$C$14*$C$16/$C$20*$C$25*$C$12*$I$35+$C$14*$C$15/$C$20*$C$25*$C$12*$I$36+$C$14*$C$19/$C$20*$C$25*$C$12*$I$37+$C$14*$C$17/$C$20*$C$25*$C$12*$I$38 -> 14824742 | J12: =$C$14*$C$26*$C$12*$I$35+$C$14*$C$27*$C$12*$I$36+$C$14*$C$25*$C$12*$I$37+$C$14*$C$28*$C$12*$I$38 -> 29724024 | K12: =$C$14*$C$16/$C$20*$C$59/1000*$C$12*$I$35+$C$14*$C$15/$C$20*$C$48/1000*$C$12*$I$36+$C$14*$C$19/$C$20*$C$58/1000*$C$12*$I$37+$C$14*$C$17/$C$20*$C$57/1000*$C$12*$I$38 -> 3759692.3 | L12: =$C$14*$C$59/1000*$C$12*$I$35+$C$14*$C$48/1000*$C$12*$I$36+$C$14*$C$58/1000*$C$12*$I$37+$C$14*$C$57/1000*$C$12*$I$38+(J12-I12)*$C$76*$C$77 -> 13297403 | O12: =(H12+J12+L12+N12)-(G12+I12+K12+M12) -> 24436993
B13: Unitary energy consumption for space cooling | C13: ='Sc0-CBA'!C14 -> 104 | D13: kWh | F13: 3 | G13: =$C$30 -> 0 | H13: =$C$29 -> 0 | I13: =$C$14*$C$16/$C$20*$C$25*$C$12*$I$35+$C$14*$C$15/$C$20*$C$25*$C$12*$I$36+$C$14*$C$19/$C$20*$C$25*$C$12*$I$37+$C$14*$C$17/$C$20*$C$25*$C$12*$I$38 -> 14824742 | J13: =$C$14*$C$26*$C$12*$I$35+$C$14*$C$27*$C$12*$I$36+$C$14*$C$25*$C$12*$I$37+$C$14*$C$28*$C$12*$I$38 -> 29724024 | K13: =$C$14*$C$16/$C$20*$C$59/1000*$C$12*$I$35+$C$14*$C$15/$C$20*$C$48/1000*$C$12*$I$36+$C$14*$C$19/$C$20*$C$58/1000*$C$12*$I$37+$C$14*$C$17/$C$20*$C$57/1000*$C$12*$I$38 -> 3759692.3 | L13: =$C$14*$C$59/1000*$C$12*$I$35+$C$14*$C$48/1000*$C$12*$I$36+$C$14*$C$58/1000*$C$12*$I$37+$C$14*$C$57/1000*$C$12*$I$38+(J13-I13)*$C$76*$C$77 -> 13297403 | O13: =(H13+J13+L13+N13)-(G13+I13+K13+M13) -> 24436993
B14: Unitary energy consumption for space heating | C14: ='Sc0-CBA'!C15 -> 4070 | D14: kWh | F14: 4 | G14: =$C$30 -> 0 | H14: =$C$29 -> 0 | I14: =$C$14*$C$16/$C$20*$C$25*$C$12*$I$35+$C$14*$C$15/$C$20*$C$25*$C$12*$I$36+$C$14*$C$19/$C$20*$C$25*$C$12*$I$37+$C$14*$C$17/$C$20*$C$25*$C$12*$I$38 -> 14824742 | J14: =$C$14*$C$26*$C$12*$I$35+$C$14*$C$27*$C$12*$I$36+$C$14*$C$25*$C$12*$I$37+$C$14*$C$28*$C$12*$I$38 -> 29724024 | K14: =$C$14*$C$16/$C$20*$C$59/1000*$C$12*$I$35+$C$14*$C$15/$C$20*$C$48/1000*$C$12*$I$36+$C$14*$C$19/$C$20*$C$58/1000*$C$12*$I$37+$C$14*$C$17/$C$20*$C$57/1000*$C$12*$I$38 -> 3759692.3 | L14: =$C$14*$C$59/1000*$C$12*$I$35+$C$14*$C$48/1000*$C$12*$I$36+$C$14*$C$58/1000*$C$12*$I$37+$C$14*$C$57/1000*$C$12*$I$38+(J14-I14)*$C$76*$C$77 -> 13297403 | O14: =(H14+J14+L14+N14)-(G14+I14+K14+M14) -> 24436993
B15: ='Sc0-CBA'!B19 -> Degree of efficiency of petroleum boiler | C15: ='Sc0-CBA'!C19 -> 0.8 | D15: % | F15: 5 | G15: =$C$30 -> 0 | H15: =$C$29 -> 0 | I15: =$C$14*$C$16/$C$20*$C$25*$C$12*$I$35+$C$14*$C$15/$C$20*$C$25*$C$12*$I$36+$C$14*$C$19/$C$20*$C$25*$C$12*$I$37+$C$14*$C$17/$C$20*$C$25*$C$12*$I$38 -> 14824742 | J15: =$C$14*$C$26*$C$12*$I$35+$C$14*$C$27*$C$12*$I$36+$C$14*$C$25*$C$12*$I$37+$C$14*$C$28*$C$12*$I$38 -> 29724024 | K15: =$C$14*$C$16/$C$20*$C$59/1000*$C$12*$I$35+$C$14*$C$15/$C$20*$C$48/1000*$C$12*$I$36+$C$14*$C$19/$C$20*$C$58/1000*$C$12*$I$37+$C$14*$C$17/$C$20*$C$57/1000*$C$12*$I$38 -> 3759692.3 | L15: =$C$14*$C$59/1000*$C$12*$I$35+$C$14*$C$48/1000*$C$12*$I$36+$C$14*$C$58/1000*$C$12*$I$37+$C$14*$C$57/1000*$C$12*$I$38+(J15-I15)*$C$76*$C$77 -> 13297403 | O15: =(H15+J15+L15+N15)-(G15+I15+K15+M15) -> 24436993
B16: ='Sc0-CBA'!B17 -> Degree of efficiency of existing natural gas boiler | C16: ='Sc0-CBA'!C17 -> 0.85 | D16: % | F16: 6 | G16: =$C$30 -> 0 | H16: =$C$29 -> 0 | I16: =$C$14*$C$16/$C$20*$C$25*$C$12*$I$35+$C$14*$C$15/$C$20*$C$25*$C$12*$I$36+$C$14*$C$19/$C$20*$C$25*$C$12*$I$37+$C$14*$C$17/$C$20*$C$25*$C$12*$I$38 -> 14824742 | J16: =$C$14*$C$26*$C$12*$I$35+$C$14*$C$27*$C$12*$I$36+$C$14*$C$25*$C$12*$I$37+$C$14*$C$28*$C$12*$I$38 -> 29724024 | K16: =$C$14*$C$16/$C$20*$C$59/1000*$C$12*$I$35+$C$14*$C$15/$C$20*$C$48/1000*$C$12*$I$36+$C$14*$C$19/$C$20*$C$58/1000*$C$12*$I$37+$C$14*$C$17/$C$20*$C$57/1000*$C$12*$I$38 -> 3759692.3 | L16: =$C$14*$C$59/1000*$C$12*$I$35+$C$14*$C$48/1000*$C$12*$I$36+$C$14*$C$58/1000*$C$12*$I$37+$C$14*$C$57/1000*$C$12*$I$38+(J16-I16)*$C$76*$C$77 -> 13297403 | O16: =(H16+J16+L16+N16)-(G16+I16+K16+M16) -> 24436993
B17: Degree of efficiency of biomass boiler | C17: ='Sc0-CBA'!C20 -> 0.3 | D17: % | F17: 7 | G17: =$C$30 -> 0 | H17: =$C$29 -> 0 | I17: =$C$14*$C$16/$C$20*$C$25*$C$12*$I$35+$C$14*$C$15/$C$20*$C$25*$C$12*$I$36+$C$14*$C$19/$C$20*$C$25*$C$12*$I$37+$C$14*$C$17/$C$20*$C$25*$C$12*$I$38 -> 14824742 | J17: =$C$14*$C$26*$C$12*$I$35+$C$14*$C$27*$C$12*$I$36+$C$14*$C$25*$C$12*$I$37+$C$14*$C$28*$C$12*$I$38 -> 29724024 | K17: =$C$14*$C$16/$C$20*$C$59/1000*$C$12*$I$35+$C$14*$C$15/$C$20*$C$48/1000*$C$12*$I$36+$C$14*$C$19/$C$20*$C$58/1000*$C$12*$I$37+$C$14*$C$17/$C$20*$C$57/1000*$C$12*$I$38 -> 3759692.3 | L17: =$C$14*$C$59/1000*$C$12*$I$35+$C$14*$C$48/1000*$C$12*$I$36+$C$14*$C$58/1000*$C$12*$I$37+$C$14*$C$57/1000*$C$12*$I$38+(J17-I17)*$C$76*$C$77 -> 13297403 | O17: =(H17+J17+L17+N17)-(G17+I17+K17+M17) -> 24436993
B18: Degree of efficiency of new natural gas boiler | C18: ='Sc0-CBA'!C16 -> 0.95 | D18: % | F18: 8 | G18: =$C$30 -> 0 | H18: =$C$29 -> 0 | I18: =$C$14*$C$16/$C$20*$C$25*$C$12*$I$35+$C$14*$C$15/$C$20*$C$25*$C$12*$I$36+$C$14*$C$19/$C$20*$C$25*$C$12*$I$37+$C$14*$C$17/$C$20*$C$25*$C$12*$I$38 -> 14824742 | J18: =$C$14*$C$26*$C$12*$I$35+$C$14*$C$27*$C$12*$I$36+$C$14*$C$25*$C$12*$I$37+$C$14*$C$28*$C$12*$I$38 -> 29724024 | K18: =$C$14*$C$16/$C$20*$C$59/1000*$C$12*$I$35+$C$14*$C$15/$C$20*$C$48/1000*$C$12*$I$36+$C$14*$C$19/$C$20*$C$58/1000*$C$12*$I$37+$C$14*$C$17/$C$20*$C$57/1000*$C$12*$I$38 -> 3759692.3 | L18: =$C$14*$C$59/1000*$C$12*$I$35+$C$14*$C$48/1000*$C$12*$I$36+$C$14*$C$58/1000*$C$12*$I$37+$C$14*$C$57/1000*$C$12*$I$38+(J18-I18)*$C$76*$C$77 -> 13297403 | O18: =(H18+J18+L18+N18)-(G18+I18+K18+M18) -> 24436993
B19: ='Sc0-CBA'!B21 -> Degree of efficiency of electric boiler | C19: ='Sc0-CBA'!C21 -> 1 | D19: % | F19: 9 | G19: =$C$30 -> 0 | H19: =$C$29 -> 0 | I19: =$C$14*$C$16/$C$20*$C$25*$C$12*$I$35+$C$14*$C$15/$C$20*$C$25*$C$12*$I$36+$C$14*$C$19/$C$20*$C$25*$C$12*$I$37+$C$14*$C$17/$C$20*$C$25*$C$12*$I$38 -> 14824742 | J19: =$C$14*$C$26*$C$12*$I$35+$C$14*$C$27*$C$12*$I$36+$C$14*$C$25*$C$12*$I$37+$C$14*$C$28*$C$12*$I$38 -> 29724024 | K19: =$C$14*$C$16/$C$20*$C$59/1000*$C$12*$I$35+$C$14*$C$15/$C$20*$C$48/1000*$C$12*$I$36+$C$14*$C$19/$C$20*$C$58/1000*$C$12*$I$37+$C$14*$C$17/$C$20*$C$57/1000*$C$12*$I$38 -> 3759692.3 | L19: =$C$14*$C$59/1000*$C$12*$I$35+$C$14*$C$48/1000*$C$12*$I$36+$C$14*$C$58/1000*$C$12*$I$37+$C$14*$C$57/1000*$C$12*$I$38+(J19-I19)*$C$76*$C$77 -> 13297403 | O19: =(H19+J19+L19+N19)-(G19+I19+K19+M19) -> 24436993
B20: Degree of efficiency of heat pump | C20: 3 | F20: 10 | G20: =$C$30 -> 0 | H20: =$C$29 -> 0 | I20: =$C$14*$C$16/$C$20*$C$25*$C$12*$I$35+$C$14*$C$15/$C$20*$C$25*$C$12*$I$36+$C$14*$C$19/$C$20*$C$25*$C$12*$I$37+$C$14*$C$17/$C$20*$C$25*$C$12*$I$38 -> 14824742 | J20: =$C$14*$C$26*$C$12*$I$35+$C$14*$C$27*$C$12*$I$36+$C$14*$C$25*$C$12*$I$37+$C$14*$C$28*$C$12*$I$38 -> 29724024 | K20: =$C$14*$C$16/$C$20*$C$59/1000*$C$12*$I$35+$C$14*$C$15/$C$20*$C$48/1000*$C$12*$I$36+$C$14*$C$19/$C$20*$C$58/1000*$C$12*$I$37+$C$14*$C$17/$C$20*$C$57/1000*$C$12*$I$38 -> 3759692.3 | L20: =$C$14*$C$59/1000*$C$12*$I$35+$C$14*$C$48/1000*$C$12*$I$36+$C$14*$C$58/1000*$C$12*$I$37+$C$14*$C$57/1000*$C$12*$I$38+(J20-I20)*$C$76*$C$77 -> 13297403 | O20: =(H20+J20+L20+N20)-(G20+I20+K20+M20) -> 24436993
B21: % of energy savings in space cooling | C21: 0 | D21: % | F21: 11 | G21: =$C$30 -> 0 | H21: =$C$29 -> 0 | I21: =$C$14*$C$16/$C$20*$C$25*$C$12*$I$35+$C$14*$C$15/$C$20*$C$25*$C$12*$I$36+$C$14*$C$19/$C$20*$C$25*$C$12*$I$37+$C$14*$C$17/$C$20*$C$25*$C$12*$I$38 -> 14824742 | J21: =$C$14*$C$26*$C$12*$I$35+$C$14*$C$27*$C$12*$I$36+$C$14*$C$25*$C$12*$I$37+$C$14*$C$28*$C$12*$I$38 -> 29724024 | K21: =$C$14*$C$16/$C$20*$C$59/1000*$C$12*$I$35+$C$14*$C$15/$C$20*$C$48/1000*$C$12*$I$36+$C$14*$C$19/$C$20*$C$58/1000*$C$12*$I$37+$C$14*$C$17/$C$20*$C$57/1000*$C$12*$I$38 -> 3759692.3 | L21: =$C$14*$C$59/1000*$C$12*$I$35+$C$14*$C$48/1000*$C$12*$I$36+$C$14*$C$58/1000*$C$12*$I$37+$C$14*$C$57/1000*$C$12*$I$38+(J21-I21)*$C$76*$C$77 -> 13297403 | O21: =(H21+J21+L21+N21)-(G21+I21+K21+M21) -> 24436993
B22: % of energy savings in space heating | C22: 0 | D22: % | F22: 12 | G22: =$C$30 -> 0 | H22: =$C$29 -> 0 | I22: =$C$14*$C$16/$C$20*$C$25*$C$12*$I$35+$C$14*$C$15/$C$20*$C$25*$C$12*$I$36+$C$14*$C$19/$C$20*$C$25*$C$12*$I$37+$C$14*$C$17/$C$20*$C$25*$C$12*$I$38 -> 14824742 | J22: =$C$14*$C$26*$C$12*$I$35+$C$14*$C$27*$C$12*$I$36+$C$14*$C$25*$C$12*$I$37+$C$14*$C$28*$C$12*$I$38 -> 29724024 | K22: =$C$14*$C$16/$C$20*$C$59/1000*$C$12*$I$35+$C$14*$C$15/$C$20*$C$48/1000*$C$12*$I$36+$C$14*$C$19/$C$20*$C$58/1000*$C$12*$I$37+$C$14*$C$17/$C$20*$C$57/1000*$C$12*$I$38 -> 3759692.3 | L22: =$C$14*$C$59/1000*$C$12*$I$35+$C$14*$C$48/1000*$C$12*$I$36+$C$14*$C$58/1000*$C$12*$I$37+$C$14*$C$57/1000*$C$12*$I$38+(J22-I22)*$C$76*$C$77 -> 13297403 | N22: =C8*C30 -> 0 | O22: =(H22+J22+L22+N22)-(G22+I22+K22+M22) -> 24436993
B23: Energy savings in space cooling | C23: =C13*C21 -> 0 | D23: kWh | F23: Total | G23: =NPV($C$32,G11:G22)+G10 -> 0 | H23: =NPV($C$32,H11:H22)+H10 -> 0 | I23: =NPV($C$32,I11:I22)+I10 -> 1.4756554e+08 | J23: =NPV($C$32,J11:J22)+J10 -> 2.9587305e+08 | K23: =NPV($C$32,K11:K22)+K10 -> 37423993 | L23: =NPV($C$32,L11:L22)+L10 -> 1.323624e+08 | M23: =NPV($C$32,M11:M22)+M10 -> 4.4958678e+08 | N23: =NPV($C$32,N11:N22)+N10 -> 0 | O23: =NPV($C$32,O11:O22)+O10 -> -2.0634085e+08
B24: Energy savings in space heating | C24: =C14*C22*C16/C15 -> 0 | D24: kWh
B25: Electricity price | C25: ='Energy prices'!$D$6/1000 -> 0.212 | D25: €/kWh
B26: ='Sc0-SCBA'!B25 -> Natural gas price | C26: ='Sc0-SCBA'!C25 -> 0.094 | D26: €/kWh
B27: ='Sc0-CBA'!B27 -> Petroleum price | C27: ='Energy prices'!C7/1000 -> 0.11 | D27: €/kWh
B28: Biomass price | C28: ='Energy prices'!C10/1000 -> 0.017 | D28: €/kWh
B29: Cost of operation and maintenance - Baseline scenario | C29: 0 | D29: €
B30: Cost of operation and maintenance - Alternative scenario | C30: 0 | D30: €
B31: Remaining value | C31: 0 | D31: % of capital cost
B32: Discount rate | C32: 0.03 | D32: %
H34: ='Sc0-CBA'!G32 -> Fuel share per households in the region
B35: NPV | C35: =NPV(C32,O11:O23)+O10 -> -3.4684893e+08 | H35: ='Sc0-CBA'!G33 -> Natural gas | I35: ='Sc0-CBA'!H33 -> 0.48
B36: IRR | C36: =IRR(O10:O22) -> -0.06031535 | H36: ='Sc0-CBA'!G34 -> Petroleum derivatives | I36: ='Sc0-CBA'!H34 -> 0.2
B37: B/C | C37: =(H23+J23+L23+N23)/(G23+I23+K23+M23) -> 0.67483682 | H37: Electricity | I37: ='Sc0-CBA'!H35 -> 0.19
H38: Biomass | I38: ='Sc0-CBA'!H36 -> 0
H39: Other | I39: ='Sc0-CBA'!H37 -> 0.12
B40: Building value integration | C40: 2 | D40: 1: yes, 2: no | H40: Total | I40: =SUM(I35:I39) -> 0.99
B41: Employment method | C41: 2 | D41: 1: net, 2: gross
B42: Type of multiple benefits | C42: 1 | D42: 1-5 or 0
B45: Enviromental externalities
B46: Data | C46: external cost
C47: €/MWh
B48: Oil boiler-existing | C48: =externalities!D25 -> 51
B49: Oil boiler-new | C49: =externalities!D27 -> 43.4
B50: NG boiler-existing | C50: =externalities!D22 -> 36
B51: NG boiler-new | C51: =externalities!D24 -> 32.2
B52: HP-existing | C52: =externalities!D17 -> 36
B53: HP-new | C53: =externalities!D16 -> 21.8
B54: Electricity-current | C54: =externalities!D19 -> 48.5
B55: PV-new | C55: =externalities!D35 -> 24
B56: Solar-new | C56: =externalities!D31 -> 9.6
B57: Biomass | C57: =externalities!D34 -> 174
B58: Electric boiler | C58: =externalities!D18 -> 47
B59: ='Sc0-SCBA'!B63 -> District heating (lignite) | C59: ='Sc0-SCBA'!C63 -> 58
B61: Increase of building value
B62: Capitalization rate | C62: 0.03
B63: Total cost savings | C63: =C64+C65 -> 14899282 | D63: €
B64: Energy savings | C64: =J11-I11 -> 14899282 | D64: €
B65: O&M savings | C65: =H11-G11 -> 0 | D65: €
B66: Building value increase-total | C66: =IF(externalities!$C$12=1,C63/C62,0) -> 4.9664274e+08 | D66: €
B68: multiple benefits
B69: multiple benefits | C69: external cost
B70: Insulation + Windows + HVAC + Lighting | C70: 5
B71: Insulation + Windows | C71: 4
B72: Windows and/or HVAC and/or Lighting | C72: 3
B73: Insulation and/or HVAC and/or Lighting | C73: 2
B74: HVAC and/or Lighting | C74: 1
B76: Multiple benefits-Alternative | C76: =(IF(C42=1,0.2,IF(C42=2,0.4,IF(C42=3,0.6,IF(C42=4,0.8,IF(C42=5,1,0)))))) -> 0.2 | D76: multiplier-type
B77: Multiple benefits-Alternative | C77: 0.1 | D77: value
B79: VAT Rate | C79: ='Sc0-SCBA'!C83 -> 0.21

Sheet Sc3 Deep-CBA
C1: Scenario 3 - Deep Renovation Cost-Benefit Analysis
B6: Instructions: | C6: all cells indicated in orange need to be filled in.
B9: Available budget for Natural Gas network expansion | C9: ='Sc0-CBA'!C9 -> 680000000 | D9: € | F9: Year | G9: O&M Cost | H9: O&M Benefit | I9: Fuel cost | J9: Fuel benefit | K9: Investment cost | L9: Remaining value | M9: Net cash flow
B10: Avoided cost from fossil fuel boiler | C10: ='Sc2-CBA'!C12 -> 2000 | D10: € | F10: 0 | K10: =C9-C10*C19 -> 6.3712349e+08 | M10: =(H10+J10+L10)-(G10+I10+K10) -> -6.3712349e+08
B11: Unitary investment cost-building envelope | C11: ='Sc1 Deep-CBA'!C10 -> 17000 | D11: € | F11: 1 | G11: =$C$35*$C$19 -> 2143825.5 | H11: =$C$34 -> 0 | I11: =(($C$21*$C$22*(1-$C$25))/$C$23*$C$30*$C$19*$I$43)+(($C$21*$C$40*(1-$C$25))/$C$23*$C$30*$C$19*$I$44)+(($C$21*$C$42*(1-$C$25))/$C$23*$C$30*$C$19*$I$45)+(($C$21*$C$41*(1-$C$25))/$C$23*$C$30*$C$19*$I$46) -> 1640229.9 | J11: =($C$26*$C$30+$C$21*$C$45+$C$29*($C$30-$C$32))*$C$19*$I$43+($C$26*$C$30+$C$21*$C$43+$C$29*($C$30-$C$32))*$C$19*$I$44+($C$26*$C$30+$C$21*$C$30+$C$29*($C$30-$C$32))*$C$19*$I$45+($C$26*$C$30+$C$21*$C$44+$C$29*($C$30-$C$32))*$C$19*$I$46 -> 20802682 | M11: =(H11+J11+L11)-(G11+I11+K11) -> 17018626
B12: Unitary investment cost-Heat pump | C12: ='Sc2-CBA'!C10 -> 10000 | D12: € | F12: 2 | G12: =$C$35*$C$19 -> 2143825.5 | H12: =$C$34 -> 0 | I12: =(($C$21*$C$22*(1-$C$25))/$C$23*$C$30*$C$19*$I$43)+(($C$21*$C$40*(1-$C$25))/$C$23*$C$30*$C$19*$I$44)+(($C$21*$C$42*(1-$C$25))/$C$23*$C$30*$C$19*$I$45)+(($C$21*$C$41*(1-$C$25))/$C$23*$C$30*$C$19*$I$46) -> 1640229.9 | J12: =($C$26*$C$30+$C$21*$C$45+$C$29*($C$30-$C$32))*$C$19*$I$43+($C$26*$C$30+$C$21*$C$43+$C$29*($C$30-$C$32))*$C$19*$I$44+($C$26*$C$30+$C$21*$C$30+$C$29*($C$30-$C$32))*$C$19*$I$45+($C$26*$C$30+$C$21*$C$44+$C$29*($C$30-$C$32))*$C$19*$I$46 -> 20802682 | M12: =(H12+J12+L12)-(G12+I12+K12) -> 17018626
B13: Unitary investment cost for PV | C13: =C15*(C17+C18) -> 5469 | D13: € | F13: 3 | G13: =$C$35*$C$19 -> 2143825.5 | H13: =$C$34 -> 0 | I13: =(($C$21*$C$22*(1-$C$25))/$C$23*$C$30*$C$19*$I$43)+(($C$21*$C$40*(1-$C$25))/$C$23*$C$30*$C$19*$I$44)+(($C$21*$C$42*(1-$C$25))/$C$23*$C$30*$C$19*$I$45)+(($C$21*$C$41*(1-$C$25))/$C$23*$C$30*$C$19*$I$46) -> 1640229.9 | J13: =($C$26*$C$30+$C$21*C57+$C$29*($C$30-$C$32))*$C$19*$I$43+($C$26*$C$30+$C$21*C61+$C$29*($C$30-$C$32))*$C$19*$I$44+($C$26*$C$30+$C$21*$C$30+$C$29*($C$30-$C$32))*$C$19*$I$45+($C$26*$C$30+$C$21*$C$44+$C$29*($C$30-$C$32))*$C$19*$I$46 -> 20846685 | M13: =(H13+J13+L13)-(G13+I13+K13) -> 17062630
B14: Unitary investment cost with subsidy | C14: =(C11+C12+C13-C18*C15)*(1-C52) -> 31719 | D14: € | F14: 4 | G14: =$C$35*$C$19 -> 2143825.5 | H14: =$C$34 -> 0 | I14: =(($C$21*$C$22*(1-$C$25))/$C$23*$C$30*$C$19*$I$43)+(($C$21*$C$40*(1-$C$25))/$C$23*$C$30*$C$19*$I$44)+(($C$21*$C$42*(1-$C$25))/$C$23*$C$30*$C$19*$I$45)+(($C$21*$C$41*(1-$C$25))/$C$23*$C$30*$C$19*$I$46) -> 1640229.9 | J14: =($C$26*$C$30+$C$21*C58+$C$29*($C$30-$C$32))*$C$19*$I$43+($C$26*$C$30+$C$21*C62+$C$29*($C$30-$C$32))*$C$19*$I$44+($C$26*$C$30+$C$21*$C$30+$C$29*($C$30-$C$32))*$C$19*$I$45+($C$26*$C$30+$C$21*$C$44+$C$29*($C$30-$C$32))*$C$19*$I$46 -> 21101466 | M14: =(H14+J14+L14)-(G14+I14+K14) -> 17317411
B15: Installed capacity - PV | C15: 3 | D15: kW | F15: 5 | G15: =$C$35*$C$19 -> 2143825.5 | H15: =$C$34 -> 0 | I15: =(($C$21*$C$22*(1-$C$25))/$C$23*$C$30*$C$19*$I$43)+(($C$21*$C$40*(1-$C$25))/$C$23*$C$30*$C$19*$I$44)+(($C$21*$C$42*(1-$C$25))/$C$23*$C$30*$C$19*$I$45)+(($C$21*$C$41*(1-$C$25))/$C$23*$C$30*$C$19*$I$46) -> 1640229.9 | J15: =($C$26*$C$30+$C$21*C59+$C$29*($C$30-$C$32))*$C$19*$I$43+($C$26*$C$30+$C$21*C63+$C$29*($C$30-$C$32))*$C$19*$I$44+($C$26*$C$30+$C$21*$C$30+$C$29*($C$30-$C$32))*$C$19*$I$45+($C$26*$C$30+$C$21*$C$44+$C$29*($C$30-$C$32))*$C$19*$I$46 -> 21160799 | M15: =(H15+J15+L15)-(G15+I15+K15) -> 17376743
B16: Cost of installation - PV without VAT | C16: 1300 | D16: €/kW | F16: 6 | G16: =$C$35*$C$19 -> 2143825.5 | H16: =$C$34 -> 0 | I16: =(($C$21*$C$22*(1-$C$25))/$C$23*$C$30*$C$19*$I$43)+(($C$21*$C$40*(1-$C$25))/$C$23*$C$30*$C$19*$I$44)+(($C$21*$C$42*(1-$C$25))/$C$23*$C$30*$C$19*$I$45)+(($C$21*$C$41*(1-$C$25))/$C$23*$C$30*$C$19*$I$46) -> 1640229.9 | J16: =($C$26*$C$30+$C$21*$C$60+$C$29*($C$30-$C$32))*$C$19*$I$43+($C$26*$C$30+$C$21*$C$64+$C$29*($C$30-$C$32))*$C$19*$I$44+($C$26*$C$30+$C$21*$C$30+$C$29*($C$30-$C$32))*$C$19*$I$45+($C$26*$C$30+$C$21*$C$44+$C$29*($C$30-$C$32))*$C$19*$I$46 -> 21220131 | M16: =(H16+J16+L16)-(G16+I16+K16) -> 17436076
B17: Cost of installation - PV | C17: =C16*(1+C54) -> 1573 | D17: €/kW | F17: 7 | G17: =$C$35*$C$19 -> 2143825.5 | H17: =$C$34 -> 0 | I17: =(($C$21*$C$22*(1-$C$25))/$C$23*$C$30*$C$19*$I$43)+(($C$21*$C$40*(1-$C$25))/$C$23*$C$30*$C$19*$I$44)+(($C$21*$C$42*(1-$C$25))/$C$23*$C$30*$C$19*$I$45)+(($C$21*$C$41*(1-$C$25))/$C$23*$C$30*$C$19*$I$46) -> 1640229.9 | J17: =($C$26*$C$30+$C$21*$C$60+$C$29*($C$30-$C$32))*$C$19*$I$43+($C$26*$C$30+$C$21*$C$64+$C$29*($C$30-$C$32))*$C$19*$I$44+($C$26*$C$30+$C$21*$C$30+$C$29*($C$30-$C$32))*$C$19*$I$45+($C$26*$C$30+$C$21*$C$44+$C$29*($C$30-$C$32))*$C$19*$I$46 -> 21220131 | M17: =(H17+J17+L17)-(G17+I17+K17) -> 17436076
B18: Cost of grid update/connection | C18: 250 | F18: 8 | G18: =$C$35*$C$19 -> 2143825.5 | H18: =$C$34 -> 0 | I18: =(($C$21*$C$22*(1-$C$25))/$C$23*$C$30*$C$19*$I$43)+(($C$21*$C$40*(1-$C$25))/$C$23*$C$30*$C$19*$I$44)+(($C$21*$C$42*(1-$C$25))/$C$23*$C$30*$C$19*$I$45)+(($C$21*$C$41*(1-$C$25))/$C$23*$C$30*$C$19*$I$46) -> 1640229.9 | J18: =($C$26*$C$30+$C$21*$C$60+$C$29*($C$30-$C$32))*$C$19*$I$43+($C$26*$C$30+$C$21*$C$64+$C$29*($C$30-$C$32))*$C$19*$I$44+($C$26*$C$30+$C$21*$C$30+$C$29*($C$30-$C$32))*$C$19*$I$45+($C$26*$C$30+$C$21*$C$44+$C$29*($C$30-$C$32))*$C$19*$I$46 -> 21220131 | M18: =(H18+J18+L18)-(G18+I18+K18) -> 17436076
B19: Number of affected households | C19: =C9/C14 -> 21438.255 | D19: number of households | F19: 9 | G19: =$C$35*$C$19 -> 2143825.5 | H19: =$C$34 -> 0 | I19: =(($C$21*$C$22*(1-$C$25))/$C$23*$C$30*$C$19*$I$43)+(($C$21*$C$40*(1-$C$25))/$C$23*$C$30*$C$19*$I$44)+(($C$21*$C$42*(1-$C$25))/$C$23*$C$30*$C$19*$I$45)+(($C$21*$C$41*(1-$C$25))/$C$23*$C$30*$C$19*$I$46) -> 1640229.9 | J19: =($C$26*$C$30+$C$21*$C$60+$C$29*($C$30-$C$32))*$C$19*$I$43+($C$26*$C$30+$C$21*$C$64+$C$29*($C$30-$C$32))*$C$19*$I$44+($C$26*$C$30+$C$21*$C$30+$C$29*($C$30-$C$32))*$C$19*$I$45+($C$26*$C$30+$C$21*$C$44+$C$29*($C$30-$C$32))*$C$19*$I$46 -> 21220131 | M19: =(H19+J19+L19)-(G19+I19+K19) -> 17436076
B20: Energy consumption for space cooling | C20: ='Sc0-CBA'!C14 -> 104 | D20: kWh | F20: 10 | G20: =$C$35*$C$19 -> 2143825.5 | H20: =$C$34 -> 0 | I20: =(($C$21*$C$22*(1-$C$25))/$C$23*$C$30*$C$19*$I$43)+(($C$21*$C$40*(1-$C$25))/$C$23*$C$30*$C$19*$I$44)+(($C$21*$C$42*(1-$C$25))/$C$23*$C$30*$C$19*$I$45)+(($C$21*$C$41*(1-$C$25))/$C$23*$C$30*$C$19*$I$46) -> 1640229.9 | J20: =($C$26*$C$30+$C$21*$C$60+$C$29*($C$30-$C$32))*$C$19*$I$43+($C$26*$C$30+$C$21*$C$64+$C$29*($C$30-$C$32))*$C$19*$I$44+($C$26*$C$30+$C$21*$C$30+$C$29*($C$30-$C$32))*$C$19*$I$45+($C$26*$C$30+$C$21*$C$44+$C$29*($C$30-$C$32))*$C$19*$I$46 -> 21220131 | M20: =(H20+J20+L20)-(G20+I20+K20) -> 17436076
B21: Energy consumption for space heating | C21: ='Sc0-CBA'!C15 -> 4070 | D21: kWh | F21: 11 | G21: =$C$35*$C$19 -> 2143825.5 | H21: =$C$34 -> 0 | I21: =(($C$21*$C$22*(1-$C$25))/$C$23*$C$30*$C$19*$I$43)+(($C$21*$C$40*(1-$C$25))/$C$23*$C$30*$C$19*$I$44)+(($C$21*$C$42*(1-$C$25))/$C$23*$C$30*$C$19*$I$45)+(($C$21*$C$41*(1-$C$25))/$C$23*$C$30*$C$19*$I$46) -> 1640229.9 | J21: =($C$26*$C$30+$C$21*$C$60+$C$29*($C$30-$C$32))*$C$19*$I$43+($C$26*$C$30+$C$21*$C$64+$C$29*($C$30-$C$32))*$C$19*$I$44+($C$26*$C$30+$C$21*$C$30+$C$29*($C$30-$C$32))*$C$19*$I$45+($C$26*$C$30+$C$21*$C$44+$C$29*($C$30-$C$32))*$C$19*$I$46 -> 21220131 | M21: =(H21+J21+L21)-(G21+I21+K21) -> 17436076
B22: ='Sc0-CBA'!B17 -> Degree of efficiency of existing natural gas boiler | C22: ='Sc2-CBA'!C17 -> 0.85 | D22: % | F22: 12 | G22: =$C$35*$C$19 -> 2143825.5 | H22: =$C$34 -> 0 | I22: =(($C$21*$C$22*(1-$C$25))/$C$23*$C$30*$C$19*$I$43)+(($C$21*$C$40*(1-$C$25))/$C$23*$C$30*$C$19*$I$44)+(($C$21*$C$42*(1-$C$25))/$C$23*$C$30*$C$19*$I$45)+(($C$21*$C$41*(1-$C$25))/$C$23*$C$30*$C$19*$I$46) -> 1640229.9 | J22: =($C$26*$C$30+$C$21*$C$60+$C$29*($C$30-$C$32))*$C$19*$I$43+($C$26*$C$30+$C$21*$C$64+$C$29*($C$30-$C$32))*$C$19*$I$44+($C$26*$C$30+$C$21*$C$30+$C$29*($C$30-$C$32))*$C$19*$I$45+($C$26*$C$30+$C$21*$C$44+$C$29*($C$30-$C$32))*$C$19*$I$46 -> 21220131 | M22: =(H22+J22+L22)-(G22+I22+K22) -> 17436076
B23: COP heat pump | C23: ='Sc2-CBA'!C21 -> 3 | F23: 13 | G23: =$C$35*$C$19 -> 2143825.5 | H23: =$C$34 -> 0 | I23: =(($C$21*$C$22*(1-$C$25))/$C$23*$C$30*$C$19*$I$43)+(($C$21*$C$40*(1-$C$25))/$C$23*$C$30*$C$19*$I$44)+(($C$21*$C$42*(1-$C$25))/$C$23*$C$30*$C$19*$I$45)+(($C$21*$C$41*(1-$C$25))/$C$23*$C$30*$C$19*$I$46) -> 1640229.9 | J23: =($C$26*$C$30+$C$21*$C$60+$C$29*($C$30-$C$32))*$C$19*$I$43+($C$26*$C$30+$C$21*$C$64+$C$29*($C$30-$C$32))*$C$19*$I$44+($C$26*$C$30+$C$21*$C$30+$C$29*($C$30-$C$32))*$C$19*$I$45+($C$26*$C$30+$C$21*$C$44+$C$29*($C$30-$C$32))*$C$19*$I$46 -> 21220131 | M23: =(H23+J23+L23)-(G23+I23+K23) -> 17436076
B24: % of energy savings in space cooling | C24: ='Sc1 Deep-CBA'!C16 -> 0.69 | D24: % | F24: 14 | G24: =$C$35*$C$19 -> 2143825.5 | H24: =$C$34 -> 0 | I24: =(($C$21*$C$22*(1-$C$25))/$C$23*$C$30*$C$19*$I$43)+(($C$21*$C$40*(1-$C$25))/$C$23*$C$30*$C$19*$I$44)+(($C$21*$C$42*(1-$C$25))/$C$23*$C$30*$C$19*$I$45)+(($C$21*$C$41*(1-$C$25))/$C$23*$C$30*$C$19*$I$46) -> 1640229.9 | J24: =($C$26*$C$30+$C$21*$C$60+$C$29*($C$30-$C$32))*$C$19*$I$43+($C$26*$C$30+$C$21*$C$64+$C$29*($C$30-$C$32))*$C$19*$I$44+($C$26*$C$30+$C$21*$C$30+$C$29*($C$30-$C$32))*$C$19*$I$45+($C$26*$C$30+$C$21*$C$44+$C$29*($C$30-$C$32))*$C$19*$I$46 -> 21220131 | M24: =(H24+J24+L24)-(G24+I24+K24) -> 17436076
B25: % of energy savings in space heating | C25: ='Sc1 Deep-CBA'!C17 -> 0.69 | D25: % | F25: 15 | G25: =$C$35*$C$19 -> 2143825.5 | H25: =$C$34 -> 0 | I25: =(($C$21*$C$22*(1-$C$25))/$C$23*$C$30*$C$19*$I$43)+(($C$21*$C$40*(1-$C$25))/$C$23*$C$30*$C$19*$I$44)+(($C$21*$C$42*(1-$C$25))/$C$23*$C$30*$C$19*$I$45)+(($C$21*$C$41*(1-$C$25))/$C$23*$C$30*$C$19*$I$46) -> 1640229.9 | J25: =($C$26*$C$30+$C$21*$C$60+$C$29*($C$30-$C$32))*$C$19*$I$43+($C$26*$C$30+$C$21*$C$64+$C$29*($C$30-$C$32))*$C$19*$I$44+($C$26*$C$30+$C$21*$C$30+$C$29*($C$30-$C$32))*$C$19*$I$45+($C$26*$C$30+$C$21*$C$44+$C$29*($C$30-$C$32))*$C$19*$I$46 -> 21220131 | M25: =(H25+J25+L25)-(G25+I25+K25) -> 17436076
B26: Energy savings in space cooling | C26: =C20*C24 -> 71.76 | D26: kWh | F26: 16 | G26: =$C$35*$C$19 -> 2143825.5 | H26: =$C$34 -> 0 | I26: =(($C$21*$C$22*(1-$C$25))/$C$23*$C$30*$C$19*$I$43)+(($C$21*$C$40*(1-$C$25))/$C$23*$C$30*$C$19*$I$44)+(($C$21*$C$42*(1-$C$25))/$C$23*$C$30*$C$19*$I$45)+(($C$21*$C$41*(1-$C$25))/$C$23*$C$30*$C$19*$I$46) -> 1640229.9 | J26: =($C$26*$C$30+$C$21*$C$60+$C$29*($C$30-$C$32))*$C$19*$I$43+($C$26*$C$30+$C$21*$C$64+$C$29*($C$30-$C$32))*$C$19*$I$44+($C$26*$C$30+$C$21*$C$30+$C$29*($C$30-$C$32))*$C$19*$I$45+($C$26*$C$30+$C$21*$C$44+$C$29*($C$30-$C$32))*$C$19*$I$46 -> 21220131 | M26: =(H26+J26+L26)-(G26+I26+K26) -> 17436076
B27: Energy savings in space heating | C27: =C21*C25 -> 2808.3 | D27: kWh | F27: 17 | G27: =$C$35*$C$19 -> 2143825.5 | H27: =$C$34 -> 0 | I27: =(($C$21*$C$22*(1-$C$25))/$C$23*$C$30*$C$19*$I$43)+(($C$21*$C$40*(1-$C$25))/$C$23*$C$30*$C$19*$I$44)+(($C$21*$C$42*(1-$C$25))/$C$23*$C$30*$C$19*$I$45)+(($C$21*$C$41*(1-$C$25))/$C$23*$C$30*$C$19*$I$46) -> 1640229.9 | J27: =($C$26*$C$30+$C$21*$C$60+$C$29*($C$30-$C$32))*$C$19*$I$43+($C$26*$C$30+$C$21*$C$64+$C$29*($C$30-$C$32))*$C$19*$I$44+($C$26*$C$30+$C$21*$C$30+$C$29*($C$30-$C$32))*$C$19*$I$45+($C$26*$C$30+$C$21*$C$44+$C$29*($C$30-$C$32))*$C$19*$I$46 -> 21220131 | M27: =(H27+J27+L27)-(G27+I27+K27) -> 17436076
B28: Electricity consumption | C28: =8931*0.44 -> 3929.64 | D28: kWh | F28: 18 | G28: =$C$35*$C$19 -> 2143825.5 | H28: =$C$34 -> 0 | I28: =(($C$21*$C$22*(1-$C$25))/$C$23*$C$30*$C$19*$I$43)+(($C$21*$C$40*(1-$C$25))/$C$23*$C$30*$C$19*$I$44)+(($C$21*$C$42*(1-$C$25))/$C$23*$C$30*$C$19*$I$45)+(($C$21*$C$41*(1-$C$25))/$C$23*$C$30*$C$19*$I$46) -> 1640229.9 | J28: =($C$26*$C$30+$C$21*$C$60+$C$29*($C$30-$C$32))*$C$19*$I$43+($C$26*$C$30+$C$21*$C$64+$C$29*($C$30-$C$32))*$C$19*$I$44+($C$26*$C$30+$C$21*$C$30+$C$29*($C$30-$C$32))*$C$19*$I$45+($C$26*$C$30+$C$21*$C$44+$C$29*($C$30-$C$32))*$C$19*$I$46 -> 21220131 | M28: =(H28+J28+L28)-(G28+I28+K28) -> 17436076
B29: Electricity consumption after interventions | C29: =C28+C20*(1-C24)+(C21-C27)/C23 -> 4382.4467 | D29: kWh | F29: 19 | G29: =$C$35*$C$19 -> 2143825.5 | H29: =$C$34 -> 0 | I29: =(($C$21*$C$22*(1-$C$25))/$C$23*$C$30*$C$19*$I$43)+(($C$21*$C$40*(1-$C$25))/$C$23*$C$30*$C$19*$I$44)+(($C$21*$C$42*(1-$C$25))/$C$23*$C$30*$C$19*$I$45)+(($C$21*$C$41*(1-$C$25))/$C$23*$C$30*$C$19*$I$46) -> 1640229.9 | J29: =($C$26*$C$30+$C$21*$C$60+$C$29*($C$30-$C$32))*$C$19*$I$43+($C$26*$C$30+$C$21*$C$64+$C$29*($C$30-$C$32))*$C$19*$I$44+($C$26*$C$30+$C$21*$C$30+$C$29*($C$30-$C$32))*$C$19*$I$45+($C$26*$C$30+$C$21*$C$44+$C$29*($C$30-$C$32))*$C$19*$I$46 -> 21220131 | M29: =(H29+J29+L29)-(G29+I29+K29) -> 17436076
B30: Electricity price | C30: ='Energy prices'!$C$6/1000 -> 0.24 | D30: €/kWh | F30: 20 | G30: =$C$35*$C$19 -> 2143825.5 | H30: =$C$34 -> 0 | I30: =(($C$21*$C$22*(1-$C$25))/$C$23*$C$30*$C$19*$I$43)+(($C$21*$C$40*(1-$C$25))/$C$23*$C$30*$C$19*$I$44)+(($C$21*$C$42*(1-$C$25))/$C$23*$C$30*$C$19*$I$45)+(($C$21*$C$41*(1-$C$25))/$C$23*$C$30*$C$19*$I$46) -> 1640229.9 | J30: =($C$26*$C$30+$C$21*$C$60+$C$29*($C$30-$C$32))*$C$19*$I$43+($C$26*$C$30+$C$21*$C$64+$C$29*($C$30-$C$32))*$C$19*$I$44+($C$26*$C$30+$C$21*$C$30+$C$29*($C$30-$C$32))*$C$19*$I$45+($C$26*$C$30+$C$21*$C$44+$C$29*($C$30-$C$32))*$C$19*$I$46 -> 21220131 | M30: =(H30+J30+L30)-(G30+I30+K30) -> 17436076
B31: Cost reduction due to net metering | C31: 0.5 | D31: % | F31: 21 | G31: =$C$35*$C$19 -> 2143825.5 | H31: =$C$34 -> 0 | I31: =(($C$21*$C$22*(1-$C$25))/$C$23*$C$30*$C$19*$I$43)+(($C$21*$C$40*(1-$C$25))/$C$23*$C$30*$C$19*$I$44)+(($C$21*$C$42*(1-$C$25))/$C$23*$C$30*$C$19*$I$45)+(($C$21*$C$41*(1-$C$25))/$C$23*$C$30*$C$19*$I$46) -> 1640229.9 | J31: =($C$26*$C$30+$C$21*$C$60+$C$29*($C$30-$C$32))*$C$19*$I$43+($C$26*$C$30+$C$21*$C$64+$C$29*($C$30-$C$32))*$C$19*$I$44+($C$26*$C$30+$C$21*$C$30+$C$29*($C$30-$C$32))*$C$19*$I$45+($C$26*$C$30+$C$21*$C$44+$C$29*($C$30-$C$32))*$C$19*$I$46 -> 21220131 | M31: =(H31+J31+L31)-(G31+I31+K31) -> 17436076
B32: Electricity price - net metering | C32: =C30*C31 -> 0.12 | D32: €/kWh | F32: 22 | G32: =$C$35*$C$19 -> 2143825.5 | H32: =$C$34 -> 0 | I32: =(($C$21*$C$22*(1-$C$25))/$C$23*$C$30*$C$19*$I$43)+(($C$21*$C$40*(1-$C$25))/$C$23*$C$30*$C$19*$I$44)+(($C$21*$C$42*(1-$C$25))/$C$23*$C$30*$C$19*$I$45)+(($C$21*$C$41*(1-$C$25))/$C$23*$C$30*$C$19*$I$46) -> 1640229.9 | J32: =($C$26*$C$30+$C$21*$C$60+$C$29*($C$30-$C$32))*$C$19*$I$43+($C$26*$C$30+$C$21*$C$64+$C$29*($C$30-$C$32))*$C$19*$I$44+($C$26*$C$30+$C$21*$C$30+$C$29*($C$30-$C$32))*$C$19*$I$45+($C$26*$C$30+$C$21*$C$44+$C$29*($C$30-$C$32))*$C$19*$I$46 -> 21220131 | M32: =(H32+J32+L32)-(G32+I32+K32) -> 17436076
B33: Natural gas price | C33: ='Energy prices'!$C$8/1000 -> 0.114 | D33: €/kWh | F33: 23 | G33: =$C$35*$C$19 -> 2143825.5 | H33: =$C$34 -> 0 | I33: =(($C$21*$C$22*(1-$C$25))/$C$23*$C$30*$C$19*$I$43)+(($C$21*$C$40*(1-$C$25))/$C$23*$C$30*$C$19*$I$44)+(($C$21*$C$42*(1-$C$25))/$C$23*$C$30*$C$19*$I$45)+(($C$21*$C$41*(1-$C$25))/$C$23*$C$30*$C$19*$I$46) -> 1640229.9 | J33: =($C$26*$C$30+$C$21*$C$60+$C$29*($C$30-$C$32))*$C$19*$I$43+($C$26*$C$30+$C$21*$C$64+$C$29*($C$30-$C$32))*$C$19*$I$44+($C$26*$C$30+$C$21*$C$30+$C$29*($C$30-$C$32))*$C$19*$I$45+($C$26*$C$30+$C$21*$C$44+$C$29*($C$30-$C$32))*$C$19*$I$46 -> 21220131 | M33: =(H33+J33+L33)-(G33+I33+K33) -> 17436076
B34: Cost of operation and maintenance - Baseline scenario | C34: 0 | D34: € | F34: 24 | G34: =$C$35*$C$19 -> 2143825.5 | H34: =$C$34 -> 0 | I34: =(($C$21*$C$22*(1-$C$25))/$C$23*$C$30*$C$19*$I$43)+(($C$21*$C$40*(1-$C$25))/$C$23*$C$30*$C$19*$I$44)+(($C$21*$C$42*(1-$C$25))/$C$23*$C$30*$C$19*$I$45)+(($C$21*$C$41*(1-$C$25))/$C$23*$C$30*$C$19*$I$46) -> 1640229.9 | J34: =($C$26*$C$30+$C$21*$C$60+$C$29*($C$30-$C$32))*$C$19*$I$43+($C$26*$C$30+$C$21*$C$64+$C$29*($C$30-$C$32))*$C$19*$I$44+($C$26*$C$30+$C$21*$C$30+$C$29*($C$30-$C$32))*$C$19*$I$45+($C$26*$C$30+$C$21*$C$44+$C$29*($C$30-$C$32))*$C$19*$I$46 -> 21220131 | M34: =(H34+J34+L34)-(G34+I34+K34) -> 17436076
B35: Cost of operation and maintenance - Alternative scenario | C35: 100 | D35: € | F35: 25 | G35: =$C$35*$C$19 -> 2143825.5 | H35: =$C$34 -> 0 | I35: =(($C$21*$C$22*(1-$C$25))/$C$23*$C$30*$C$19*$I$43)+(($C$21*$C$40*(1-$C$25))/$C$23*$C$30*$C$19*$I$44)+(($C$21*$C$42*(1-$C$25))/$C$23*$C$30*$C$19*$I$45)+(($C$21*$C$41*(1-$C$25))/$C$23*$C$30*$C$19*$I$46) -> 1640229.9 | J35: =($C$26*$C$30+$C$21*$C$60+$C$29*($C$30-$C$32))*$C$19*$I$43+($C$26*$C$30+$C$21*$C$64+$C$29*($C$30-$C$32))*$C$19*$I$44+($C$26*$C$30+$C$21*$C$30+$C$29*($C$30-$C$32))*$C$19*$I$45+($C$26*$C$30+$C$21*$C$44+$C$29*($C$30-$C$32))*$C$19*$I$46 -> 21220131 | L35: =C9*C36 -> 68000000 | M35: =(H35+J35+L35)-(G35+I35+K35) -> 85436076
B36: Remaining value | C36: 0.1 | D36: % investment cost | F36: Total | G36: =NPV($C$37,G11:G35)+G10 -> 37330749 | H36: =NPV($C$37,H11:H35)+H10 -> 0 | I36: =NPV($C$37,I11:I35)+I10 -> 28561565 | J36: =NPV($C$37,J11:J35)+J10 -> 3.6821213e+08 | K36: =NPV($C$37,K11:K35)+K10 -> 6.3712349e+08 | L36: =NPV($C$37,L11:L35)+L10 -> 66019417 | M36: =NPV($C$37,M11:M35)+M10 -> -3.0232649e+08
B37: Discount rate | C37: 0.03 | D37: %
B38: Total energy savings | C38: =C26+C27+(C28-C29) -> 2427.2533 | D38: kWh
B39: Degree of efficiency of new gas boiler | C39: ='Sc0-CBA'!C16 -> 0.95 | D39: %
B40: ='Sc0-CBA'!B19 -> Degree of efficiency of petroleum boiler | C40: ='Sc0-CBA'!C19 -> 0.8 | D40: %
B41: Degree of efficiency of biomass boiler | C41: ='Sc0-CBA'!C20 -> 0.3 | D41: % | H41: ='Sc0-CBA'!G32 -> Fuel share per households in the region
B42: ='Sc0-CBA'!B21 -> Degree of efficiency of electric boiler | C42: ='Sc0-CBA'!C21 -> 1 | D42: %
B43: ='Sc0-CBA'!B27 -> Petroleum price | C43: ='Energy prices'!C7/1000 -> 0.11 | D43: €/kWh | H43: ='Sc0-CBA'!G33 -> Natural gas | I43: ='Sc0-CBA'!H33 -> 0.48
B44: Biomass price | C44: ='Energy prices'!C10/1000 -> 0.017 | D44: €/kWh | H44: ='Sc0-CBA'!G34 -> Petroleum derivatives | I44: ='Sc0-CBA'!H34 -> 0.2
B45: ='Sc0-CBA'!B26 -> Natural gas price | C45: ='Sc0-CBA'!C26 -> 0.114 | D45: €/kWh | H45: Electricity | I45: ='Sc0-CBA'!H35 -> 0.19
H46: Biomass | I46: ='Sc0-CBA'!H36 -> 0
H47: Other | I47: ='Sc0-CBA'!H37 -> 0.12
B48: NPV | C48: =NPV(C37,M11:M35)+M10 -> -3.0232649e+08 | H48: Total | I48: =SUM(I43:I47) -> 0.99
B49: IRR | C49: =IRR(M10:M35) -> -0.015561794
B50: B/C | C50: =(H36+J36+L36)/(G36+I36+K36) -> 0.61766968
B52: Subsidy | C52: 0 | D52: %
H53: Electricity consumption= final energy conusmption from JRC * percentage of electricity in fec from eurostat
B54: VAT Rate | C54: ='Sc0-SCBA'!C83 -> 0.21 | H54: Electricity consumption= 18966*0.24
B56: With ETS2 price increase | C56: 1 | D56: (Y=1, N=0)
B57: NG price ETS2 Year 3 | C57: =IF(C56=1,C33*(1+D57),C33) -> 0.114684 | D57: 0.006
B58: NG price ETS2 Year 4 | C58: =IF(C56=1,(C57+D58),C33) -> 0.118684 | D58: 0.004
B59: NG price ETS2 Year 5 | C59: =IF(C56=1,(C58+D59),C33) -> 0.119684 | D59: 0.001
B60: NG price ETS2 Year 6 | C60: =IF(C56=1,(C59+D60),C33) -> 0.120684 | D60: 0.001
B61: ='Sc0-CBA'!B54 -> Petroleum price ETS 2 Year 3 | C61: =IF(C56=1,C43*(1+D61),C43) -> 0.11088 | D61: 0.008
B62: ='Sc0-CBA'!B55 -> Petroleum price ETS 2 Year 4 | C62: =IF($C$56=1,C61+D62,$C$43) -> 0.11588 | D62: 0.005
B63: ='Sc0-CBA'!B56 -> Petroleum price ETS 2 Year 5 | C63: =IF($C$56=1,C62+D63,$C$43) -> 0.11688 | D63: 0.001
B64: ='Sc0-CBA'!B57 -> Petroleum price ETS 2 Year 6 | C64: =IF($C$56=1,C63+D64,$C$43) -> 0.11788 | D64: 0.001

Sheet Sc3 Medium-CBA
C1: Scenario 3 - Medium Renovation Cost-Benefit Analysis
B6: Instructions: | C6: all cells indicated in orange need to be filled in.
B9: Available budget for Natural Gas network expansion | C9: ='Sc0-CBA'!C9 -> 680000000 | D9: € | F9: Year | G9: O&M Cost | H9: O&M Benefit | I9: Fuel cost | J9: Fuel benefit | K9: Investment cost | L9: Remaining value | M9: Net cash flow
B10: Avoided cost from fossil fuel boiler | C10: ='Sc2-CBA'!C12 -> 2000 | D10: € | F10: 0 | K10: =C9-C10*C19 -> 6.3093618e+08 | M10: =(H10+J10+L10)-(G10+I10+K10) -> -6.3093618e+08
B11: Unitary investment cost-building envelope | C11: ='Sc1 Medium-CBA'!C10 -> 13000 | D11: € | F11: 1 | G11: =$C$35*$C$19 -> 2453191 | H11: =$C$34 -> 0 | I11: =(($C$21*$C$22*(1-$C$25))/$C$23*$C$30*$C$19*$I$43)+(($C$21*$C$40*(1-$C$25))/$C$23*$C$30*$C$19*$I$44)+(($C$21*$C$42*(1-$C$25))/$C$23*$C$30*$C$19*$I$45)+(($C$21*$C$41*(1-$C$25))/$C$23*$C$30*$C$19*$I$46) -> 2664020.9 | J11: =($C$26*$C$30+$C$21*$C$33+$C$29*($C$30-$C$32))*$C$19*$I$43+($C$26*$C$30+$C$21*$C$43+$C$29*($C$30-$C$32))*$C$19*$I$44+($C$26*$C$30+$C$21*$C$30+$C$29*($C$30-$C$32))*$C$19*$I$45+($C$26*$C$30+$C$21*$C$44+$C$29*($C$30-$C$32))*$C$19*$I$46 -> 24221692 | M11: =(H11+J11+L11)-(G11+I11+K11) -> 19104480
B12: Unitary investment cost-Heat pump | C12: ='Sc2-CBA'!C10 -> 10000 | D12: € | F12: 2 | G12: =$C$35*$C$19 -> 2453191 | H12: =$C$34 -> 0 | I12: =(($C$21*$C$22*(1-$C$25))/$C$23*$C$30*$C$19*$I$43)+(($C$21*$C$40*(1-$C$25))/$C$23*$C$30*$C$19*$I$44)+(($C$21*$C$42*(1-$C$25))/$C$23*$C$30*$C$19*$I$45)+(($C$21*$C$41*(1-$C$25))/$C$23*$C$30*$C$19*$I$46) -> 2664020.9 | J12: =($C$26*$C$30+$C$21*$C$33+$C$29*($C$30-$C$32))*$C$19*$I$43+($C$26*$C$30+$C$21*$C$43+$C$29*($C$30-$C$32))*$C$19*$I$44+($C$26*$C$30+$C$21*$C$30+$C$29*($C$30-$C$32))*$C$19*$I$45+($C$26*$C$30+$C$21*$C$44+$C$29*($C$30-$C$32))*$C$19*$I$46 -> 24221692 | M12: =(H12+J12+L12)-(G12+I12+K12) -> 19104480
B13: Unitary investment cost for PV | C13: =C15*(C17+C18) -> 5469 | D13: € | F13: 3 | G13: =$C$35*$C$19 -> 2453191 | H13: =$C$34 -> 0 | I13: =(($C$21*$C$22*(1-$C$25))/$C$23*$C$30*$C$19*$I$43)+(($C$21*$C$40*(1-$C$25))/$C$23*$C$30*$C$19*$I$44)+(($C$21*$C$42*(1-$C$25))/$C$23*$C$30*$C$19*$I$45)+(($C$21*$C$41*(1-$C$25))/$C$23*$C$30*$C$19*$I$46) -> 2664020.9 | J13: =($C$26*$C$30+$C$21*C57+$C$29*($C$30-$C$32))*$C$19*$I$43+($C$26*$C$30+$C$21*C61+$C$29*($C$30-$C$32))*$C$19*$I$44+($C$26*$C$30+$C$21*$C$30+$C$29*($C$30-$C$32))*$C$19*$I$45+($C$26*$C$30+$C$21*$C$44+$C$29*($C$30-$C$32))*$C$19*$I$46 -> 24272045 | M13: =(H13+J13+L13)-(G13+I13+K13) -> 19154833
B14: Unitary investment cost with subsidy | C14: =(C11+C12+C13-C18*C15)*(1-C52) -> 27719 | D14: € | F14: 4 | G14: =$C$35*$C$19 -> 2453191 | H14: =$C$34 -> 0 | I14: =(($C$21*$C$22*(1-$C$25))/$C$23*$C$30*$C$19*$I$43)+(($C$21*$C$40*(1-$C$25))/$C$23*$C$30*$C$19*$I$44)+(($C$21*$C$42*(1-$C$25))/$C$23*$C$30*$C$19*$I$45)+(($C$21*$C$41*(1-$C$25))/$C$23*$C$30*$C$19*$I$46) -> 2664020.9 | J14: =($C$26*$C$30+$C$21*C58+$C$29*($C$30-$C$32))*$C$19*$I$43+($C$26*$C$30+$C$21*C62+$C$29*($C$30-$C$32))*$C$19*$I$44+($C$26*$C$30+$C$21*$C$30+$C$29*($C$30-$C$32))*$C$19*$I$45+($C$26*$C$30+$C$21*$C$44+$C$29*($C$30-$C$32))*$C$19*$I$46 -> 24563592 | M14: =(H14+J14+L14)-(G14+I14+K14) -> 19446380
B15: Installed capacity - PV | C15: ='Sc3 Deep-CBA'!C15 -> 3 | D15: kW | F15: 5 | G15: =$C$35*$C$19 -> 2453191 | H15: =$C$34 -> 0 | I15: =(($C$21*$C$22*(1-$C$25))/$C$23*$C$30*$C$19*$I$43)+(($C$21*$C$40*(1-$C$25))/$C$23*$C$30*$C$19*$I$44)+(($C$21*$C$42*(1-$C$25))/$C$23*$C$30*$C$19*$I$45)+(($C$21*$C$41*(1-$C$25))/$C$23*$C$30*$C$19*$I$46) -> 2664020.9 | J15: =($C$26*$C$30+$C$21*C59+$C$29*($C$30-$C$32))*$C$19*$I$43+($C$26*$C$30+$C$21*C63+$C$29*($C$30-$C$32))*$C$19*$I$44+($C$26*$C$30+$C$21*$C$30+$C$29*($C$30-$C$32))*$C$19*$I$45+($C$26*$C$30+$C$21*$C$44+$C$29*($C$30-$C$32))*$C$19*$I$46 -> 24631487 | M15: =(H15+J15+L15)-(G15+I15+K15) -> 19514275
B16: Cost of installation - PV without VAT | C16: ='Sc3 Deep-CBA'!C16 -> 1300 | D16: €/kW | F16: 6 | G16: =$C$35*$C$19 -> 2453191 | H16: =$C$34 -> 0 | I16: =(($C$21*$C$22*(1-$C$25))/$C$23*$C$30*$C$19*$I$43)+(($C$21*$C$40*(1-$C$25))/$C$23*$C$30*$C$19*$I$44)+(($C$21*$C$42*(1-$C$25))/$C$23*$C$30*$C$19*$I$45)+(($C$21*$C$41*(1-$C$25))/$C$23*$C$30*$C$19*$I$46) -> 2664020.9 | J16: =($C$26*$C$30+$C$21*$C$60+$C$29*($C$30-$C$32))*$C$19*$I$43+($C$26*$C$30+$C$21*$C$64+$C$29*($C$30-$C$32))*$C$19*$I$44+($C$26*$C$30+$C$21*$C$30+$C$29*($C$30-$C$32))*$C$19*$I$45+($C$26*$C$30+$C$21*$C$44+$C$29*($C$30-$C$32))*$C$19*$I$46 -> 24699381 | M16: =(H16+J16+L16)-(G16+I16+K16) -> 19582169
B17: Cost of installation - PV | C17: =C16*(1+C54) -> 1573 | D17: €/kW | F17: 7 | G17: =$C$35*$C$19 -> 2453191 | H17: =$C$34 -> 0 | I17: =(($C$21*$C$22*(1-$C$25))/$C$23*$C$30*$C$19*$I$43)+(($C$21*$C$40*(1-$C$25))/$C$23*$C$30*$C$19*$I$44)+(($C$21*$C$42*(1-$C$25))/$C$23*$C$30*$C$19*$I$45)+(($C$21*$C$41*(1-$C$25))/$C$23*$C$30*$C$19*$I$46) -> 2664020.9 | J17: =($C$26*$C$30+$C$21*$C$60+$C$29*($C$30-$C$32))*$C$19*$I$43+($C$26*$C$30+$C$21*$C$64+$C$29*($C$30-$C$32))*$C$19*$I$44+($C$26*$C$30+$C$21*$C$30+$C$29*($C$30-$C$32))*$C$19*$I$45+($C$26*$C$30+$C$21*$C$44+$C$29*($C$30-$C$32))*$C$19*$I$46 -> 24699381 | M17: =(H17+J17+L17)-(G17+I17+K17) -> 19582169
B18: ='Sc3 Deep-CBA'!B18 -> Cost of grid update/connection | C18: ='Sc3 Deep-CBA'!C18 -> 250 | F18: 8 | G18: =$C$35*$C$19 -> 2453191 | H18: =$C$34 -> 0 | I18: =(($C$21*$C$22*(1-$C$25))/$C$23*$C$30*$C$19*$I$43)+(($C$21*$C$40*(1-$C$25))/$C$23*$C$30*$C$19*$I$44)+(($C$21*$C$42*(1-$C$25))/$C$23*$C$30*$C$19*$I$45)+(($C$21*$C$41*(1-$C$25))/$C$23*$C$30*$C$19*$I$46) -> 2664020.9 | J18: =($C$26*$C$30+$C$21*$C$60+$C$29*($C$30-$C$32))*$C$19*$I$43+($C$26*$C$30+$C$21*$C$64+$C$29*($C$30-$C$32))*$C$19*$I$44+($C$26*$C$30+$C$21*$C$30+$C$29*($C$30-$C$32))*$C$19*$I$45+($C$26*$C$30+$C$21*$C$44+$C$29*($C$30-$C$32))*$C$19*$I$46 -> 24699381 | M18: =(H18+J18+L18)-(G18+I18+K18) -> 19582169
B19: Number of affected households | C19: =C9/C14 -> 24531.91 | D19: number of households | F19: 9 | G19: =$C$35*$C$19 -> 2453191 | H19: =$C$34 -> 0 | I19: =(($C$21*$C$22*(1-$C$25))/$C$23*$C$30*$C$19*$I$43)+(($C$21*$C$40*(1-$C$25))/$C$23*$C$30*$C$19*$I$44)+(($C$21*$C$42*(1-$C$25))/$C$23*$C$30*$C$19*$I$45)+(($C$21*$C$41*(1-$C$25))/$C$23*$C$30*$C$19*$I$46) -> 2664020.9 | J19: =($C$26*$C$30+$C$21*$C$60+$C$29*($C$30-$C$32))*$C$19*$I$43+($C$26*$C$30+$C$21*$C$64+$C$29*($C$30-$C$32))*$C$19*$I$44+($C$26*$C$30+$C$21*$C$30+$C$29*($C$30-$C$32))*$C$19*$I$45+($C$26*$C$30+$C$21*$C$44+$C$29*($C$30-$C$32))*$C$19*$I$46 -> 24699381 | M19: =(H19+J19+L19)-(G19+I19+K19) -> 19582169
B20: Energy consumption for space cooling | C20: ='Sc0-CBA'!C14 -> 104 | D20: kWh | F20: 10 | G20: =$C$35*$C$19 -> 2453191 | H20: =$C$34 -> 0 | I20: =(($C$21*$C$22*(1-$C$25))/$C$23*$C$30*$C$19*$I$43)+(($C$21*$C$40*(1-$C$25))/$C$23*$C$30*$C$19*$I$44)+(($C$21*$C$42*(1-$C$25))/$C$23*$C$30*$C$19*$I$45)+(($C$21*$C$41*(1-$C$25))/$C$23*$C$30*$C$19*$I$46) -> 2664020.9 | J20: =($C$26*$C$30+$C$21*$C$60+$C$29*($C$30-$C$32))*$C$19*$I$43+($C$26*$C$30+$C$21*$C$64+$C$29*($C$30-$C$32))*$C$19*$I$44+($C$26*$C$30+$C$21*$C$30+$C$29*($C$30-$C$32))*$C$19*$I$45+($C$26*$C$30+$C$21*$C$44+$C$29*($C$30-$C$32))*$C$19*$I$46 -> 24699381 | M20: =(H20+J20+L20)-(G20+I20+K20) -> 19582169
B21: Energy consumption for space heating | C21: ='Sc0-CBA'!C15 -> 4070 | D21: kWh | F21: 11 | G21: =$C$35*$C$19 -> 2453191 | H21: =$C$34 -> 0 | I21: =(($C$21*$C$22*(1-$C$25))/$C$23*$C$30*$C$19*$I$43)+(($C$21*$C$40*(1-$C$25))/$C$23*$C$30*$C$19*$I$44)+(($C$21*$C$42*(1-$C$25))/$C$23*$C$30*$C$19*$I$45)+(($C$21*$C$41*(1-$C$25))/$C$23*$C$30*$C$19*$I$46) -> 2664020.9 | J21: =($C$26*$C$30+$C$21*$C$60+$C$29*($C$30-$C$32))*$C$19*$I$43+($C$26*$C$30+$C$21*$C$64+$C$29*($C$30-$C$32))*$C$19*$I$44+($C$26*$C$30+$C$21*$C$30+$C$29*($C$30-$C$32))*$C$19*$I$45+($C$26*$C$30+$C$21*$C$44+$C$29*($C$30-$C$32))*$C$19*$I$46 -> 24699381 | M21: =(H21+J21+L21)-(G21+I21+K21) -> 19582169
B22: ='Sc0-CBA'!B17 -> Degree of efficiency of existing natural gas boiler | C22: ='Sc2-CBA'!C17 -> 0.85 | D22: % | F22: 12 | G22: =$C$35*$C$19 -> 2453191 | H22: =$C$34 -> 0 | I22: =(($C$21*$C$22*(1-$C$25))/$C$23*$C$30*$C$19*$I$43)+(($C$21*$C$40*(1-$C$25))/$C$23*$C$30*$C$19*$I$44)+(($C$21*$C$42*(1-$C$25))/$C$23*$C$30*$C$19*$I$45)+(($C$21*$C$41*(1-$C$25))/$C$23*$C$30*$C$19*$I$46) -> 2664020.9 | J22: =($C$26*$C$30+$C$21*$C$60+$C$29*($C$30-$C$32))*$C$19*$I$43+($C$26*$C$30+$C$21*$C$64+$C$29*($C$30-$C$32))*$C$19*$I$44+($C$26*$C$30+$C$21*$C$30+$C$29*($C$30-$C$32))*$C$19*$I$45+($C$26*$C$30+$C$21*$C$44+$C$29*($C$30-$C$32))*$C$19*$I$46 -> 24699381 | M22: =(H22+J22+L22)-(G22+I22+K22) -> 19582169
B23: COP heat pump | C23: ='Sc2-CBA'!C21 -> 3 | F23: 13 | G23: =$C$35*$C$19 -> 2453191 | H23: =$C$34 -> 0 | I23: =(($C$21*$C$22*(1-$C$25))/$C$23*$C$30*$C$19*$I$43)+(($C$21*$C$40*(1-$C$25))/$C$23*$C$30*$C$19*$I$44)+(($C$21*$C$42*(1-$C$25))/$C$23*$C$30*$C$19*$I$45)+(($C$21*$C$41*(1-$C$25))/$C$23*$C$30*$C$19*$I$46) -> 2664020.9 | J23: =($C$26*$C$30+$C$21*$C$60+$C$29*($C$30-$C$32))*$C$19*$I$43+($C$26*$C$30+$C$21*$C$64+$C$29*($C$30-$C$32))*$C$19*$I$44+($C$26*$C$30+$C$21*$C$30+$C$29*($C$30-$C$32))*$C$19*$I$45+($C$26*$C$30+$C$21*$C$44+$C$29*($C$30-$C$32))*$C$19*$I$46 -> 24699381 | M23: =(H23+J23+L23)-(G23+I23+K23) -> 19582169
B24: % of energy savings in space cooling | C24: ='Sc1 Medium-CBA'!C16 -> 0.56 | D24: % | F24: 14 | G24: =$C$35*$C$19 -> 2453191 | H24: =$C$34 -> 0 | I24: =(($C$21*$C$22*(1-$C$25))/$C$23*$C$30*$C$19*$I$43)+(($C$21*$C$40*(1-$C$25))/$C$23*$C$30*$C$19*$I$44)+(($C$21*$C$42*(1-$C$25))/$C$23*$C$30*$C$19*$I$45)+(($C$21*$C$41*(1-$C$25))/$C$23*$C$30*$C$19*$I$46) -> 2664020.9 | J24: =($C$26*$C$30+$C$21*$C$60+$C$29*($C$30-$C$32))*$C$19*$I$43+($C$26*$C$30+$C$21*$C$64+$C$29*($C$30-$C$32))*$C$19*$I$44+($C$26*$C$30+$C$21*$C$30+$C$29*($C$30-$C$32))*$C$19*$I$45+($C$26*$C$30+$C$21*$C$44+$C$29*($C$30-$C$32))*$C$19*$I$46 -> 24699381 | M24: =(H24+J24+L24)-(G24+I24+K24) -> 19582169
B25: % of energy savings in space heating | C25: ='Sc1 Medium-CBA'!C17 -> 0.56 | D25: % | F25: 15 | G25: =$C$35*$C$19 -> 2453191 | H25: =$C$34 -> 0 | I25: =(($C$21*$C$22*(1-$C$25))/$C$23*$C$30*$C$19*$I$43)+(($C$21*$C$40*(1-$C$25))/$C$23*$C$30*$C$19*$I$44)+(($C$21*$C$42*(1-$C$25))/$C$23*$C$30*$C$19*$I$45)+(($C$21*$C$41*(1-$C$25))/$C$23*$C$30*$C$19*$I$46) -> 2664020.9 | J25: =($C$26*$C$30+$C$21*$C$60+$C$29*($C$30-$C$32))*$C$19*$I$43+($C$26*$C$30+$C$21*$C$64+$C$29*($C$30-$C$32))*$C$19*$I$44+($C$26*$C$30+$C$21*$C$30+$C$29*($C$30-$C$32))*$C$19*$I$45+($C$26*$C$30+$C$21*$C$44+$C$29*($C$30-$C$32))*$C$19*$I$46 -> 24699381 | M25: =(H25+J25+L25)-(G25+I25+K25) -> 19582169
B26: Energy savings in space cooling | C26: =C20*C24 -> 58.24 | D26: kWh | F26: 16 | G26: =$C$35*$C$19 -> 2453191 | H26: =$C$34 -> 0 | I26: =(($C$21*$C$22*(1-$C$25))/$C$23*$C$30*$C$19*$I$43)+(($C$21*$C$40*(1-$C$25))/$C$23*$C$30*$C$19*$I$44)+(($C$21*$C$42*(1-$C$25))/$C$23*$C$30*$C$19*$I$45)+(($C$21*$C$41*(1-$C$25))/$C$23*$C$30*$C$19*$I$46) -> 2664020.9 | J26: =($C$26*$C$30+$C$21*$C$60+$C$29*($C$30-$C$32))*$C$19*$I$43+($C$26*$C$30+$C$21*$C$64+$C$29*($C$30-$C$32))*$C$19*$I$44+($C$26*$C$30+$C$21*$C$30+$C$29*($C$30-$C$32))*$C$19*$I$45+($C$26*$C$30+$C$21*$C$44+$C$29*($C$30-$C$32))*$C$19*$I$46 -> 24699381 | M26: =(H26+J26+L26)-(G26+I26+K26) -> 19582169
B27: Energy savings in space heating | C27: =C21*C25 -> 2279.2 | D27: kWh | F27: 17 | G27: =$C$35*$C$19 -> 2453191 | H27: =$C$34 -> 0 | I27: =(($C$21*$C$22*(1-$C$25))/$C$23*$C$30*$C$19*$I$43)+(($C$21*$C$40*(1-$C$25))/$C$23*$C$30*$C$19*$I$44)+(($C$21*$C$42*(1-$C$25))/$C$23*$C$30*$C$19*$I$45)+(($C$21*$C$41*(1-$C$25))/$C$23*$C$30*$C$19*$I$46) -> 2664020.9 | J27: =($C$26*$C$30+$C$21*$C$60+$C$29*($C$30-$C$32))*$C$19*$I$43+($C$26*$C$30+$C$21*$C$64+$C$29*($C$30-$C$32))*$C$19*$I$44+($C$26*$C$30+$C$21*$C$30+$C$29*($C$30-$C$32))*$C$19*$I$45+($C$26*$C$30+$C$21*$C$44+$C$29*($C$30-$C$32))*$C$19*$I$46 -> 24699381 | M27: =(H27+J27+L27)-(G27+I27+K27) -> 19582169
B28: Electricity consumption | C28: ='Sc3 Deep-CBA'!C28 -> 3929.64 | D28: kWh | F28: 18 | G28: =$C$35*$C$19 -> 2453191 | H28: =$C$34 -> 0 | I28: =(($C$21*$C$22*(1-$C$25))/$C$23*$C$30*$C$19*$I$43)+(($C$21*$C$40*(1-$C$25))/$C$23*$C$30*$C$19*$I$44)+(($C$21*$C$42*(1-$C$25))/$C$23*$C$30*$C$19*$I$45)+(($C$21*$C$41*(1-$C$25))/$C$23*$C$30*$C$19*$I$46) -> 2664020.9 | J28: =($C$26*$C$30+$C$21*$C$60+$C$29*($C$30-$C$32))*$C$19*$I$43+($C$26*$C$30+$C$21*$C$64+$C$29*($C$30-$C$32))*$C$19*$I$44+($C$26*$C$30+$C$21*$C$30+$C$29*($C$30-$C$32))*$C$19*$I$45+($C$26*$C$30+$C$21*$C$44+$C$29*($C$30-$C$32))*$C$19*$I$46 -> 24699381 | M28: =(H28+J28+L28)-(G28+I28+K28) -> 19582169
B29: Electricity consumption after interventions | C29: =C28+C20*(1-C24)+(C21-C27)/C23 -> 4572.3333 | D29: kWh | F29: 19 | G29: =$C$35*$C$19 -> 2453191 | H29: =$C$34 -> 0 | I29: =(($C$21*$C$22*(1-$C$25))/$C$23*$C$30*$C$19*$I$43)+(($C$21*$C$40*(1-$C$25))/$C$23*$C$30*$C$19*$I$44)+(($C$21*$C$42*(1-$C$25))/$C$23*$C$30*$C$19*$I$45)+(($C$21*$C$41*(1-$C$25))/$C$23*$C$30*$C$19*$I$46) -> 2664020.9 | J29: =($C$26*$C$30+$C$21*$C$60+$C$29*($C$30-$C$32))*$C$19*$I$43+($C$26*$C$30+$C$21*$C$64+$C$29*($C$30-$C$32))*$C$19*$I$44+($C$26*$C$30+$C$21*$C$30+$C$29*($C$30-$C$32))*$C$19*$I$45+($C$26*$C$30+$C$21*$C$44+$C$29*($C$30-$C$32))*$C$19*$I$46 -> 24699381 | M29: =(H29+J29+L29)-(G29+I29+K29) -> 19582169
B30: Electricity price | C30: ='Energy prices'!$C$6/1000 -> 0.24 | D30: €/kWh | F30: 20 | G30: =$C$35*$C$19 -> 2453191 | H30: =$C$34 -> 0 | I30: =(($C$21*$C$22*(1-$C$25))/$C$23*$C$30*$C$19*$I$43)+(($C$21*$C$40*(1-$C$25))/$C$23*$C$30*$C$19*$I$44)+(($C$21*$C$42*(1-$C$25))/$C$23*$C$30*$C$19*$I$45)+(($C$21*$C$41*(1-$C$25))/$C$23*$C$30*$C$19*$I$46) -> 2664020.9 | J30: =($C$26*$C$30+$C$21*$C$60+$C$29*($C$30-$C$32))*$C$19*$I$43+($C$26*$C$30+$C$21*$C$64+$C$29*($C$30-$C$32))*$C$19*$I$44+($C$26*$C$30+$C$21*$C$30+$C$29*($C$30-$C$32))*$C$19*$I$45+($C$26*$C$30+$C$21*$C$44+$C$29*($C$30-$C$32))*$C$19*$I$46 -> 24699381 | M30: =(H30+J30+L30)-(G30+I30+K30) -> 19582169
B31: Cost reduction due to net metering | C31: 0.5 | D31: % | F31: 21 | G31: =$C$35*$C$19 -> 2453191 | H31: =$C$34 -> 0 | I31: =(($C$21*$C$22*(1-$C$25))/$C$23*$C$30*$C$19*$I$43)+(($C$21*$C$40*(1-$C$25))/$C$23*$C$30*$C$19*$I$44)+(($C$21*$C$42*(1-$C$25))/$C$23*$C$30*$C$19*$I$45)+(($C$21*$C$41*(1-$C$25))/$C$23*$C$30*$C$19*$I$46) -> 2664020.9 | J31: =($C$26*$C$30+$C$21*$C$60+$C$29*($C$30-$C$32))*$C$19*$I$43+($C$26*$C$30+$C$21*$C$64+$C$29*($C$30-$C$32))*$C$19*$I$44+($C$26*$C$30+$C$21*$C$30+$C$29*($C$30-$C$32))*$C$19*$I$45+($C$26*$C$30+$C$21*$C$44+$C$29*($C$30-$C$32))*$C$19*$I$46 -> 24699381 | M31: =(H31+J31+L31)-(G31+I31+K31) -> 19582169
B32: Electricity price - net metering | C32: =C30*C31 -> 0.12 | D32: €/kWh | F32: 22 | G32: =$C$35*$C$19 -> 2453191 | H32: =$C$34 -> 0 | I32: =(($C$21*$C$22*(1-$C$25))/$C$23*$C$30*$C$19*$I$43)+(($C$21*$C$40*(1-$C$25))/$C$23*$C$30*$C$19*$I$44)+(($C$21*$C$42*(1-$C$25))/$C$23*$C$30*$C$19*$I$45)+(($C$21*$C$41*(1-$C$25))/$C$23*$C$30*$C$19*$I$46) -> 2664020.9 | J32: =($C$26*$C$30+$C$21*$C$60+$C$29*($C$30-$C$32))*$C$19*$I$43+($C$26*$C$30+$C$21*$C$64+$C$29*($C$30-$C$32))*$C$19*$I$44+($C$26*$C$30+$C$21*$C$30+$C$29*($C$30-$C$32))*$C$19*$I$45+($C$26*$C$30+$C$21*$C$44+$C$29*($C$30-$C$32))*$C$19*$I$46 -> 24699381 | M32: =(H32+J32+L32)-(G32+I32+K32) -> 19582169
B33: ='Sc0-CBA'!B26 -> Natural gas price | C33: ='Sc0-CBA'!C26 -> 0.114 | D33: €/kWh | F33: 23 | G33: =$C$35*$C$19 -> 2453191 | H33: =$C$34 -> 0 | I33: =(($C$21*$C$22*(1-$C$25))/$C$23*$C$30*$C$19*$I$43)+(($C$21*$C$40*(1-$C$25))/$C$23*$C$30*$C$19*$I$44)+(($C$21*$C$42*(1-$C$25))/$C$23*$C$30*$C$19*$I$45)+(($C$21*$C$41*(1-$C$25))/$C$23*$C$30*$C$19*$I$46) -> 2664020.9 | J33: =($C$26*$C$30+$C$21*$C$60+$C$29*($C$30-$C$32))*$C$19*$I$43+($C$26*$C$30+$C$21*$C$64+$C$29*($C$30-$C$32))*$C$19*$I$44+($C$26*$C$30+$C$21*$C$30+$C$29*($C$30-$C$32))*$C$19*$I$45+($C$26*$C$30+$C$21*$C$44+$C$29*($C$30-$C$32))*$C$19*$I$46 -> 24699381 | M33: =(H33+J33+L33)-(G33+I33+K33) -> 19582169
B34: Cost of operation and maintenance - Baseline scenario | C34: 0 | D34: € | F34: 24 | G34: =$C$35*$C$19 -> 2453191 | H34: =$C$34 -> 0 | I34: =(($C$21*$C$22*(1-$C$25))/$C$23*$C$30*$C$19*$I$43)+(($C$21*$C$40*(1-$C$25))/$C$23*$C$30*$C$19*$I$44)+(($C$21*$C$42*(1-$C$25))/$C$23*$C$30*$C$19*$I$45)+(($C$21*$C$41*(1-$C$25))/$C$23*$C$30*$C$19*$I$46) -> 2664020.9 | J34: =($C$26*$C$30+$C$21*$C$60+$C$29*($C$30-$C$32))*$C$19*$I$43+($C$26*$C$30+$C$21*$C$64+$C$29*($C$30-$C$32))*$C$19*$I$44+($C$26*$C$30+$C$21*$C$30+$C$29*($C$30-$C$32))*$C$19*$I$45+($C$26*$C$30+$C$21*$C$44+$C$29*($C$30-$C$32))*$C$19*$I$46 -> 24699381 | M34: =(H34+J34+L34)-(G34+I34+K34) -> 19582169
B35: Cost of operation and maintenance - Alternative scenario | C35: 100 | D35: € | F35: 25 | G35: =$C$35*$C$19 -> 2453191 | H35: =$C$34 -> 0 | I35: =(($C$21*$C$22*(1-$C$25))/$C$23*$C$30*$C$19*$I$43)+(($C$21*$C$40*(1-$C$25))/$C$23*$C$30*$C$19*$I$44)+(($C$21*$C$42*(1-$C$25))/$C$23*$C$30*$C$19*$I$45)+(($C$21*$C$41*(1-$C$25))/$C$23*$C$30*$C$19*$I$46) -> 2664020.9 | J35: =($C$26*$C$30+$C$21*$C$60+$C$29*($C$30-$C$32))*$C$19*$I$43+($C$26*$C$30+$C$21*$C$64+$C$29*($C$30-$C$32))*$C$19*$I$44+($C$26*$C$30+$C$21*$C$30+$C$29*($C$30-$C$32))*$C$19*$I$45+($C$26*$C$30+$C$21*$C$44+$C$29*($C$30-$C$32))*$C$19*$I$46 -> 24699381 | L35: =C9*C36 -> 68000000 | M35: =(H35+J35+L35)-(G35+I35+K35) -> 87582169
B36: Remaining value | C36: 0.1 | D36: % investment cost | F36: Total | G36: =NPV($C$37,G11:G35)+G10 -> 42717776 | H36: =NPV($C$37,H11:H35)+H10 -> 0 | I36: =NPV($C$37,I11:I35)+I10 -> 46388990 | J36: =NPV($C$37,J11:J35)+J10 -> 4.2860964e+08 | K36: =NPV($C$37,K11:K35)+K10 -> 6.3093618e+08 | L36: =NPV($C$37,L11:L35)+L10 -> 66019417 | M36: =NPV($C$37,M11:M35)+M10 -> -2.5895612e+08
B37: Discount rate | C37: 0.03 | D37: %
B38: Total energy savings | C38: =C26+C27+(C28-C29) -> 1694.7467 | D38: kWh
B39: Degree of efficiency of new gas boiler | C39: ='Sc0-CBA'!C16 -> 0.95 | D39: %
B40: ='Sc0-CBA'!B19 -> Degree of efficiency of petroleum boiler | C40: ='Sc0-CBA'!C19 -> 0.8 | D40: %
B41: Degree of efficiency of biomass boiler | C41: ='Sc0-CBA'!C20 -> 0.3 | D41: % | H41: ='Sc0-CBA'!G32 -> Fuel share per households in the region
B42: ='Sc0-CBA'!B21 -> Degree of efficiency of electric boiler | C42: ='Sc0-CBA'!C21 -> 1
B43: ='Sc0-CBA'!B27 -> Petroleum price | C43: ='Energy prices'!C7/1000 -> 0.11 | D43: kWh | H43: ='Sc0-CBA'!G33 -> Natural gas | I43: ='Sc0-CBA'!H33 -> 0.48
B44: Biomass price | C44: ='Energy prices'!C10/1000 -> 0.017 | D44: kWh | H44: ='Sc0-CBA'!G34 -> Petroleum derivatives | I44: ='Sc0-CBA'!H34 -> 0.2
H45: Electricity | I45: ='Sc0-CBA'!H35 -> 0.19
H46: Biomass | I46: ='Sc0-CBA'!H36 -> 0
H47: Other | I47: ='Sc0-CBA'!H37 -> 0.12
B48: NPV | C48: =NPV(C37,M11:M35)+M10 -> -2.5895612e+08 | H48: Total | I48: =SUM(I43:I47) -> 0.99
B49: IRR | C49: =IRR(M10:M35) -> -0.0085345377
B50: B/C | C50: =(H36+J36+L36)/(G36+I36+K36) -> 0.68694383
B52: Subsidy | C52: 0 | D52: %
B54: VAT Rate | C54: ='Sc0-SCBA'!C83 -> 0.21
B56: With ETS2 price increase | C56: 1 | D56: (Y=1, N=0)
B57: NG price ETS2 Year 3 | C57: =IF(C56=1,C33*(1+D57),C33) -> 0.114684 | D57: 0.006
B58: NG price ETS2 Year 4 | C58: =IF(C56=1,(C57+D58),C33) -> 0.118684 | D58: 0.004
B59: NG price ETS2 Year 5 | C59: =IF(C56=1,(C58+D59),C33) -> 0.119684 | D59: 0.001
B60: NG price ETS2 Year 6 | C60: =IF(C56=1,(C59+D60),C33) -> 0.120684 | D60: 0.001
B61: ='Sc0-CBA'!B54 -> Petroleum price ETS 2 Year 3 | C61: =IF(C56=1,C43*(1+D61),C43) -> 0.11088 | D61: 0.008
B62: ='Sc0-CBA'!B55 -> Petroleum price ETS 2 Year 4 | C62: =IF($C$56=1,C61+D62,$C$43) -> 0.11588 | D62: 0.005
B63: ='Sc0-CBA'!B56 -> Petroleum price ETS 2 Year 5 | C63: =IF($C$56=1,C62+D63,$C$43) -> 0.11688 | D63: 0.001
B64: ='Sc0-CBA'!B57 -> Petroleum price ETS 2 Year 6 | C64: =IF($C$56=1,C63+D64,$C$43) -> 0.11788 | D64: 0.001

Sheet Sc3 Deep-SCBA
C1: Scenario 3 - Deep Renovation Social Cost-Benefit Analysis
B6: Instructions: | C6: all cells indicated in orange need to be filled in.
B9: Available budget for Natural Gas network expansion | C9: ='Sc3 Deep-CBA'!C9 -> 680000000 | D9: € | F9: Year | G9: O&M Cost | H9: O&M Benefit | I9: Fuel cost | J9: Fuel benefit | K9: External cost | L9: External benefit | M9: Investment cost | N9: Remaining value | O9: Net cash flow
B10: Avoided cost from fossil fuel boiler | C10: ='Sc2-CBA'!C12 -> 2000 | D10: € | F10: 0 | L10: =IF(C60=1,C87,0) -> 5.0328063e+08 | M10: =C9-C10*C20 -> 6.3712349e+08 | O10: =(H10+J10+L10+N10)-(G10+I10+K10+M10) -> -1.3384286e+08
B11: Unitary investment cost-building envelope | C11: ='Sc1 Deep-CBA'!C10 -> 17000 | D11: € | F11: 1 | G11: =$C$36*$C$20/(1+$C$54) -> 1771756.6 | H11: =$C$35 -> 0 | I11: =(($C$22*$C$23*(1-$C$26))/$C$24*$C$31*$C$20*$I$43)+(($C$22*$C$40*(1-$C$26))/$C$24*$C$31*$C$20*$I$44)+(($C$22*$C$42*(1-$C$26))/$C$24*$C$31*$C$20*$I$45)+(($C$22*$C$41*(1-$C$26))/$C$24*$C$31*$C$20*$I$46) -> 1448869.7 | J11: =($C$27*$C$31+$C$22*$C$34+$C$30*($C$31-$C$33))*$C$20*$I$43+($C$27*$C$31+$C$22*$C$43+$C$30*($C$31-$C$33))*$C$20*$I$44+($C$27*$C$31+$C$22*$C$31+$C$30*($C$31-$C$33))*$C$20*$I$45+($C$27*$C$31+$C$22*$C$44+$C$30*($C$31-$C$33))*$C$20*$I$46 -> 18319045 | K11: =(($C$22*$C$23*(1-$C$26))*$C$73/1000+$C$15*$C$19*8760*$C$75/1000)*$C$20 -> 2529441.8 | L11: =($C$27*$C$74/1000+$C$28*$C$80/1000+$C$15*$C$19*8760*$C$74/1000)*$C$20*$I$43+($C$27*$C$74/1000+$C$28*$C$68/1000+$C$15*$C$19*8760*$C$74/1000)*$C$20*$I$44+($C$27*$C$74/1000+$C$28*$C$79/1000+$C$15*$C$19*8760*$C$74/1000)*$C$20*$I$45+($C$27*$C$74/1000+$C$28*$C$78/1000+$C$15*$C$19*8760*$C$74/1000)*$C$20*$I$46+(J11-I11)*$C$97*$C$98 -> 6475785.4 | O11: =(H11+J11+L11+N11)-(G11+I11+K11+M11) -> 19044763
B12: Unitary investment cost-Heat pump | C12: ='Sc2-CBA'!C10 -> 10000 | D12: € | F12: 2 | G12: =$C$36*$C$20/(1+$C$54) -> 1771756.6 | H12: =$C$35 -> 0 | I12: =(($C$22*$C$23*(1-$C$26))/$C$24*$C$31*$C$20*$I$43)+(($C$22*$C$40*(1-$C$26))/$C$24*$C$31*$C$20*$I$44)+(($C$22*$C$42*(1-$C$26))/$C$24*$C$31*$C$20*$I$45)+(($C$22*$C$41*(1-$C$26))/$C$24*$C$31*$C$20*$I$46) -> 1448869.7 | J12: =($C$27*$C$31+$C$22*$C$34+$C$30*($C$31-$C$33))*$C$20*$I$43+($C$27*$C$31+$C$22*$C$43+$C$30*($C$31-$C$33))*$C$20*$I$44+($C$27*$C$31+$C$22*$C$31+$C$30*($C$31-$C$33))*$C$20*$I$45+($C$27*$C$31+$C$22*$C$44+$C$30*($C$31-$C$33))*$C$20*$I$46 -> 18319045 | K12: =(($C$22*$C$23*(1-$C$26))*$C$73/1000+$C$15*$C$19*8760*$C$75/1000)*$C$20 -> 2529441.8 | L12: =($C$27*$C$74/1000+$C$28*$C$80/1000+$C$15*$C$19*8760*$C$74/1000)*$C$20*$I$43+($C$27*$C$74/1000+$C$28*$C$68/1000+$C$15*$C$19*8760*$C$74/1000)*$C$20*$I$44+($C$27*$C$74/1000+$C$28*$C$79/1000+$C$15*$C$19*8760*$C$74/1000)*$C$20*$I$45+($C$27*$C$74/1000+$C$28*$C$78/1000+$C$15*$C$19*8760*$C$74/1000)*$C$20*$I$46+(J12-I12)*$C$97*$C$98 -> 6475785.4 | O12: =(H12+J12+L12+N12)-(G12+I12+K12+M12) -> 19044763
B13: Unitary investment cost for PV | C13: =C15*(C17+C18) -> 5469 | D13: € | F13: 3 | G13: =$C$36*$C$20/(1+$C$54) -> 1771756.6 | H13: =$C$35 -> 0 | I13: =(($C$22*$C$23*(1-$C$26))/$C$24*$C$31*$C$20*$I$43)+(($C$22*$C$40*(1-$C$26))/$C$24*$C$31*$C$20*$I$44)+(($C$22*$C$42*(1-$C$26))/$C$24*$C$31*$C$20*$I$45)+(($C$22*$C$41*(1-$C$26))/$C$24*$C$31*$C$20*$I$46) -> 1448869.7 | J13: =($C$27*$C$31+$C$22*$C$34+$C$30*($C$31-$C$33))*$C$20*$I$43+($C$27*$C$31+$C$22*$C$43+$C$30*($C$31-$C$33))*$C$20*$I$44+($C$27*$C$31+$C$22*$C$31+$C$30*($C$31-$C$33))*$C$20*$I$45+($C$27*$C$31+$C$22*$C$44+$C$30*($C$31-$C$33))*$C$20*$I$46 -> 18319045 | K13: =(($C$22*$C$23*(1-$C$26))*$C$73/1000+$C$15*$C$19*8760*$C$75/1000)*$C$20 -> 2529441.8 | L13: =($C$27*$C$74/1000+$C$28*$C$80/1000+$C$15*$C$19*8760*$C$74/1000)*$C$20*$I$43+($C$27*$C$74/1000+$C$28*$C$68/1000+$C$15*$C$19*8760*$C$74/1000)*$C$20*$I$44+($C$27*$C$74/1000+$C$28*$C$79/1000+$C$15*$C$19*8760*$C$74/1000)*$C$20*$I$45+($C$27*$C$74/1000+$C$28*$C$78/1000+$C$15*$C$19*8760*$C$74/1000)*$C$20*$I$46+(J13-I13)*$C$97*$C$98 -> 6475785.4 | O13: =(H13+J13+L13+N13)-(G13+I13+K13+M13) -> 19044763
B14: Unitary investment cost with subsidy | C14: =(C11+C12+C13-C18*C15)*(1-C52) -> 31719 | D14: € | F14: 4 | G14: =$C$36*$C$20/(1+$C$54) -> 1771756.6 | H14: =$C$35 -> 0 | I14: =(($C$22*$C$23*(1-$C$26))/$C$24*$C$31*$C$20*$I$43)+(($C$22*$C$40*(1-$C$26))/$C$24*$C$31*$C$20*$I$44)+(($C$22*$C$42*(1-$C$26))/$C$24*$C$31*$C$20*$I$45)+(($C$22*$C$41*(1-$C$26))/$C$24*$C$31*$C$20*$I$46) -> 1448869.7 | J14: =($C$27*$C$31+$C$22*$C$34+$C$30*($C$31-$C$33))*$C$20*$I$43+($C$27*$C$31+$C$22*$C$43+$C$30*($C$31-$C$33))*$C$20*$I$44+($C$27*$C$31+$C$22*$C$31+$C$30*($C$31-$C$33))*$C$20*$I$45+($C$27*$C$31+$C$22*$C$44+$C$30*($C$31-$C$33))*$C$20*$I$46 -> 18319045 | K14: =(($C$22*$C$23*(1-$C$26))*$C$73/1000+$C$15*$C$19*8760*$C$75/1000)*$C$20 -> 2529441.8 | L14: =($C$27*$C$74/1000+$C$28*$C$80/1000+$C$15*$C$19*8760*$C$74/1000)*$C$20*$I$43+($C$27*$C$74/1000+$C$28*$C$68/1000+$C$15*$C$19*8760*$C$74/1000)*$C$20*$I$44+($C$27*$C$74/1000+$C$28*$C$79/1000+$C$15*$C$19*8760*$C$74/1000)*$C$20*$I$45+($C$27*$C$74/1000+$C$28*$C$78/1000+$C$15*$C$19*8760*$C$74/1000)*$C$20*$I$46+(J14-I14)*$C$97*$C$98 -> 6475785.4 | O14: =(H14+J14+L14+N14)-(G14+I14+K14+M14) -> 19044763
B15: Installed capacity - PV | C15: ='Sc3 Deep-CBA'!C15 -> 3 | D15: kW | F15: 5 | G15: =$C$36*$C$20/(1+$C$54) -> 1771756.6 | H15: =$C$35 -> 0 | I15: =(($C$22*$C$23*(1-$C$26))/$C$24*$C$31*$C$20*$I$43)+(($C$22*$C$40*(1-$C$26))/$C$24*$C$31*$C$20*$I$44)+(($C$22*$C$42*(1-$C$26))/$C$24*$C$31*$C$20*$I$45)+(($C$22*$C$41*(1-$C$26))/$C$24*$C$31*$C$20*$I$46) -> 1448869.7 | J15: =($C$27*$C$31+$C$22*$C$34+$C$30*($C$31-$C$33))*$C$20*$I$43+($C$27*$C$31+$C$22*$C$43+$C$30*($C$31-$C$33))*$C$20*$I$44+($C$27*$C$31+$C$22*$C$31+$C$30*($C$31-$C$33))*$C$20*$I$45+($C$27*$C$31+$C$22*$C$44+$C$30*($C$31-$C$33))*$C$20*$I$46 -> 18319045 | K15: =(($C$22*$C$23*(1-$C$26))*$C$73/1000+$C$15*$C$19*8760*$C$75/1000)*$C$20 -> 2529441.8 | L15: =($C$27*$C$74/1000+$C$28*$C$80/1000+$C$15*$C$19*8760*$C$74/1000)*$C$20*$I$43+($C$27*$C$74/1000+$C$28*$C$68/1000+$C$15*$C$19*8760*$C$74/1000)*$C$20*$I$44+($C$27*$C$74/1000+$C$28*$C$79/1000+$C$15*$C$19*8760*$C$74/1000)*$C$20*$I$45+($C$27*$C$74/1000+$C$28*$C$78/1000+$C$15*$C$19*8760*$C$74/1000)*$C$20*$I$46+(J15-I15)*$C$97*$C$98 -> 6475785.4 | O15: =(H15+J15+L15+N15)-(G15+I15+K15+M15) -> 19044763
B16: Cost of installation - PV without VAT | C16: ='Sc3 Deep-CBA'!C16 -> 1300 | D16: €/kW | F16: 6 | G16: =$C$36*$C$20/(1+$C$54) -> 1771756.6 | H16: =$C$35 -> 0 | I16: =(($C$22*$C$23*(1-$C$26))/$C$24*$C$31*$C$20*$I$43)+(($C$22*$C$40*(1-$C$26))/$C$24*$C$31*$C$20*$I$44)+(($C$22*$C$42*(1-$C$26))/$C$24*$C$31*$C$20*$I$45)+(($C$22*$C$41*(1-$C$26))/$C$24*$C$31*$C$20*$I$46) -> 1448869.7 | J16: =($C$27*$C$31+$C$22*$C$34+$C$30*($C$31-$C$33))*$C$20*$I$43+($C$27*$C$31+$C$22*$C$43+$C$30*($C$31-$C$33))*$C$20*$I$44+($C$27*$C$31+$C$22*$C$31+$C$30*($C$31-$C$33))*$C$20*$I$45+($C$27*$C$31+$C$22*$C$44+$C$30*($C$31-$C$33))*$C$20*$I$46 -> 18319045 | K16: =(($C$22*$C$23*(1-$C$26))*$C$73/1000+$C$15*$C$19*8760*$C$75/1000)*$C$20 -> 2529441.8 | L16: =($C$27*$C$74/1000+$C$28*$C$80/1000+$C$15*$C$19*8760*$C$74/1000)*$C$20*$I$43+($C$27*$C$74/1000+$C$28*$C$68/1000+$C$15*$C$19*8760*$C$74/1000)*$C$20*$I$44+($C$27*$C$74/1000+$C$28*$C$79/1000+$C$15*$C$19*8760*$C$74/1000)*$C$20*$I$45+($C$27*$C$74/1000+$C$28*$C$78/1000+$C$15*$C$19*8760*$C$74/1000)*$C$20*$I$46+(J16-I16)*$C$97*$C$98 -> 6475785.4 | O16: =(H16+J16+L16+N16)-(G16+I16+K16+M16) -> 19044763
B17: Cost of installation - PV | C17: =C16*(1+C54) -> 1573 | D17: €/kW | F17: 7 | G17: =$C$36*$C$20/(1+$C$54) -> 1771756.6 | H17: =$C$35 -> 0 | I17: =(($C$22*$C$23*(1-$C$26))/$C$24*$C$31*$C$20*$I$43)+(($C$22*$C$40*(1-$C$26))/$C$24*$C$31*$C$20*$I$44)+(($C$22*$C$42*(1-$C$26))/$C$24*$C$31*$C$20*$I$45)+(($C$22*$C$41*(1-$C$26))/$C$24*$C$31*$C$20*$I$46) -> 1448869.7 | J17: =($C$27*$C$31+$C$22*$C$34+$C$30*($C$31-$C$33))*$C$20*$I$43+($C$27*$C$31+$C$22*$C$43+$C$30*($C$31-$C$33))*$C$20*$I$44+($C$27*$C$31+$C$22*$C$31+$C$30*($C$31-$C$33))*$C$20*$I$45+($C$27*$C$31+$C$22*$C$44+$C$30*($C$31-$C$33))*$C$20*$I$46 -> 18319045 | K17: =(($C$22*$C$23*(1-$C$26))*$C$73/1000+$C$15*$C$19*8760*$C$75/1000)*$C$20 -> 2529441.8 | L17: =($C$27*$C$74/1000+$C$28*$C$80/1000+$C$15*$C$19*8760*$C$74/1000)*$C$20*$I$43+($C$27*$C$74/1000+$C$28*$C$68/1000+$C$15*$C$19*8760*$C$74/1000)*$C$20*$I$44+($C$27*$C$74/1000+$C$28*$C$79/1000+$C$15*$C$19*8760*$C$74/1000)*$C$20*$I$45+($C$27*$C$74/1000+$C$28*$C$78/1000+$C$15*$C$19*8760*$C$74/1000)*$C$20*$I$46+(J17-I17)*$C$97*$C$98 -> 6475785.4 | O17: =(H17+J17+L17+N17)-(G17+I17+K17+M17) -> 19044763
B18: ='Sc3 Deep-CBA'!B18 -> Cost of grid update/connection | C18: ='Sc3 Deep-CBA'!C18 -> 250 | F18: 8 | G18: =$C$36*$C$20/(1+$C$54) -> 1771756.6 | H18: =$C$35 -> 0 | I18: =(($C$22*$C$23*(1-$C$26))/$C$24*$C$31*$C$20*$I$43)+(($C$22*$C$40*(1-$C$26))/$C$24*$C$31*$C$20*$I$44)+(($C$22*$C$42*(1-$C$26))/$C$24*$C$31*$C$20*$I$45)+(($C$22*$C$41*(1-$C$26))/$C$24*$C$31*$C$20*$I$46) -> 1448869.7 | J18: =($C$27*$C$31+$C$22*$C$34+$C$30*($C$31-$C$33))*$C$20*$I$43+($C$27*$C$31+$C$22*$C$43+$C$30*($C$31-$C$33))*$C$20*$I$44+($C$27*$C$31+$C$22*$C$31+$C$30*($C$31-$C$33))*$C$20*$I$45+($C$27*$C$31+$C$22*$C$44+$C$30*($C$31-$C$33))*$C$20*$I$46 -> 18319045 | K18: =(($C$22*$C$23*(1-$C$26))*$C$73/1000+$C$15*$C$19*8760*$C$75/1000)*$C$20 -> 2529441.8 | L18: =($C$27*$C$74/1000+$C$28*$C$80/1000+$C$15*$C$19*8760*$C$74/1000)*$C$20*$I$43+($C$27*$C$74/1000+$C$28*$C$68/1000+$C$15*$C$19*8760*$C$74/1000)*$C$20*$I$44+($C$27*$C$74/1000+$C$28*$C$79/1000+$C$15*$C$19*8760*$C$74/1000)*$C$20*$I$45+($C$27*$C$74/1000+$C$28*$C$78/1000+$C$15*$C$19*8760*$C$74/1000)*$C$20*$I$46+(J18-I18)*$C$97*$C$98 -> 6475785.4 | O18: =(H18+J18+L18+N18)-(G18+I18+K18+M18) -> 19044763
B19: Capacity factor PV | C19: 0.15 | D19: % | F19: 9 | G19: =$C$36*$C$20/(1+$C$54) -> 1771756.6 | H19: =$C$35 -> 0 | I19: =(($C$22*$C$23*(1-$C$26))/$C$24*$C$31*$C$20*$I$43)+(($C$22*$C$40*(1-$C$26))/$C$24*$C$31*$C$20*$I$44)+(($C$22*$C$42*(1-$C$26))/$C$24*$C$31*$C$20*$I$45)+(($C$22*$C$41*(1-$C$26))/$C$24*$C$31*$C$20*$I$46) -> 1448869.7 | J19: =($C$27*$C$31+$C$22*$C$34+$C$30*($C$31-$C$33))*$C$20*$I$43+($C$27*$C$31+$C$22*$C$43+$C$30*($C$31-$C$33))*$C$20*$I$44+($C$27*$C$31+$C$22*$C$31+$C$30*($C$31-$C$33))*$C$20*$I$45+($C$27*$C$31+$C$22*$C$44+$C$30*($C$31-$C$33))*$C$20*$I$46 -> 18319045 | K19: =(($C$22*$C$23*(1-$C$26))*$C$73/1000+$C$15*$C$19*8760*$C$75/1000)*$C$20 -> 2529441.8 | L19: =($C$27*$C$74/1000+$C$28*$C$80/1000+$C$15*$C$19*8760*$C$74/1000)*$C$20*$I$43+($C$27*$C$74/1000+$C$28*$C$68/1000+$C$15*$C$19*8760*$C$74/1000)*$C$20*$I$44+($C$27*$C$74/1000+$C$28*$C$79/1000+$C$15*$C$19*8760*$C$74/1000)*$C$20*$I$45+($C$27*$C$74/1000+$C$28*$C$78/1000+$C$15*$C$19*8760*$C$74/1000)*$C$20*$I$46+(J19-I19)*$C$97*$C$98 -> 6475785.4 | O19: =(H19+J19+L19+N19)-(G19+I19+K19+M19) -> 19044763
B20: Number of affected households | C20: =C9/C14 -> 21438.255 | D20: number of households | F20: 10 | G20: =$C$36*$C$20/(1+$C$54) -> 1771756.6 | H20: =$C$35 -> 0 | I20: =(($C$22*$C$23*(1-$C$26))/$C$24*$C$31*$C$20*$I$43)+(($C$22*$C$40*(1-$C$26))/$C$24*$C$31*$C$20*$I$44)+(($C$22*$C$42*(1-$C$26))/$C$24*$C$31*$C$20*$I$45)+(($C$22*$C$41*(1-$C$26))/$C$24*$C$31*$C$20*$I$46) -> 1448869.7 | J20: =($C$27*$C$31+$C$22*$C$34+$C$30*($C$31-$C$33))*$C$20*$I$43+($C$27*$C$31+$C$22*$C$43+$C$30*($C$31-$C$33))*$C$20*$I$44+($C$27*$C$31+$C$22*$C$31+$C$30*($C$31-$C$33))*$C$20*$I$45+($C$27*$C$31+$C$22*$C$44+$C$30*($C$31-$C$33))*$C$20*$I$46 -> 18319045 | K20: =(($C$22*$C$23*(1-$C$26))*$C$73/1000+$C$15*$C$19*8760*$C$75/1000)*$C$20 -> 2529441.8 | L20: =($C$27*$C$74/1000+$C$28*$C$80/1000+$C$15*$C$19*8760*$C$74/1000)*$C$20*$I$43+($C$27*$C$74/1000+$C$28*$C$68/1000+$C$15*$C$19*8760*$C$74/1000)*$C$20*$I$44+($C$27*$C$74/1000+$C$28*$C$79/1000+$C$15*$C$19*8760*$C$74/1000)*$C$20*$I$45+($C$27*$C$74/1000+$C$28*$C$78/1000+$C$15*$C$19*8760*$C$74/1000)*$C$20*$I$46+(J20-I20)*$C$97*$C$98 -> 6475785.4 | O20: =(H20+J20+L20+N20)-(G20+I20+K20+M20) -> 19044763
B21: Energy consumption for space cooling | C21: ='Sc0-CBA'!C14 -> 104 | D21: kWh | F21: 11 | G21: =$C$36*$C$20/(1+$C$54) -> 1771756.6 | H21: =$C$35 -> 0 | I21: =(($C$22*$C$23*(1-$C$26))/$C$24*$C$31*$C$20*$I$43)+(($C$22*$C$40*(1-$C$26))/$C$24*$C$31*$C$20*$I$44)+(($C$22*$C$42*(1-$C$26))/$C$24*$C$31*$C$20*$I$45)+(($C$22*$C$41*(1-$C$26))/$C$24*$C$31*$C$20*$I$46) -> 1448869.7 | J21: =($C$27*$C$31+$C$22*$C$34+$C$30*($C$31-$C$33))*$C$20*$I$43+($C$27*$C$31+$C$22*$C$43+$C$30*($C$31-$C$33))*$C$20*$I$44+($C$27*$C$31+$C$22*$C$31+$C$30*($C$31-$C$33))*$C$20*$I$45+($C$27*$C$31+$C$22*$C$44+$C$30*($C$31-$C$33))*$C$20*$I$46 -> 18319045 | K21: =(($C$22*$C$23*(1-$C$26))*$C$73/1000+$C$15*$C$19*8760*$C$75/1000)*$C$20 -> 2529441.8 | L21: =($C$27*$C$74/1000+$C$28*$C$80/1000+$C$15*$C$19*8760*$C$74/1000)*$C$20*$I$43+($C$27*$C$74/1000+$C$28*$C$68/1000+$C$15*$C$19*8760*$C$74/1000)*$C$20*$I$44+($C$27*$C$74/1000+$C$28*$C$79/1000+$C$15*$C$19*8760*$C$74/1000)*$C$20*$I$45+($C$27*$C$74/1000+$C$28*$C$78/1000+$C$15*$C$19*8760*$C$74/1000)*$C$20*$I$46+(J21-I21)*$C$97*$C$98 -> 6475785.4 | O21: =(H21+J21+L21+N21)-(G21+I21+K21+M21) -> 19044763
B22: Energy consumption for space heating | C22: ='Sc0-CBA'!C15 -> 4070 | D22: kWh | F22: 12 | G22: =$C$36*$C$20/(1+$C$54) -> 1771756.6 | H22: =$C$35 -> 0 | I22: =(($C$22*$C$23*(1-$C$26))/$C$24*$C$31*$C$20*$I$43)+(($C$22*$C$40*(1-$C$26))/$C$24*$C$31*$C$20*$I$44)+(($C$22*$C$42*(1-$C$26))/$C$24*$C$31*$C$20*$I$45)+(($C$22*$C$41*(1-$C$26))/$C$24*$C$31*$C$20*$I$46) -> 1448869.7 | J22: =($C$27*$C$31+$C$22*$C$34+$C$30*($C$31-$C$33))*$C$20*$I$43+($C$27*$C$31+$C$22*$C$43+$C$30*($C$31-$C$33))*$C$20*$I$44+($C$27*$C$31+$C$22*$C$31+$C$30*($C$31-$C$33))*$C$20*$I$45+($C$27*$C$31+$C$22*$C$44+$C$30*($C$31-$C$33))*$C$20*$I$46 -> 18319045 | K22: =(($C$22*$C$23*(1-$C$26))*$C$73/1000+$C$15*$C$19*8760*$C$75/1000)*$C$20 -> 2529441.8 | L22: =($C$27*$C$74/1000+$C$28*$C$80/1000+$C$15*$C$19*8760*$C$74/1000)*$C$20*$I$43+($C$27*$C$74/1000+$C$28*$C$68/1000+$C$15*$C$19*8760*$C$74/1000)*$C$20*$I$44+($C$27*$C$74/1000+$C$28*$C$79/1000+$C$15*$C$19*8760*$C$74/1000)*$C$20*$I$45+($C$27*$C$74/1000+$C$28*$C$78/1000+$C$15*$C$19*8760*$C$74/1000)*$C$20*$I$46+(J22-I22)*$C$97*$C$98 -> 6475785.4 | O22: =(H22+J22+L22+N22)-(G22+I22+K22+M22) -> 19044763
B23: ='Sc0-CBA'!B17 -> Degree of efficiency of existing natural gas boiler | C23: ='Sc2-CBA'!C17 -> 0.85 | D23: % | F23: 13 | G23: =$C$36*$C$20/(1+$C$54) -> 1771756.6 | H23: =$C$35 -> 0 | I23: =(($C$22*$C$23*(1-$C$26))/$C$24*$C$31*$C$20*$I$43)+(($C$22*$C$40*(1-$C$26))/$C$24*$C$31*$C$20*$I$44)+(($C$22*$C$42*(1-$C$26))/$C$24*$C$31*$C$20*$I$45)+(($C$22*$C$41*(1-$C$26))/$C$24*$C$31*$C$20*$I$46) -> 1448869.7 | J23: =($C$27*$C$31+$C$22*$C$34+$C$30*($C$31-$C$33))*$C$20*$I$43+($C$27*$C$31+$C$22*$C$43+$C$30*($C$31-$C$33))*$C$20*$I$44+($C$27*$C$31+$C$22*$C$31+$C$30*($C$31-$C$33))*$C$20*$I$45+($C$27*$C$31+$C$22*$C$44+$C$30*($C$31-$C$33))*$C$20*$I$46 -> 18319045 | K23: =(($C$22*$C$23*(1-$C$26))*$C$73/1000+$C$15*$C$19*8760*$C$75/1000)*$C$20 -> 2529441.8 | L23: =($C$27*$C$74/1000+$C$28*$C$80/1000+$C$15*$C$19*8760*$C$74/1000)*$C$20*$I$43+($C$27*$C$74/1000+$C$28*$C$68/1000+$C$15*$C$19*8760*$C$74/1000)*$C$20*$I$44+($C$27*$C$74/1000+$C$28*$C$79/1000+$C$15*$C$19*8760*$C$74/1000)*$C$20*$I$45+($C$27*$C$74/1000+$C$28*$C$78/1000+$C$15*$C$19*8760*$C$74/1000)*$C$20*$I$46+(J23-I23)*$C$97*$C$98 -> 6475785.4 | O23: =(H23+J23+L23+N23)-(G23+I23+K23+M23) -> 19044763
B24: COP heat pump | C24: ='Sc2-CBA'!C21 -> 3 | F24: 14 | G24: =$C$36*$C$20/(1+$C$54) -> 1771756.6 | H24: =$C$35 -> 0 | I24: =(($C$22*$C$23*(1-$C$26))/$C$24*$C$31*$C$20*$I$43)+(($C$22*$C$40*(1-$C$26))/$C$24*$C$31*$C$20*$I$44)+(($C$22*$C$42*(1-$C$26))/$C$24*$C$31*$C$20*$I$45)+(($C$22*$C$41*(1-$C$26))/$C$24*$C$31*$C$20*$I$46) -> 1448869.7 | J24: =($C$27*$C$31+$C$22*$C$34+$C$30*($C$31-$C$33))*$C$20*$I$43+($C$27*$C$31+$C$22*$C$43+$C$30*($C$31-$C$33))*$C$20*$I$44+($C$27*$C$31+$C$22*$C$31+$C$30*($C$31-$C$33))*$C$20*$I$45+($C$27*$C$31+$C$22*$C$44+$C$30*($C$31-$C$33))*$C$20*$I$46 -> 18319045 | K24: =(($C$22*$C$23*(1-$C$26))*$C$73/1000+$C$15*$C$19*8760*$C$75/1000)*$C$20 -> 2529441.8 | L24: =($C$27*$C$74/1000+$C$28*$C$80/1000+$C$15*$C$19*8760*$C$74/1000)*$C$20*$I$43+($C$27*$C$74/1000+$C$28*$C$68/1000+$C$15*$C$19*8760*$C$74/1000)*$C$20*$I$44+($C$27*$C$74/1000+$C$28*$C$79/1000+$C$15*$C$19*8760*$C$74/1000)*$C$20*$I$45+($C$27*$C$74/1000+$C$28*$C$78/1000+$C$15*$C$19*8760*$C$74/1000)*$C$20*$I$46+(J24-I24)*$C$97*$C$98 -> 6475785.4 | O24: =(H24+J24+L24+N24)-(G24+I24+K24+M24) -> 19044763
B25: % of energy savings in space cooling | C25: ='Sc1 Deep-CBA'!C16 -> 0.69 | D25: % | F25: 15 | G25: =$C$36*$C$20/(1+$C$54) -> 1771756.6 | H25: =$C$35 -> 0 | I25: =(($C$22*$C$23*(1-$C$26))/$C$24*$C$31*$C$20*$I$43)+(($C$22*$C$40*(1-$C$26))/$C$24*$C$31*$C$20*$I$44)+(($C$22*$C$42*(1-$C$26))/$C$24*$C$31*$C$20*$I$45)+(($C$22*$C$41*(1-$C$26))/$C$24*$C$31*$C$20*$I$46) -> 1448869.7 | J25: =($C$27*$C$31+$C$22*$C$34+$C$30*($C$31-$C$33))*$C$20*$I$43+($C$27*$C$31+$C$22*$C$43+$C$30*($C$31-$C$33))*$C$20*$I$44+($C$27*$C$31+$C$22*$C$31+$C$30*($C$31-$C$33))*$C$20*$I$45+($C$27*$C$31+$C$22*$C$44+$C$30*($C$31-$C$33))*$C$20*$I$46 -> 18319045 | K25: =(($C$22*$C$23*(1-$C$26))*$C$73/1000+$C$15*$C$19*8760*$C$75/1000)*$C$20 -> 2529441.8 | L25: =($C$27*$C$74/1000+$C$28*$C$80/1000+$C$15*$C$19*8760*$C$74/1000)*$C$20*$I$43+($C$27*$C$74/1000+$C$28*$C$68/1000+$C$15*$C$19*8760*$C$74/1000)*$C$20*$I$44+($C$27*$C$74/1000+$C$28*$C$79/1000+$C$15*$C$19*8760*$C$74/1000)*$C$20*$I$45+($C$27*$C$74/1000+$C$28*$C$78/1000+$C$15*$C$19*8760*$C$74/1000)*$C$20*$I$46+(J25-I25)*$C$97*$C$98 -> 6475785.4 | O25: =(H25+J25+L25+N25)-(G25+I25+K25+M25) -> 19044763
B26: % of energy savings in space heating | C26: ='Sc1 Deep-CBA'!C17 -> 0.69 | D26: % | F26: 16 | G26: =$C$36*$C$20/(1+$C$54) -> 1771756.6 | H26: =$C$35 -> 0 | I26: =(($C$22*$C$23*(1-$C$26))/$C$24*$C$31*$C$20*$I$43)+(($C$22*$C$40*(1-$C$26))/$C$24*$C$31*$C$20*$I$44)+(($C$22*$C$42*(1-$C$26))/$C$24*$C$31*$C$20*$I$45)+(($C$22*$C$41*(1-$C$26))/$C$24*$C$31*$C$20*$I$46) -> 1448869.7 | J26: =($C$27*$C$31+$C$22*$C$34+$C$30*($C$31-$C$33))*$C$20*$I$43+($C$27*$C$31+$C$22*$C$43+$C$30*($C$31-$C$33))*$C$20*$I$44+($C$27*$C$31+$C$22*$C$31+$C$30*($C$31-$C$33))*$C$20*$I$45+($C$27*$C$31+$C$22*$C$44+$C$30*($C$31-$C$33))*$C$20*$I$46 -> 18319045 | K26: =(($C$22*$C$23*(1-$C$26))*$C$73/1000+$C$15*$C$19*8760*$C$75/1000)*$C$20 -> 2529441.8 | L26: =($C$27*$C$74/1000+$C$28*$C$80/1000+$C$15*$C$19*8760*$C$74/1000)*$C$20*$I$43+($C$27*$C$74/1000+$C$28*$C$68/1000+$C$15*$C$19*8760*$C$74/1000)*$C$20*$I$44+($C$27*$C$74/1000+$C$28*$C$79/1000+$C$15*$C$19*8760*$C$74/1000)*$C$20*$I$45+($C$27*$C$74/1000+$C$28*$C$78/1000+$C$15*$C$19*8760*$C$74/1000)*$C$20*$I$46+(J26-I26)*$C$97*$C$98 -> 6475785.4 | O26: =(H26+J26+L26+N26)-(G26+I26+K26+M26) -> 19044763
B27: Energy savings in space cooling | C27: =C21*C25 -> 71.76 | D27: kWh | F27: 17 | G27: =$C$36*$C$20/(1+$C$54) -> 1771756.6 | H27: =$C$35 -> 0 | I27: =(($C$22*$C$23*(1-$C$26))/$C$24*$C$31*$C$20*$I$43)+(($C$22*$C$40*(1-$C$26))/$C$24*$C$31*$C$20*$I$44)+(($C$22*$C$42*(1-$C$26))/$C$24*$C$31*$C$20*$I$45)+(($C$22*$C$41*(1-$C$26))/$C$24*$C$31*$C$20*$I$46) -> 1448869.7 | J27: =($C$27*$C$31+$C$22*$C$34+$C$30*($C$31-$C$33))*$C$20*$I$43+($C$27*$C$31+$C$22*$C$43+$C$30*($C$31-$C$33))*$C$20*$I$44+($C$27*$C$31+$C$22*$C$31+$C$30*($C$31-$C$33))*$C$20*$I$45+($C$27*$C$31+$C$22*$C$44+$C$30*($C$31-$C$33))*$C$20*$I$46 -> 18319045 | K27: =(($C$22*$C$23*(1-$C$26))*$C$73/1000+$C$15*$C$19*8760*$C$75/1000)*$C$20 -> 2529441.8 | L27: =($C$27*$C$74/1000+$C$28*$C$80/1000+$C$15*$C$19*8760*$C$74/1000)*$C$20*$I$43+($C$27*$C$74/1000+$C$28*$C$68/1000+$C$15*$C$19*8760*$C$74/1000)*$C$20*$I$44+($C$27*$C$74/1000+$C$28*$C$79/1000+$C$15*$C$19*8760*$C$74/1000)*$C$20*$I$45+($C$27*$C$74/1000+$C$28*$C$78/1000+$C$15*$C$19*8760*$C$74/1000)*$C$20*$I$46+(J27-I27)*$C$97*$C$98 -> 6475785.4 | O27: =(H27+J27+L27+N27)-(G27+I27+K27+M27) -> 19044763
B28: Energy savings in space heating | C28: =C22*C26 -> 2808.3 | D28: kWh | F28: 18 | G28: =$C$36*$C$20/(1+$C$54) -> 1771756.6 | H28: =$C$35 -> 0 | I28: =(($C$22*$C$23*(1-$C$26))/$C$24*$C$31*$C$20*$I$43)+(($C$22*$C$40*(1-$C$26))/$C$24*$C$31*$C$20*$I$44)+(($C$22*$C$42*(1-$C$26))/$C$24*$C$31*$C$20*$I$45)+(($C$22*$C$41*(1-$C$26))/$C$24*$C$31*$C$20*$I$46) -> 1448869.7 | J28: =($C$27*$C$31+$C$22*$C$34+$C$30*($C$31-$C$33))*$C$20*$I$43+($C$27*$C$31+$C$22*$C$43+$C$30*($C$31-$C$33))*$C$20*$I$44+($C$27*$C$31+$C$22*$C$31+$C$30*($C$31-$C$33))*$C$20*$I$45+($C$27*$C$31+$C$22*$C$44+$C$30*($C$31-$C$33))*$C$20*$I$46 -> 18319045 | K28: =(($C$22*$C$23*(1-$C$26))*$C$73/1000+$C$15*$C$19*8760*$C$75/1000)*$C$20 -> 2529441.8 | L28: =($C$27*$C$74/1000+$C$28*$C$80/1000+$C$15*$C$19*8760*$C$74/1000)*$C$20*$I$43+($C$27*$C$74/1000+$C$28*$C$68/1000+$C$15*$C$19*8760*$C$74/1000)*$C$20*$I$44+($C$27*$C$74/1000+$C$28*$C$79/1000+$C$15*$C$19*8760*$C$74/1000)*$C$20*$I$45+($C$27*$C$74/1000+$C$28*$C$78/1000+$C$15*$C$19*8760*$C$74/1000)*$C$20*$I$46+(J28-I28)*$C$97*$C$98 -> 6475785.4 | O28: =(H28+J28+L28+N28)-(G28+I28+K28+M28) -> 19044763
B29: Electricity consumption | C29: ='Sc3 Deep-CBA'!C28 -> 3929.64 | D29: kWh | F29: 19 | G29: =$C$36*$C$20/(1+$C$54) -> 1771756.6 | H29: =$C$35 -> 0 | I29: =(($C$22*$C$23*(1-$C$26))/$C$24*$C$31*$C$20*$I$43)+(($C$22*$C$40*(1-$C$26))/$C$24*$C$31*$C$20*$I$44)+(($C$22*$C$42*(1-$C$26))/$C$24*$C$31*$C$20*$I$45)+(($C$22*$C$41*(1-$C$26))/$C$24*$C$31*$C$20*$I$46) -> 1448869.7 | J29: =($C$27*$C$31+$C$22*$C$34+$C$30*($C$31-$C$33))*$C$20*$I$43+($C$27*$C$31+$C$22*$C$43+$C$30*($C$31-$C$33))*$C$20*$I$44+($C$27*$C$31+$C$22*$C$31+$C$30*($C$31-$C$33))*$C$20*$I$45+($C$27*$C$31+$C$22*$C$44+$C$30*($C$31-$C$33))*$C$20*$I$46 -> 18319045 | K29: =(($C$22*$C$23*(1-$C$26))*$C$73/1000+$C$15*$C$19*8760*$C$75/1000)*$C$20 -> 2529441.8 | L29: =($C$27*$C$74/1000+$C$28*$C$80/1000+$C$15*$C$19*8760*$C$74/1000)*$C$20*$I$43+($C$27*$C$74/1000+$C$28*$C$68/1000+$C$15*$C$19*8760*$C$74/1000)*$C$20*$I$44+($C$27*$C$74/1000+$C$28*$C$79/1000+$C$15*$C$19*8760*$C$74/1000)*$C$20*$I$45+($C$27*$C$74/1000+$C$28*$C$78/1000+$C$15*$C$19*8760*$C$74/1000)*$C$20*$I$46+(J29-I29)*$C$97*$C$98 -> 6475785.4 | O29: =(H29+J29+L29+N29)-(G29+I29+K29+M29) -> 19044763
B30: Electricity consumption after interventions | C30: =C29+C21*(1-C25)+(C22-C28)/C24 -> 4382.4467 | D30: kWh | F30: 20 | G30: =$C$36*$C$20/(1+$C$54) -> 1771756.6 | H30: =$C$35 -> 0 | I30: =(($C$22*$C$23*(1-$C$26))/$C$24*$C$31*$C$20*$I$43)+(($C$22*$C$40*(1-$C$26))/$C$24*$C$31*$C$20*$I$44)+(($C$22*$C$42*(1-$C$26))/$C$24*$C$31*$C$20*$I$45)+(($C$22*$C$41*(1-$C$26))/$C$24*$C$31*$C$20*$I$46) -> 1448869.7 | J30: =($C$27*$C$31+$C$22*$C$34+$C$30*($C$31-$C$33))*$C$20*$I$43+($C$27*$C$31+$C$22*$C$43+$C$30*($C$31-$C$33))*$C$20*$I$44+($C$27*$C$31+$C$22*$C$31+$C$30*($C$31-$C$33))*$C$20*$I$45+($C$27*$C$31+$C$22*$C$44+$C$30*($C$31-$C$33))*$C$20*$I$46 -> 18319045 | K30: =(($C$22*$C$23*(1-$C$26))*$C$73/1000+$C$15*$C$19*8760*$C$75/1000)*$C$20 -> 2529441.8 | L30: =($C$27*$C$74/1000+$C$28*$C$80/1000+$C$15*$C$19*8760*$C$74/1000)*$C$20*$I$43+($C$27*$C$74/1000+$C$28*$C$68/1000+$C$15*$C$19*8760*$C$74/1000)*$C$20*$I$44+($C$27*$C$74/1000+$C$28*$C$79/1000+$C$15*$C$19*8760*$C$74/1000)*$C$20*$I$45+($C$27*$C$74/1000+$C$28*$C$78/1000+$C$15*$C$19*8760*$C$74/1000)*$C$20*$I$46+(J30-I30)*$C$97*$C$98 -> 6475785.4 | O30: =(H30+J30+L30+N30)-(G30+I30+K30+M30) -> 19044763
B31: Electricity price | C31: ='Energy prices'!$D$6/1000 -> 0.212 | D31: €/kWh | F31: 21 | G31: =$C$36*$C$20/(1+$C$54) -> 1771756.6 | H31: =$C$35 -> 0 | I31: =(($C$22*$C$23*(1-$C$26))/$C$24*$C$31*$C$20*$I$43)+(($C$22*$C$40*(1-$C$26))/$C$24*$C$31*$C$20*$I$44)+(($C$22*$C$42*(1-$C$26))/$C$24*$C$31*$C$20*$I$45)+(($C$22*$C$41*(1-$C$26))/$C$24*$C$31*$C$20*$I$46) -> 1448869.7 | J31: =($C$27*$C$31+$C$22*$C$34+$C$30*($C$31-$C$33))*$C$20*$I$43+($C$27*$C$31+$C$22*$C$43+$C$30*($C$31-$C$33))*$C$20*$I$44+($C$27*$C$31+$C$22*$C$31+$C$30*($C$31-$C$33))*$C$20*$I$45+($C$27*$C$31+$C$22*$C$44+$C$30*($C$31-$C$33))*$C$20*$I$46 -> 18319045 | K31: =(($C$22*$C$23*(1-$C$26))*$C$73/1000+$C$15*$C$19*8760*$C$75/1000)*$C$20 -> 2529441.8 | L31: =($C$27*$C$74/1000+$C$28*$C$80/1000+$C$15*$C$19*8760*$C$74/1000)*$C$20*$I$43+($C$27*$C$74/1000+$C$28*$C$68/1000+$C$15*$C$19*8760*$C$74/1000)*$C$20*$I$44+($C$27*$C$74/1000+$C$28*$C$79/1000+$C$15*$C$19*8760*$C$74/1000)*$C$20*$I$45+($C$27*$C$74/1000+$C$28*$C$78/1000+$C$15*$C$19*8760*$C$74/1000)*$C$20*$I$46+(J31-I31)*$C$97*$C$98 -> 6475785.4 | O31: =(H31+J31+L31+N31)-(G31+I31+K31+M31) -> 19044763
B32: Cost reduction due to net metering | C32: 0.5 | D32: % | F32: 22 | G32: =$C$36*$C$20/(1+$C$54) -> 1771756.6 | H32: =$C$35 -> 0 | I32: =(($C$22*$C$23*(1-$C$26))/$C$24*$C$31*$C$20*$I$43)+(($C$22*$C$40*(1-$C$26))/$C$24*$C$31*$C$20*$I$44)+(($C$22*$C$42*(1-$C$26))/$C$24*$C$31*$C$20*$I$45)+(($C$22*$C$41*(1-$C$26))/$C$24*$C$31*$C$20*$I$46) -> 1448869.7 | J32: =($C$27*$C$31+$C$22*$C$34+$C$30*($C$31-$C$33))*$C$20*$I$43+($C$27*$C$31+$C$22*$C$43+$C$30*($C$31-$C$33))*$C$20*$I$44+($C$27*$C$31+$C$22*$C$31+$C$30*($C$31-$C$33))*$C$20*$I$45+($C$27*$C$31+$C$22*$C$44+$C$30*($C$31-$C$33))*$C$20*$I$46 -> 18319045 | K32: =(($C$22*$C$23*(1-$C$26))*$C$73/1000+$C$15*$C$19*8760*$C$75/1000)*$C$20 -> 2529441.8 | L32: =($C$27*$C$74/1000+$C$28*$C$80/1000+$C$15*$C$19*8760*$C$74/1000)*$C$20*$I$43+($C$27*$C$74/1000+$C$28*$C$68/1000+$C$15*$C$19*8760*$C$74/1000)*$C$20*$I$44+($C$27*$C$74/1000+$C$28*$C$79/1000+$C$15*$C$19*8760*$C$74/1000)*$C$20*$I$45+($C$27*$C$74/1000+$C$28*$C$78/1000+$C$15*$C$19*8760*$C$74/1000)*$C$20*$I$46+(J32-I32)*$C$97*$C$98 -> 6475785.4 | O32: =(H32+J32+L32+N32)-(G32+I32+K32+M32) -> 19044763
B33: Electricity price - net metering | C33: =C31*C32 -> 0.106 | D33: €/kWh | F33: 23 | G33: =$C$36*$C$20/(1+$C$54) -> 1771756.6 | H33: =$C$35 -> 0 | I33: =(($C$22*$C$23*(1-$C$26))/$C$24*$C$31*$C$20*$I$43)+(($C$22*$C$40*(1-$C$26))/$C$24*$C$31*$C$20*$I$44)+(($C$22*$C$42*(1-$C$26))/$C$24*$C$31*$C$20*$I$45)+(($C$22*$C$41*(1-$C$26))/$C$24*$C$31*$C$20*$I$46) -> 1448869.7 | J33: =($C$27*$C$31+$C$22*$C$34+$C$30*($C$31-$C$33))*$C$20*$I$43+($C$27*$C$31+$C$22*$C$43+$C$30*($C$31-$C$33))*$C$20*$I$44+($C$27*$C$31+$C$22*$C$31+$C$30*($C$31-$C$33))*$C$20*$I$45+($C$27*$C$31+$C$22*$C$44+$C$30*($C$31-$C$33))*$C$20*$I$46 -> 18319045 | K33: =(($C$22*$C$23*(1-$C$26))*$C$73/1000+$C$15*$C$19*8760*$C$75/1000)*$C$20 -> 2529441.8 | L33: =($C$27*$C$74/1000+$C$28*$C$80/1000+$C$15*$C$19*8760*$C$74/1000)*$C$20*$I$43+($C$27*$C$74/1000+$C$28*$C$68/1000+$C$15*$C$19*8760*$C$74/1000)*$C$20*$I$44+($C$27*$C$74/1000+$C$28*$C$79/1000+$C$15*$C$19*8760*$C$74/1000)*$C$20*$I$45+($C$27*$C$74/1000+$C$28*$C$78/1000+$C$15*$C$19*8760*$C$74/1000)*$C$20*$I$46+(J33-I33)*$C$97*$C$98 -> 6475785.4 | O33: =(H33+J33+L33+N33)-(G33+I33+K33+M33) -> 19044763
B34: ='Sc0-SCBA'!B25 -> Natural gas price | C34: ='Sc0-SCBA'!C25 -> 0.094 | D34: €/kWh | F34: 24 | G34: =$C$36*$C$20/(1+$C$54) -> 1771756.6 | H34: =$C$35 -> 0 | I34: =(($C$22*$C$23*(1-$C$26))/$C$24*$C$31*$C$20*$I$43)+(($C$22*$C$40*(1-$C$26))/$C$24*$C$31*$C$20*$I$44)+(($C$22*$C$42*(1-$C$26))/$C$24*$C$31*$C$20*$I$45)+(($C$22*$C$41*(1-$C$26))/$C$24*$C$31*$C$20*$I$46) -> 1448869.7 | J34: =($C$27*$C$31+$C$22*$C$34+$C$30*($C$31-$C$33))*$C$20*$I$43+($C$27*$C$31+$C$22*$C$43+$C$30*($C$31-$C$33))*$C$20*$I$44+($C$27*$C$31+$C$22*$C$31+$C$30*($C$31-$C$33))*$C$20*$I$45+($C$27*$C$31+$C$22*$C$44+$C$30*($C$31-$C$33))*$C$20*$I$46 -> 18319045 | K34: =(($C$22*$C$23*(1-$C$26))*$C$73/1000+$C$15*$C$19*8760*$C$75/1000)*$C$20 -> 2529441.8 | L34: =($C$27*$C$74/1000+$C$28*$C$80/1000+$C$15*$C$19*8760*$C$74/1000)*$C$20*$I$43+($C$27*$C$74/1000+$C$28*$C$68/1000+$C$15*$C$19*8760*$C$74/1000)*$C$20*$I$44+($C$27*$C$74/1000+$C$28*$C$79/1000+$C$15*$C$19*8760*$C$74/1000)*$C$20*$I$45+($C$27*$C$74/1000+$C$28*$C$78/1000+$C$15*$C$19*8760*$C$74/1000)*$C$20*$I$46+(J34-I34)*$C$97*$C$98 -> 6475785.4 | O34: =(H34+J34+L34+N34)-(G34+I34+K34+M34) -> 19044763
B35: Cost of operation and maintenance - Baseline scenario | C35: 0 | D35: € | F35: 25 | G35: =$C$36*$C$20/(1+$C$54) -> 1771756.6 | H35: =$C$35 -> 0 | I35: =(($C$22*$C$23*(1-$C$26))/$C$24*$C$31*$C$20*$I$43)+(($C$22*$C$40*(1-$C$26))/$C$24*$C$31*$C$20*$I$44)+(($C$22*$C$42*(1-$C$26))/$C$24*$C$31*$C$20*$I$45)+(($C$22*$C$41*(1-$C$26))/$C$24*$C$31*$C$20*$I$46) -> 1448869.7 | J35: =($C$27*$C$31+$C$22*$C$34+$C$30*($C$31-$C$33))*$C$20*$I$43+($C$27*$C$31+$C$22*$C$43+$C$30*($C$31-$C$33))*$C$20*$I$44+($C$27*$C$31+$C$22*$C$31+$C$30*($C$31-$C$33))*$C$20*$I$45+($C$27*$C$31+$C$22*$C$44+$C$30*($C$31-$C$33))*$C$20*$I$46 -> 18319045 | K35: =(($C$22*$C$23*(1-$C$26))*$C$73/1000+$C$15*$C$19*8760*$C$75/1000)*$C$20 -> 2529441.8 | L35: =($C$27*$C$74/1000+$C$28*$C$80/1000+$C$15*$C$19*8760*$C$74/1000)*$C$20*$I$43+($C$27*$C$74/1000+$C$28*$C$68/1000+$C$15*$C$19*8760*$C$74/1000)*$C$20*$I$44+($C$27*$C$74/1000+$C$28*$C$79/1000+$C$15*$C$19*8760*$C$74/1000)*$C$20*$I$45+($C$27*$C$74/1000+$C$28*$C$78/1000+$C$15*$C$19*8760*$C$74/1000)*$C$20*$I$46+(J35-I35)*$C$97*$C$98 -> 6475785.4 | N35: =C9*C37 -> 68000000 | O35: =(H35+J35+L35+N35)-(G35+I35+K35+M35) -> 87044763
B36: Cost of operation and maintenance - Alternative scenario | C36: 100 | D36: € | F36: Total | G36: =NPV($C$38,G11:G35)+G10 -> 30851859 | H36: =NPV($C$38,H11:H35)+H10 -> 0 | I36: =NPV($C$38,I11:I35)+I10 -> 25229383 | J36: =NPV($C$38,J11:J35)+J10 -> 3.1899224e+08 | K36: =NPV($C$38,K11:K35)+K10 -> 44045544 | L36: =NPV($C$35,L11:L35)+L10 -> 6.6517527e+08 | M36: =NPV($C$38,M11:M35)+M10 -> 6.3712349e+08 | N36: =NPV($C$38,N11:N35)+N10 -> 66019417 | O36: =NPV($C$38,O11:O35)+O10 -> 2.3026359e+08
B37: Remaining value | C37: 0.1 | D37: % investment cost
B38: Discount rate | C38: 0.03 | D38: %
B39: Degree of efficiency of new gas boiler | C39: ='Sc0-CBA'!C16 -> 0.95 | D39: %
B40: ='Sc0-CBA'!B19 -> Degree of efficiency of petroleum boiler | C40: ='Sc0-CBA'!C19 -> 0.8 | D40: %
B41: Degree of efficiency of biomass boiler | C41: ='Sc0-CBA'!C20 -> 0.3 | D41: % | H41: ='Sc0-CBA'!G32 -> Fuel share per households in the region
B42: ='Sc0-CBA'!B21 -> Degree of efficiency of electric boiler | C42: ='Sc0-CBA'!C21 -> 1 | D42: %
B43: ='Sc0-CBA'!B27 -> Petroleum price | C43: ='Energy prices'!C7/1000 -> 0.11 | D43: kWh | H43: ='Sc0-CBA'!G33 -> Natural gas | I43: ='Sc0-CBA'!H33 -> 0.48
B44: Biomass price | C44: ='Energy prices'!C10/1000 -> 0.017 | D44: kWh | H44: ='Sc0-CBA'!G34 -> Petroleum derivatives | I44: ='Sc0-CBA'!H34 -> 0.2
H45: Electricity | I45: ='Sc0-CBA'!H35 -> 0.19
H46: Biomass | I46: ='Sc0-CBA'!H36 -> 0
H47: Other | I47: ='Sc0-CBA'!H37 -> 0.12
B48: NPV | C48: =NPV(C38,O11:O35)+O10 -> 2.3026359e+08 | H48: Total | I48: =SUM(I43:I47) -> 0.99
B49: IRR | C49: =IRR(O10:O35) -> 0.13956875
B50: B/C | C50: =(H36+L36+J36+N36)/(G36+I36+K36+M36) -> 1.4244646
B52: Subsidy | C52: 0 | D52: %
B54: VAT Rate | C54: ='Sc0-SCBA'!C83 -> 0.21
B60: Building value integration | C60: 1 | D60: 1: yes, 2: no
B61: Employment method | C61: 2 | D61: 1: net, 2: gross
B62: Type of multiple benefits | C62: 0 | D62: 1-5 or 0
B65: Enviromental externalities
B66: Data | C66: external cost
C67: €/MWh
B68: Oil boiler-existing | C68: =externalities!D25 -> 51
B69: Oil boiler-new | C69: =externalities!D27 -> 43.4
B70: NG boiler-existing | C70: =externalities!D22 -> 36
B71: NG boiler-new | C71: =externalities!D24 -> 32.2
B72: HP-existing | C72: =externalities!D17 -> 36
B73: HP-new | C73: =externalities!D16 -> 21.8
B74: Electricity-current | C74: =externalities!D19 -> 48.5
B75: PV-new | C75: =externalities!D35 -> 24
B76: Solar-new | C76: =externalities!D31 -> 9.6
B77: Coal boiler | C77: =externalities!D32 -> 57
B78: Biomass boiler | C78: =externalities!D34 -> 174
B79: Electric boiler | C79: =externalities!D19 -> 48.5
B80: ='Sc0-SCBA'!B63 -> District heating (lignite) | C80: =externalities!D36 -> 58
B82: Increase of building value
B83: Capitalization rate | C83: 0.03
B84: Total cost savings | C84: =C85+C86 -> 15098419 | D84: €
B85: Energy savings | C85: =J11-I11 -> 16870176 | D85: €
B86: O&M savings | C86: =H11-G11 -> -1771756.6 | D86: €
B87: Building value increase-total | C87: =IF(externalities!C12=1,'Sc3 Deep-SCBA'!C84/'Sc3 Deep-SCBA'!C83,0) -> 5.0328063e+08 | D87: €
B89: multiple benefits
B90: multiple benefits | C90: external cost
B91: Insulation + Windows + HVAC + Lighting | C91: 5
B92: Insulation + Windows | C92: 4
B93: Windows and/or HVAC and/or Lighting | C93: 3
B94: Insulation and/or HVAC and/or Lighting | C94: 2
B95: HVAC and/or Lighting | C95: 1
B97: Multiple benefits-Alternative | C97: =(IF(C62=1,0.2,IF(C62=2,0.4,IF(C62=3,0.6,IF(C62=4,0.8,IF(C62=5,1,0)))))) -> 0 | D97: multiplier-type
B98: Multiple benefits-Alternative | C98: 0.1 | D98: value

Sheet Sc3 Medium-SCBA
C1: Scenario 3 - Medium Renovation Social Cost-Benefit Analysis
B6: Instructions: | C6: all cells indicated in orange need to be filled in.
B9: Available budget for Natural Gas network expansion | C9: ='Sc3 Medium-CBA'!C9 -> 680000000 | D9: € | F9: Year | G9: O&M Cost | H9: O&M Benefit | I9: Fuel cost | J9: Fuel benefit | K9: External cost | L9: External benefit | M9: Investment cost | N9: Remaining value | O9: Net cash flow
B10: Avoided cost from fossil fuel boiler | C10: ='Sc2-CBA'!C12 -> 2000 | D10: € | F10: 0 | L10: =IF(C59=1,C86,0) -> 5.6501153e+08 | M10: =C9-C10*C20 -> 6.3093618e+08 | O10: =(H10+J10+L10+N10)-(G10+I10+K10+M10) -> -65924651
B11: Unitary investment cost-building envelope | C11: ='Sc1 Medium-CBA'!C10 -> 13000 | D11: € | F11: 1 | G11: =$C$36*$C$20/(1+$C$53) -> 2027430.5 | H11: =$C$35 -> 0 | I11: =(($C$22*$C$23*(1-$C$26))/$C$24*$C$31*$C$20*$I$43)+(($C$22*$C$40*(1-$C$26))/$C$24*$C$31*$C$20*$I$44)+(($C$22*$C$42*(1-$C$26))/$C$24*$C$31*$C$20*$I$45)+(($C$22*$C$41*(1-$C$26))/$C$24*$C$31*$C$20*$I$46) -> 2353218.5 | J11: =($C$27*$C$31+$C$22*$C$34+$C$30*($C$31-$C$33))*$C$20*$I$43+($C$27*$C$31+$C$22*$C$43+$C$30*($C$31-$C$33))*$C$20*$I$44+($C$27*$C$31+$C$22*$C$31+$C$30*($C$31-$C$33))*$C$20*$I$45+($C$27*$C$31+$C$22*$C$44+$C$30*($C$31-$C$33))*$C$20*$I$46 -> 21330995 | K11: =(($C$22*$C$23*(1-$C$26))*$C$72/1000+$C$15*$C$19*8760*$C$75/1000)*$C$20 -> 1742421.2 | L11: =($C$27*$C$74/1000+$C$28*$C$79/1000+$C$15*$C$19*8760*$C$74/1000)*$C$20*$I$43+($C$27*$C$74/1000+$C$28*$C$67/1000+$C$15*$C$19*8760*$C$74/1000)*$C$20*$I$44+($C$27*$C$74/1000+$C$28*$C$78/1000+$C$15*$C$19*8760*$C$74/1000)*$C$20*$I$45+($C$27*$C$74/1000+$C$28*$C$77/1000+$C$15*$C$19*8760*$C$74/1000)*$C$20*$I$46+(J11-I11)*$C$97*$C$98 -> 4691202.9 | O11: =(H11+J11+L11+N11)-(G11+I11+K11+M11) -> 19899128
B12: Unitary investment cost-Heat pump | C12: ='Sc2-CBA'!C10 -> 10000 | D12: € | F12: 2 | G12: =$C$36*$C$20/(1+$C$53) -> 2027430.5 | H12: =$C$35 -> 0 | I12: =(($C$22*$C$23*(1-$C$26))/$C$24*$C$31*$C$20*$I$43)+(($C$22*$C$40*(1-$C$26))/$C$24*$C$31*$C$20*$I$44)+(($C$22*$C$42*(1-$C$26))/$C$24*$C$31*$C$20*$I$45)+(($C$22*$C$41*(1-$C$26))/$C$24*$C$31*$C$20*$I$46) -> 2353218.5 | J12: =($C$27*$C$31+$C$22*$C$34+$C$30*($C$31-$C$33))*$C$20*$I$43+($C$27*$C$31+$C$22*$C$43+$C$30*($C$31-$C$33))*$C$20*$I$44+($C$27*$C$31+$C$22*$C$31+$C$30*($C$31-$C$33))*$C$20*$I$45+($C$27*$C$31+$C$22*$C$44+$C$30*($C$31-$C$33))*$C$20*$I$46 -> 21330995 | K12: =(($C$22*$C$23*(1-$C$26))*$C$72/1000+$C$15*$C$19*8760*$C$75/1000)*$C$20 -> 1742421.2 | L12: =($C$27*$C$74/1000+$C$28*$C$79/1000+$C$15*$C$19*8760*$C$74/1000)*$C$20*$I$43+($C$27*$C$74/1000+$C$28*$C$67/1000+$C$15*$C$19*8760*$C$74/1000)*$C$20*$I$44+($C$27*$C$74/1000+$C$28*$C$78/1000+$C$15*$C$19*8760*$C$74/1000)*$C$20*$I$45+($C$27*$C$74/1000+$C$28*$C$77/1000+$C$15*$C$19*8760*$C$74/1000)*$C$20*$I$46+(J12-I12)*$C$97*$C$98 -> 4691202.9 | O12: =(H12+J12+L12+N12)-(G12+I12+K12+M12) -> 19899128
B13: Unitary investment cost for PV | C13: =C15*(C17+C18) -> 5469 | D13: € | F13: 3 | G13: =$C$36*$C$20/(1+$C$53) -> 2027430.5 | H13: =$C$35 -> 0 | I13: =(($C$22*$C$23*(1-$C$26))/$C$24*$C$31*$C$20*$I$43)+(($C$22*$C$40*(1-$C$26))/$C$24*$C$31*$C$20*$I$44)+(($C$22*$C$42*(1-$C$26))/$C$24*$C$31*$C$20*$I$45)+(($C$22*$C$41*(1-$C$26))/$C$24*$C$31*$C$20*$I$46) -> 2353218.5 | J13: =($C$27*$C$31+$C$22*$C$34+$C$30*($C$31-$C$33))*$C$20*$I$43+($C$27*$C$31+$C$22*$C$43+$C$30*($C$31-$C$33))*$C$20*$I$44+($C$27*$C$31+$C$22*$C$31+$C$30*($C$31-$C$33))*$C$20*$I$45+($C$27*$C$31+$C$22*$C$44+$C$30*($C$31-$C$33))*$C$20*$I$46 -> 21330995 | K13: =(($C$22*$C$23*(1-$C$26))*$C$72/1000+$C$15*$C$19*8760*$C$75/1000)*$C$20 -> 1742421.2 | L13: =($C$27*$C$74/1000+$C$28*$C$79/1000+$C$15*$C$19*8760*$C$74/1000)*$C$20*$I$43+($C$27*$C$74/1000+$C$28*$C$67/1000+$C$15*$C$19*8760*$C$74/1000)*$C$20*$I$44+($C$27*$C$74/1000+$C$28*$C$78/1000+$C$15*$C$19*8760*$C$74/1000)*$C$20*$I$45+($C$27*$C$74/1000+$C$28*$C$77/1000+$C$15*$C$19*8760*$C$74/1000)*$C$20*$I$46+(J13-I13)*$C$97*$C$98 -> 4691202.9 | O13: =(H13+J13+L13+N13)-(G13+I13+K13+M13) -> 19899128
B14: Unitary investment cost with subsidy | C14: =(C11+C12+C13-C18*C15)*(1-C51) -> 27719 | D14: € | F14: 4 | G14: =$C$36*$C$20/(1+$C$53) -> 2027430.5 | H14: =$C$35 -> 0 | I14: =(($C$22*$C$23*(1-$C$26))/$C$24*$C$31*$C$20*$I$43)+(($C$22*$C$40*(1-$C$26))/$C$24*$C$31*$C$20*$I$44)+(($C$22*$C$42*(1-$C$26))/$C$24*$C$31*$C$20*$I$45)+(($C$22*$C$41*(1-$C$26))/$C$24*$C$31*$C$20*$I$46) -> 2353218.5 | J14: =($C$27*$C$31+$C$22*$C$34+$C$30*($C$31-$C$33))*$C$20*$I$43+($C$27*$C$31+$C$22*$C$43+$C$30*($C$31-$C$33))*$C$20*$I$44+($C$27*$C$31+$C$22*$C$31+$C$30*($C$31-$C$33))*$C$20*$I$45+($C$27*$C$31+$C$22*$C$44+$C$30*($C$31-$C$33))*$C$20*$I$46 -> 21330995 | K14: =(($C$22*$C$23*(1-$C$26))*$C$72/1000+$C$15*$C$19*8760*$C$75/1000)*$C$20 -> 1742421.2 | L14: =($C$27*$C$74/1000+$C$28*$C$79/1000+$C$15*$C$19*8760*$C$74/1000)*$C$20*$I$43+($C$27*$C$74/1000+$C$28*$C$67/1000+$C$15*$C$19*8760*$C$74/1000)*$C$20*$I$44+($C$27*$C$74/1000+$C$28*$C$78/1000+$C$15*$C$19*8760*$C$74/1000)*$C$20*$I$45+($C$27*$C$74/1000+$C$28*$C$77/1000+$C$15*$C$19*8760*$C$74/1000)*$C$20*$I$46+(J14-I14)*$C$97*$C$98 -> 4691202.9 | O14: =(H14+J14+L14+N14)-(G14+I14+K14+M14) -> 19899128
B15: Installed capacity - PV | C15: ='Sc3 Deep-CBA'!C15 -> 3 | D15: kW | F15: 5 | G15: =$C$36*$C$20/(1+$C$53) -> 2027430.5 | H15: =$C$35 -> 0 | I15: =(($C$22*$C$23*(1-$C$26))/$C$24*$C$31*$C$20*$I$43)+(($C$22*$C$40*(1-$C$26))/$C$24*$C$31*$C$20*$I$44)+(($C$22*$C$42*(1-$C$26))/$C$24*$C$31*$C$20*$I$45)+(($C$22*$C$41*(1-$C$26))/$C$24*$C$31*$C$20*$I$46) -> 2353218.5 | J15: =($C$27*$C$31+$C$22*$C$34+$C$30*($C$31-$C$33))*$C$20*$I$43+($C$27*$C$31+$C$22*$C$43+$C$30*($C$31-$C$33))*$C$20*$I$44+($C$27*$C$31+$C$22*$C$31+$C$30*($C$31-$C$33))*$C$20*$I$45+($C$27*$C$31+$C$22*$C$44+$C$30*($C$31-$C$33))*$C$20*$I$46 -> 21330995 | K15: =(($C$22*$C$23*(1-$C$26))*$C$72/1000+$C$15*$C$19*8760*$C$75/1000)*$C$20 -> 1742421.2 | L15: =($C$27*$C$74/1000+$C$28*$C$79/1000+$C$15*$C$19*8760*$C$74/1000)*$C$20*$I$43+($C$27*$C$74/1000+$C$28*$C$67/1000+$C$15*$C$19*8760*$C$74/1000)*$C$20*$I$44+($C$27*$C$74/1000+$C$28*$C$78/1000+$C$15*$C$19*8760*$C$74/1000)*$C$20*$I$45+($C$27*$C$74/1000+$C$28*$C$77/1000+$C$15*$C$19*8760*$C$74/1000)*$C$20*$I$46+(J15-I15)*$C$97*$C$98 -> 4691202.9 | O15: =(H15+J15+L15+N15)-(G15+I15+K15+M15) -> 19899128
B16: Cost of installation - PV without VAT | C16: ='Sc3 Deep-CBA'!C16 -> 1300 | D16: €/kW | F16: 6 | G16: =$C$36*$C$20/(1+$C$53) -> 2027430.5 | H16: =$C$35 -> 0 | I16: =(($C$22*$C$23*(1-$C$26))/$C$24*$C$31*$C$20*$I$43)+(($C$22*$C$40*(1-$C$26))/$C$24*$C$31*$C$20*$I$44)+(($C$22*$C$42*(1-$C$26))/$C$24*$C$31*$C$20*$I$45)+(($C$22*$C$41*(1-$C$26))/$C$24*$C$31*$C$20*$I$46) -> 2353218.5 | J16: =($C$27*$C$31+$C$22*$C$34+$C$30*($C$31-$C$33))*$C$20*$I$43+($C$27*$C$31+$C$22*$C$43+$C$30*($C$31-$C$33))*$C$20*$I$44+($C$27*$C$31+$C$22*$C$31+$C$30*($C$31-$C$33))*$C$20*$I$45+($C$27*$C$31+$C$22*$C$44+$C$30*($C$31-$C$33))*$C$20*$I$46 -> 21330995 | K16: =(($C$22*$C$23*(1-$C$26))*$C$72/1000+$C$15*$C$19*8760*$C$75/1000)*$C$20 -> 1742421.2 | L16: =($C$27*$C$74/1000+$C$28*$C$79/1000+$C$15*$C$19*8760*$C$74/1000)*$C$20*$I$43+($C$27*$C$74/1000+$C$28*$C$67/1000+$C$15*$C$19*8760*$C$74/1000)*$C$20*$I$44+($C$27*$C$74/1000+$C$28*$C$78/1000+$C$15*$C$19*8760*$C$74/1000)*$C$20*$I$45+($C$27*$C$74/1000+$C$28*$C$77/1000+$C$15*$C$19*8760*$C$74/1000)*$C$20*$I$46+(J16-I16)*$C$97*$C$98 -> 4691202.9 | O16: =(H16+J16+L16+N16)-(G16+I16+K16+M16) -> 19899128
B17: Cost of installation - PV | C17: =C16*(1+C53) -> 1573 | D17: €/kW | F17: 7 | G17: =$C$36*$C$20/(1+$C$53) -> 2027430.5 | H17: =$C$35 -> 0 | I17: =(($C$22*$C$23*(1-$C$26))/$C$24*$C$31*$C$20*$I$43)+(($C$22*$C$40*(1-$C$26))/$C$24*$C$31*$C$20*$I$44)+(($C$22*$C$42*(1-$C$26))/$C$24*$C$31*$C$20*$I$45)+(($C$22*$C$41*(1-$C$26))/$C$24*$C$31*$C$20*$I$46) -> 2353218.5 | J17: =($C$27*$C$31+$C$22*$C$34+$C$30*($C$31-$C$33))*$C$20*$I$43+($C$27*$C$31+$C$22*$C$43+$C$30*($C$31-$C$33))*$C$20*$I$44+($C$27*$C$31+$C$22*$C$31+$C$30*($C$31-$C$33))*$C$20*$I$45+($C$27*$C$31+$C$22*$C$44+$C$30*($C$31-$C$33))*$C$20*$I$46 -> 21330995 | K17: =(($C$22*$C$23*(1-$C$26))*$C$72/1000+$C$15*$C$19*8760*$C$75/1000)*$C$20 -> 1742421.2 | L17: =($C$27*$C$74/1000+$C$28*$C$79/1000+$C$15*$C$19*8760*$C$74/1000)*$C$20*$I$43+($C$27*$C$74/1000+$C$28*$C$67/1000+$C$15*$C$19*8760*$C$74/1000)*$C$20*$I$44+($C$27*$C$74/1000+$C$28*$C$78/1000+$C$15*$C$19*8760*$C$74/1000)*$C$20*$I$45+($C$27*$C$74/1000+$C$28*$C$77/1000+$C$15*$C$19*8760*$C$74/1000)*$C$20*$I$46+(J17-I17)*$C$97*$C$98 -> 4691202.9 | O17: =(H17+J17+L17+N17)-(G17+I17+K17+M17) -> 19899128
B18: ='Sc3 Deep-CBA'!B18 -> Cost of grid update/connection | C18: ='Sc3 Deep-CBA'!C18 -> 250 | F18: 8 | G18: =$C$36*$C$20/(1+$C$53) -> 2027430.5 | H18: =$C$35 -> 0 | I18: =(($C$22*$C$23*(1-$C$26))/$C$24*$C$31*$C$20*$I$43)+(($C$22*$C$40*(1-$C$26))/$C$24*$C$31*$C$20*$I$44)+(($C$22*$C$42*(1-$C$26))/$C$24*$C$31*$C$20*$I$45)+(($C$22*$C$41*(1-$C$26))/$C$24*$C$31*$C$20*$I$46) -> 2353218.5 | J18: =($C$27*$C$31+$C$22*$C$34+$C$30*($C$31-$C$33))*$C$20*$I$43+($C$27*$C$31+$C$22*$C$43+$C$30*($C$31-$C$33))*$C$20*$I$44+($C$27*$C$31+$C$22*$C$31+$C$30*($C$31-$C$33))*$C$20*$I$45+($C$27*$C$31+$C$22*$C$44+$C$30*($C$31-$C$33))*$C$20*$I$46 -> 21330995 | K18: =(($C$22*$C$23*(1-$C$26))*$C$72/1000+$C$15*$C$19*8760*$C$75/1000)*$C$20 -> 1742421.2 | L18: =($C$27*$C$74/1000+$C$28*$C$79/1000+$C$15*$C$19*8760*$C$74/1000)*$C$20*$I$43+($C$27*$C$74/1000+$C$28*$C$67/1000+$C$15*$C$19*8760*$C$74/1000)*$C$20*$I$44+($C$27*$C$74/1000+$C$28*$C$78/1000+$C$15*$C$19*8760*$C$74/1000)*$C$20*$I$45+($C$27*$C$74/1000+$C$28*$C$77/1000+$C$15*$C$19*8760*$C$74/1000)*$C$20*$I$46+(J18-I18)*$C$97*$C$98 -> 4691202.9 | O18: =(H18+J18+L18+N18)-(G18+I18+K18+M18) -> 19899128
B19: Capacity factor PV | C19: 0.15 | D19: % | F19: 9 | G19: =$C$36*$C$20/(1+$C$53) -> 2027430.5 | H19: =$C$35 -> 0 | I19: =(($C$22*$C$23*(1-$C$26))/$C$24*$C$31*$C$20*$I$43)+(($C$22*$C$40*(1-$C$26))/$C$24*$C$31*$C$20*$I$44)+(($C$22*$C$42*(1-$C$26))/$C$24*$C$31*$C$20*$I$45)+(($C$22*$C$41*(1-$C$26))/$C$24*$C$31*$C$20*$I$46) -> 2353218.5 | J19: =($C$27*$C$31+$C$22*$C$34+$C$30*($C$31-$C$33))*$C$20*$I$43+($C$27*$C$31+$C$22*$C$43+$C$30*($C$31-$C$33))*$C$20*$I$44+($C$27*$C$31+$C$22*$C$31+$C$30*($C$31-$C$33))*$C$20*$I$45+($C$27*$C$31+$C$22*$C$44+$C$30*($C$31-$C$33))*$C$20*$I$46 -> 21330995 | K19: =(($C$22*$C$23*(1-$C$26))*$C$72/1000+$C$15*$C$19*8760*$C$75/1000)*$C$20 -> 1742421.2 | L19: =($C$27*$C$74/1000+$C$28*$C$79/1000+$C$15*$C$19*8760*$C$74/1000)*$C$20*$I$43+($C$27*$C$74/1000+$C$28*$C$67/1000+$C$15*$C$19*8760*$C$74/1000)*$C$20*$I$44+($C$27*$C$74/1000+$C$28*$C$78/1000+$C$15*$C$19*8760*$C$74/1000)*$C$20*$I$45+($C$27*$C$74/1000+$C$28*$C$77/1000+$C$15*$C$19*8760*$C$74/1000)*$C$20*$I$46+(J19-I19)*$C$97*$C$98 -> 4691202.9 | O19: =(H19+J19+L19+N19)-(G19+I19+K19+M19) -> 19899128
B20: Number of affected households | C20: =C9/C14 -> 24531.91 | D20: number of households | F20: 10 | G20: =$C$36*$C$20/(1+$C$53) -> 2027430.5 | H20: =$C$35 -> 0 | I20: =(($C$22*$C$23*(1-$C$26))/$C$24*$C$31*$C$20*$I$43)+(($C$22*$C$40*(1-$C$26))/$C$24*$C$31*$C$20*$I$44)+(($C$22*$C$42*(1-$C$26))/$C$24*$C$31*$C$20*$I$45)+(($C$22*$C$41*(1-$C$26))/$C$24*$C$31*$C$20*$I$46) -> 2353218.5 | J20: =($C$27*$C$31+$C$22*$C$34+$C$30*($C$31-$C$33))*$C$20*$I$43+($C$27*$C$31+$C$22*$C$43+$C$30*($C$31-$C$33))*$C$20*$I$44+($C$27*$C$31+$C$22*$C$31+$C$30*($C$31-$C$33))*$C$20*$I$45+($C$27*$C$31+$C$22*$C$44+$C$30*($C$31-$C$33))*$C$20*$I$46 -> 21330995 | K20: =(($C$22*$C$23*(1-$C$26))*$C$72/1000+$C$15*$C$19*8760*$C$75/1000)*$C$20 -> 1742421.2 | L20: =($C$27*$C$74/1000+$C$28*$C$79/1000+$C$15*$C$19*8760*$C$74/1000)*$C$20*$I$43+($C$27*$C$74/1000+$C$28*$C$67/1000+$C$15*$C$19*8760*$C$74/1000)*$C$20*$I$44+($C$27*$C$74/1000+$C$28*$C$78/1000+$C$15*$C$19*8760*$C$74/1000)*$C$20*$I$45+($C$27*$C$74/1000+$C$28*$C$77/1000+$C$15*$C$19*8760*$C$74/1000)*$C$20*$I$46+(J20-I20)*$C$97*$C$98 -> 4691202.9 | O20: =(H20+J20+L20+N20)-(G20+I20+K20+M20) -> 19899128
B21: Energy consumption for space cooling | C21: ='Sc0-CBA'!C14 -> 104 | D21: kWh | F21: 11 | G21: =$C$36*$C$20/(1+$C$53) -> 2027430.5 | H21: =$C$35 -> 0 | I21: =(($C$22*$C$23*(1-$C$26))/$C$24*$C$31*$C$20*$I$43)+(($C$22*$C$40*(1-$C$26))/$C$24*$C$31*$C$20*$I$44)+(($C$22*$C$42*(1-$C$26))/$C$24*$C$31*$C$20*$I$45)+(($C$22*$C$41*(1-$C$26))/$C$24*$C$31*$C$20*$I$46) -> 2353218.5 | J21: =($C$27*$C$31+$C$22*$C$34+$C$30*($C$31-$C$33))*$C$20*$I$43+($C$27*$C$31+$C$22*$C$43+$C$30*($C$31-$C$33))*$C$20*$I$44+($C$27*$C$31+$C$22*$C$31+$C$30*($C$31-$C$33))*$C$20*$I$45+($C$27*$C$31+$C$22*$C$44+$C$30*($C$31-$C$33))*$C$20*$I$46 -> 21330995 | K21: =(($C$22*$C$23*(1-$C$26))*$C$72/1000+$C$15*$C$19*8760*$C$75/1000)*$C$20 -> 1742421.2 | L21: =($C$27*$C$74/1000+$C$28*$C$79/1000+$C$15*$C$19*8760*$C$74/1000)*$C$20*$I$43+($C$27*$C$74/1000+$C$28*$C$67/1000+$C$15*$C$19*8760*$C$74/1000)*$C$20*$I$44+($C$27*$C$74/1000+$C$28*$C$78/1000+$C$15*$C$19*8760*$C$74/1000)*$C$20*$I$45+($C$27*$C$74/1000+$C$28*$C$77/1000+$C$15*$C$19*8760*$C$74/1000)*$C$20*$I$46+(J21-I21)*$C$97*$C$98 -> 4691202.9 | O21: =(H21+J21+L21+N21)-(G21+I21+K21+M21) -> 19899128
B22: Energy consumption for space heating | C22: ='Sc0-CBA'!C15 -> 4070 | D22: kWh | F22: 12 | G22: =$C$36*$C$20/(1+$C$53) -> 2027430.5 | H22: =$C$35 -> 0 | I22: =(($C$22*$C$23*(1-$C$26))/$C$24*$C$31*$C$20*$I$43)+(($C$22*$C$40*(1-$C$26))/$C$24*$C$31*$C$20*$I$44)+(($C$22*$C$42*(1-$C$26))/$C$24*$C$31*$C$20*$I$45)+(($C$22*$C$41*(1-$C$26))/$C$24*$C$31*$C$20*$I$46) -> 2353218.5 | J22: =($C$27*$C$31+$C$22*$C$34+$C$30*($C$31-$C$33))*$C$20*$I$43+($C$27*$C$31+$C$22*$C$43+$C$30*($C$31-$C$33))*$C$20*$I$44+($C$27*$C$31+$C$22*$C$31+$C$30*($C$31-$C$33))*$C$20*$I$45+($C$27*$C$31+$C$22*$C$44+$C$30*($C$31-$C$33))*$C$20*$I$46 -> 21330995 | K22: =(($C$22*$C$23*(1-$C$26))*$C$72/1000+$C$15*$C$19*8760*$C$75/1000)*$C$20 -> 1742421.2 | L22: =($C$27*$C$74/1000+$C$28*$C$79/1000+$C$15*$C$19*8760*$C$74/1000)*$C$20*$I$43+($C$27*$C$74/1000+$C$28*$C$67/1000+$C$15*$C$19*8760*$C$74/1000)*$C$20*$I$44+($C$27*$C$74/1000+$C$28*$C$78/1000+$C$15*$C$19*8760*$C$74/1000)*$C$20*$I$45+($C$27*$C$74/1000+$C$28*$C$77/1000+$C$15*$C$19*8760*$C$74/1000)*$C$20*$I$46+(J22-I22)*$C$97*$C$98 -> 4691202.9 | O22: =(H22+J22+L22+N22)-(G22+I22+K22+M22) -> 19899128
